Workbook
Name Contract_ID: LOOKUPS!#REF!
Name Contract_ID: [1]Lookups!#REF!
Name Contract_ID: [1]Lookups!#REF!
Name Contract_ID: [1]Lookups!#REF!
Name Contract_ID: [1]Lookups!#REF!
Name Generator_Name: LOOKUPS!$L$2:$L$33
Name inflation: [2]Inflation!$R$44
Name InfRate: [2]Inflation!$R$45
Name Invoice_Group: LOOKUPS!#REF!
Name Invoice_Group: LOOKUPS!#REF!
Name Invoice_Group: LOOKUPS!#REF!
Name Product: LOOKUPS!#REF!
Name Product: [1]Lookups!$D$3:$D$13
Name Product: [1]Lookups!$D$3:$D$13
Name Product: [1]Lookups!$D$3:$D$13
Name Product: [1]Lookups!$D$3:$D$13
Name Purchase_Sale: LOOKUPS!#REF!
Name Purchase_Sale: [1]Lookups!$J$4:$J$4
Name Purchase_Sale: [1]Lookups!$B$3:$B$4
Name Purchase_Sale: [1]Lookups!$B$3:$B$4
Name Purchase_Sale: [1]Lookups!$B$3:$B$4
Name PwrCsts: '[3]Power Costs'!$A$1
Name Resource_Group: [4]!Table1[Resource Group]
Name Supplier: LOOKUPS!#REF!
Name Supplier: [1]Lookups!#REF!
Name Supplier: [1]Lookups!$J$4:$J$19
Name Supplier: [1]Lookups!$J$4:$J$19
Name Supplier: [1]Lookups!$J$4:$J$19
Name Supplier_ID: LOOKUPS!#REF!
Name Supplier_ID: [1]Lookups!$I$3:$I$18
Name Supplier_ID: [1]Lookups!$K$4:$K$19
Name Supplier_ID: [1]Lookups!$K$4:$K$19
Name Supplier_ID: [1]Lookups!$K$4:$K$19
Name System_Name: [4]!Table2[[#All],[System Name]]

Sheet READ ME
B2: Table of Contents
B4: # | C4: Tab | D4: Change
B5: 1 | C5: LOOKUPS!A1
B6: =1+B5 -> 2 | C6: REC_PRICE_FCST!A1
B7: =1+B6 -> 3 | C7: STD_OFFER_RECs!A1
B8: =1+B7 -> 4 | C8: NM_MWH!A1
B9: =1+B8 -> 5 | C9: REC_SALES_FCST
B10: =1+B9 -> 6 | C10: RES_MWH_FCST!A1
B11: =1+B10 -> 7 | C11: Gap_Chart_Table!A1
B12: =1+B11 -> 8
B13: =1+B12 -> 9
B14: =1+B13 -> 10

Sheet LOSSES_SQL
B2: VELCO Losses | K2: Distribution Losses
K3: Source: S. Farman
B4: Year | C4: Utility Name | D4: UTL | E4: SLAL | F4: TNL | G4: SLAL % | H4: TNL % | I4: VELCO_Losses
B5: 2021 | C5: Barton | D5: -11959.757 | E5: -164.78928 | F5: -70.00231 | G5: 0.013778648 | H5: 0.0057736024 | I5: 0.01955225
B6: 2021 | C6: Enosburg | D6: -22950.31 | E6: -318.17592 | F6: -137.62831 | G6: 0.013863687 | H6: 0.0059147944 | I6: 0.019778482
B7: 2021 | C7: Hardwick | D7: -34756.771 | E7: -1042.7509 | F7: -205.3262 | G7: 0.030001373 | H7: 0.0057354453 | I7: 0.035736819
B8: 2021 | C8: Jacksonville | D8: -5846.237 | E8: -320.68655 | F8: 0 | G8: 0.054853498 | H8: 0 | I8: 0.054853498
B9: 2021 | C9: Johnson | D9: -13436.569 | E9: -0.01807 | F9: -80.29242 | G9: 1.3448374e-06 | H9: 0.0059756558 | I9: 0.0059770007
B10: 2021 | C10: Ludlow | D10: -52956.704 | E10: -1649.5161 | F10: -313.11025 | G10: 0.031148391 | H10: 0.0057339667 | I10: 0.036882358
B11: 2021 | C11: Lyndonville | D11: -59849.77 | E11: -0.08755 | F11: -340.96723 | G11: 1.4628293e-06 | H11: 0.0056970433 | I11: 0.0056985061
B12: 2021 | C12: Morrisville | D12: -40536.008 | E12: -0.06467 | F12: -226.54398 | G12: 1.5953717e-06 | H12: 0.0055887008 | I12: 0.0055902961
B13: 2021 | C13: Northfield | D13: -29192.184 | E13: -875.63464 | F13: -177.92049 | G13: 0.029995517 | H13: 0.0059173062 | I13: 0.035912823
B14: 2021 | C14: Orleans | D14: -13698.743 | E14: -189.12901 | F14: -83.33913 | G14: 0.013806304 | H14: 0.0060008567 | I14: 0.019807161
B15: 2021 | C15: Swanton | D15: -24365.296 | E15: 204.83614 | F15: -184.73988 | G15: -0.0084068808 | H15: 0.0076463727 | I15: -0.00076050816
B16: 2021 | C16: WEC | D16: -15901.371 | E16: -1924.1302 | F16: -98.121 | G16: 0.12100405 | H16: 0.0055045296 | I16: 0.12650858

Sheet LOOKUPS
V1: VPPSA Tier 3 Program Savings
B2: System_Name | C2: System_ID | D2: ISO_Load_Asset_ID | E2: ISO_Customer_ID | F2: RES_%_Share | G2: Std_Offer_% | H2: Std_Offer_VPPSA_% | I2: VT_Loss_% | J2: Dist_Loss_% | L2: Resources_Name | M2: Invoice_Group | N2: Capacity | O2: Group_ID | P2: Unit_ID | Q2: ISO_Asset_ID | R2: Location_ID | S2: Load_Zone_ID | T2: REC_Class | V2: Year | W2: T3 MWH | X2: % of Req. | Y2: $/MWH | AA2: RES Requirements for VPPSA Members (Linked)
B3: Barton | C3: 40010 | D3: 10434 | E3: 50289 | F3: 0.042244645 | G3: 0.002883 | H3: =+G3/SUM($G$3:$G$13) -> 0.048856954 | I3: =+LOSSES_SQL!I5 -> 0.01955225 | J3: 0.119 | L3: BARTON HYDRO | M3: Barton Hydro | N3: 1.3 | O3: 82 | P3: 6 | Q3: 828 | R3: 4447 | S3: 4003 | T3: MA_2 | V3: 2019 | AA3: % of Retail Sales
B4: Enosburg | C4: 40020 | D4: 10434 | E4: 50289 | F4: 0.071956173 | G4: 0.005427 | H4: =+G4/SUM($G$3:$G$13) -> 0.091969022 | I4: =+LOSSES_SQL!I6 -> 0.019778482 | J4: 0.01 | L4: CADYS FALLS | M4: Cadys Falls Hydro | N4: 1.3 | O4: 88 | P4: 27 | Q4: 1165 | R4: 4466 | S4: 4003 | T4: VT_1 | V4: 2020
B5: Hardwick | C5: 20010 | D5: 10434 | E5: 50289 | F5: 0.10367738 | G5: 0.007115 | H5: =+G5/SUM($G$3:$G$13) -> 0.12057483 | I5: =+LOSSES_SQL!I7 -> 0.035736819 | J5: 0.054 | L5: WMA CHESTER SOLAR 1 | M5: Chester Solar | N5: 4.8 | O5: 102 | P5: 58 | Q5: 38287 | R5: 4506 | S5: 4007 | T5: N/A | V5: 2021 | AA5: Year | AB5: 2017 | AC5: 2018 | AD5: 2019 | AE5: =1+AD5 -> 2020 | AF5: =1+AE5 -> 2021 | AG5: =1+AF5 -> 2022 | AH5: =1+AG5 -> 2023 | AI5: =1+AH5 -> 2024 | AJ5: =1+AI5 -> 2025 | AK5: =1+AJ5 -> 2026 | AL5: =1+AK5 -> 2027 | ... BI5: =1+BH5 -> 2050
B6: Jacksonville | C6: 20020 | D6: 10434 | E6: 50289 | F6: 0.015736457 | G6: 0.001021 | H6: =+G6/SUM($G$3:$G$13) -> 0.017302445 | I6: =+LOSSES_SQL!I8 -> 0.054853498 | J6: 0.106 | L6: ENOSBURG HYDRO | M6: Enosburg Falls Hydro | N6: 0.975 | O6: 84 | P6: 8 | Q6: 830 | R6: 4448 | S6: 4003 | T6: VT_1 | V6: 2022 | W6: 14114 | X6: 1 | Y6: 22.63 | AA6: VT_1 | AB6: =+IF([5]SenSit_Dashboard!$F$25="No",AB15,AB24) -> 0.55 | AC6: =+IF([5]SenSit_Dashboard!$F$25="No",AC15,AC24) -> 0.55 | AD6: =+IF([5]SenSit_Dashboard!$F$25="No",AD15,AD24) -> 0.55 | AE6: =+IF([5]SenSit_Dashboard!$F$25="No",AE15,AE24) -> 0.59 | AF6: =+IF([5]SenSit_Dashboard!$F$25="No",AF15,AF24) -> 0.59 | AG6: =+IF([5]SenSit_Dashboard!$F$25="No",AG15,AG24) -> 0.59 | AH6: =+IF([5]SenSit_Dashboard!$F$25="No",AH15,AH24) -> 0.63 | AI6: =+IF([5]SenSit_Dashboard!$F$25="No",AI15,AI24) -> 0.63 | ... BI6: =+IF([5]SenSit_Dashboard!$F$25="No",BI15,BI24) -> 0.75
B7: Johnson | C7: 10030 | D7: 10434 | E7: 50289 | F7: 0.03615272 | G7: 0.002375 | H7: =+G7/SUM($G$3:$G$13) -> 0.040248098 | I7: =+LOSSES_SQL!I9 -> 0.0059770007 | J7: 0.077 | L7: HIGHGATE FALLS | M7: Highgate Hydro #1-4 | N7: 11.392 | O7: 81 | P7: 5 | Q7: 783 | R7: 783 | S7: 4003 | T7: VT_1 | V7: 2023 | W7: =+W6*1.0067 -> 14208.564 | X7: 1 | Y7: =1.03*Y6 -> 23.3089 | AA7: VT_1 - VT_2 | AB7: =+IF([5]SenSit_Dashboard!$F$25="No",AB16,AB25) -> 0.54 | AC7: =+IF([5]SenSit_Dashboard!$F$25="No",AC16,AC25) -> 0.534 | AD7: =+IF([5]SenSit_Dashboard!$F$25="No",AD16,AD25) -> 0.528 | AE7: =+IF([5]SenSit_Dashboard!$F$25="No",AE16,AE25) -> 0.562 | AF7: =+IF([5]SenSit_Dashboard!$F$25="No",AF16,AF25) -> 0.556 | AG7: =+IF([5]SenSit_Dashboard!$F$25="No",AG16,AG25) -> 0.55 | AH7: =+IF([5]SenSit_Dashboard!$F$25="No",AH16,AH25) -> 0.584 | AI7: =+IF([5]SenSit_Dashboard!$F$25="No",AI16,AI25) -> 0.578 | ... BI7: =+IF([5]SenSit_Dashboard!$F$25="No",BI16,BI25) -> 0.65
B8: Ludlow | C8: 10040 | D8: 10434 | E8: 50289 | F8: 0.16090688 | G8: 0.010388 | H8: =+G8/SUM($G$3:$G$13) -> 0.17604094 | I8: =+LOSSES_SQL!I10 -> 0.036882358 | J8: 0.039 | L8: HIGHGATE FALLS #5 | M8: Highgate Hydro #5 | N8: 0.572 | O8: 103 | P8: 62 | Q8: 35237 | R8: 4003 | S8: 4003 | T8: NH_1 | V8: 2024 | W8: =+W7*1.0067 -> 14303.761 | X8: 1 | Y8: =1.03*Y7 -> 24.008167 | AA8: VT_2 | AB8: =+IF([5]SenSit_Dashboard!$F$25="No",AB17,AB26) -> 0.01 | AC8: =+IF([5]SenSit_Dashboard!$F$25="No",AC17,AC26) -> 0.016 | AD8: =+IF([5]SenSit_Dashboard!$F$25="No",AD17,AD26) -> 0.022 | AE8: =+IF([5]SenSit_Dashboard!$F$25="No",AE17,AE26) -> 0.028 | AF8: =+IF([5]SenSit_Dashboard!$F$25="No",AF17,AF26) -> 0.034 | AG8: =+IF([5]SenSit_Dashboard!$F$25="No",AG17,AG26) -> 0.04 | AH8: =+IF([5]SenSit_Dashboard!$F$25="No",AH17,AH26) -> 0.046 | AI8: =+IF([5]SenSit_Dashboard!$F$25="No",AI17,AI26) -> 0.052 | ... BI8: =+IF([5]SenSit_Dashboard!$F$25="No",BI17,BI26) -> 0.1
B9: Lyndonville | C9: 10050 | D9: 10434 | E9: 50289 | F9: 0.17233466 | G9: 0.012334 | H9: =+G9/SUM($G$3:$G$13) -> 0.20901896 | I9: =+LOSSES_SQL!I11 -> 0.0056985061 | J9: 0.034 | L9: BARKER UPPER HYDRO | M9: Kruger Hydro | N9: 1 | O9: 144 | P9: 75 | Q9: 2279 | R9: 4172 | S9: 4001 | T9: N/A | V9: 2025 | W9: =+W8*1.0067 -> 14399.596 | X9: 1 | Y9: =1.03*Y8 -> 24.728412 | AA9: VT_3 | AB9: =+IF([5]SenSit_Dashboard!$F$25="No",AB18,AB27) -> 0 | AC9: =+IF([5]SenSit_Dashboard!$F$25="No",AC18,AC27) -> 0 | AD9: =+IF([5]SenSit_Dashboard!$F$25="No",AD18,AD27) -> 0.02 | AE9: =+IF([5]SenSit_Dashboard!$F$25="No",AE18,AE27) -> 0.02667 | AF9: =+IF([5]SenSit_Dashboard!$F$25="No",AF18,AF27) -> 0.03334 | AG9: =+IF([5]SenSit_Dashboard!$F$25="No",AG18,AG27) -> 0.04001 | AH9: =+IF([5]SenSit_Dashboard!$F$25="No",AH18,AH27) -> 0.04668 | AI9: =+IF([5]SenSit_Dashboard!$F$25="No",AI18,AI27) -> 0.05335 | ... BI9: =+IF([5]SenSit_Dashboard!$F$25="No",BI18,BI27) -> 0.10671
B10: Morrisville | C10: 20030 | D10: 10434 | E10: 50289 | F10: 0.13395546 | G10: 0.009472 | H10: =+G10/SUM($G$3:$G$13) -> 0.16051789 | I10: =+LOSSES_SQL!I12 -> 0.0055902961 | J10: 0.068 | L10: BARKER LOWER HYDRO | M10: Kruger Hydro | N10: 1.5 | O10: 144 | P10: 76 | Q10: 2278 | R10: 4172 | S10: 4001 | T10: N/A | V10: 2026 | W10: =+W9*1.0067 -> 14496.074 | X10: 1 | Y10: =1.03*Y9 -> 25.470264
B11: Northfield | C11: 20040 | D11: 10434 | E11: 50289 | F11: 0.080836042 | G11: 0.005537 | H11: =+G11/SUM($G$3:$G$13) -> 0.093833144 | I11: =+LOSSES_SQL!I13 -> 0.035912823 | J11: 0.037 | L11: BROWNS MILL HYDRO | M11: Kruger Hydro | N11: 0.594 | O11: 144 | P11: 77 | Q11: 2281 | R11: 4150 | S11: 4001 | T11: N/A | V11: 2027 | W11: =+W10*1.0067 -> 14593.197 | X11: 1 | Y11: =1.03*Y10 -> 26.234372 | AA11: RES Requirements for VPPSA Members (Hard)
B12: Orleans | C12: 40040 | D12: 10434 | E12: 50289 | F12: 0.036785394 | G12: 0.002457 | H12: =+G12/SUM($G$3:$G$13) -> 0.041637716 | I12: =+LOSSES_SQL!I14 -> 0.019807161 | J12: 0.06 | L12: GARDINER HYDRO | M12: Kruger Hydro | N12: 1.053 | O12: 144 | P12: 78 | Q12: 2284 | R12: 4162 | S12: 4001 | T12: N/A | V12: 2028 | W12: =+W11*1.0067 -> 14690.972 | X12: 1 | Y12: =1.03*Y11 -> 27.021403 | AA12: % of Retail Sales
B13: Swanton | C13: 40050 | D13: 10434 | E13: 50289 | F13: 0.14541419 | G13: 0 | H13: =+G13/SUM($G$3:$G$13) -> 0 | I13: =+LOSSES_SQL!I15 -> -0.00076050816 | J13: 0.031 | L13: PITTSFIELD HYDRO | M13: Kruger Hydro | N13: 1.1 | O13: 144 | P13: 79 | Q13: 2290 | R13: 4142 | S13: 4001 | T13: N/A | V13: 2029 | W13: =+W12*1.0067 -> 14789.401 | X13: 1 | Y13: =1.03*Y12 -> 27.832046
B14: Ashland | C14: 60050 | D14: 10434 | E14: 50289 | F14: 0 | G14: 0 | H14: =+G14/SUM($G$3:$G$13) -> 0 | I14: 0.02 | J14: 0.05 | L14: BLACKSTONE HYDRO LOAD REDUCER | M14: Kruger Hydro | N14: 1.55 | O14: 144 | P14: 80 | Q14: 1057 | R14: 4217 | S14: 4005 | T14: N/A | V14: 2030 | W14: =+W13*1.0067 -> 14888.49 | X14: 1 | Y14: =1.03*Y13 -> 28.667007 | AA14: Year | AB14: 2017 | AC14: 2018 | AD14: 2019 | AE14: =1+AD14 -> 2020 | AF14: =1+AE14 -> 2021 | AG14: =1+AF14 -> 2022 | AH14: =1+AG14 -> 2023 | AI14: =1+AH14 -> 2024 | AJ14: =1+AI14 -> 2025 | AK14: =1+AJ14 -> 2026 | AL14: =1+AK14 -> 2027 | ... BI14: =1+BH14 -> 2050
B15: New Hampton | C15: 60060 | D15: 10434 | E15: 50289 | F15: 0 | G15: 0 | H15: =+G15/SUM($G$3:$G$13) -> 0 | I15: 0.02 | J15: 0.05 | L15: J C MCNEIL | M15: McNeil Facility | N15: 54 | O15: 79 | P15: 1 | Q15: 474 | R15: 474 | S15: 4003 | T15: CT_1 | V15: 2031 | W15: =+W14*1.0067 -> 14988.243 | X15: 1 | Y15: =1.03*Y14 -> 29.527017 | AA15: VT_1 | AB15: 0.55 | AC15: 0.55 | AD15: 0.55 | AE15: =+AD15+0.04 -> 0.59 | AF15: =+AE15 -> 0.59 | AG15: =+AF15 -> 0.59 | AH15: =+AG15+0.04 -> 0.63 | AI15: =+AH15 -> 0.63 | AJ15: =+AI15 -> 0.63 | AK15: =+AJ15+0.04 -> 0.67 | AL15: =+AK15 -> 0.67 | AM15: =+AL15 -> 0.67 | AN15: =+AM15+0.04 -> 0.71 | AO15: =+AN15 -> 0.71 | AP15: =+AO15 -> 0.71 | AQ15: =+AP15+0.04 -> 0.75 | AR15: =+AQ15 -> 0.75 | AS15: =+AR15 -> 0.75 | AT15: =+AS15 -> 0.75 | AU15: =+AT15 -> 0.75 | AV15: =+AU15 -> 0.75 | AW15: =+AV15 -> 0.75 | AX15: =+AW15 -> 0.75 | AY15: =+AX15 -> 0.75 | ... BI15: =+BH15 -> 0.75
B16: Fox Islands | C16: 60080 | D16: 10434 | E16: 50289 | F16: 0.3 | G16: 0 | H16: =+G16/SUM($G$3:$G$13) -> 0 | I16: 0.009 | J16: 0.05 | L16: MORRISVILLE PLANT #2 | M16: Morrisville Hydro #2 | N16: 1.8 | O16: 89 | P16: 28 | Q16: 1166 | R16: 4466 | S16: 4003 | T16: VT_1 | V16: 2032 | W16: =+W15*1.0067 -> 15088.664 | X16: 1 | Y16: =1.03*Y15 -> 30.412828 | AA16: VT_1 - VT_2 | AB16: =+AB15-AB17 -> 0.54 | AC16: =+AC15-AC17 -> 0.534 | AD16: =+AD15-AD17 -> 0.528 | AE16: =+AE15-AE17 -> 0.562 | AF16: =+AF15-AF17 -> 0.556 | AG16: =+AG15-AG17 -> 0.55 | AH16: =+AH15-AH17 -> 0.584 | AI16: =+AI15-AI17 -> 0.578 | ... BI16: =+BI15-BI17 -> 0.65
L17: SWANTON GT-2 | M17: Project #10 | N17: 20 | O17: 96 | P17: 44 | Q17: 12511 | R17: 12511 | S17: 4003 | T17: N/A | V17: Source: 2022 Tier III Budget | AA17: VT_2 | AB17: 0.01 | AC17: =+AB17+0.006 -> 0.016 | AD17: =+AC17+0.006 -> 0.022 | AE17: =+AD17+0.006 -> 0.028 | AF17: =+AE17+0.006 -> 0.034 | AG17: =+AF17+0.006 -> 0.04 | AH17: =+AG17+0.006 -> 0.046 | AI17: =+AH17+0.006 -> 0.052 | AJ17: =+AI17+0.006 -> 0.058 | ... AQ17: =+AP17+0.006 -> 0.1 | AR17: =+AQ17 -> 0.1 | AS17: =+AR17 -> 0.1 | AT17: =+AS17 -> 0.1 | AU17: =+AT17 -> 0.1 | AV17: =+AU17 -> 0.1 | AW17: =+AV17 -> 0.1 | AX17: =+AW17 -> 0.1 | AY17: =+AX17 -> 0.1 | ... BI17: =+BH17 -> 0.1
L18: SWANTON GT-1 | M18: Project #10 | N18: 20 | O18: 96 | P18: 45 | Q18: 12510 | R18: 12510 | S18: 4003 | T18: N/A | AA18: VT_3 | AB18: 0 | AC18: 0 | AD18: 0.02 | AE18: =+AD18+0.00667 -> 0.02667 | AF18: =+AE18+0.00667 -> 0.03334 | AG18: =+AF18+0.00667 -> 0.04001 | AH18: =+AG18+0.00667 -> 0.04668 | AI18: =+AH18+0.00667 -> 0.05335 | AJ18: =+AI18+0.00667 -> 0.06002 | AK18: =+AJ18+0.00667 -> 0.06669 | AL18: =+AK18+0.00667 -> 0.07336 | ... AQ18: =+AP18+0.00667 -> 0.10671 | AR18: =+AQ18 -> 0.10671 | AS18: =+AR18 -> 0.10671 | AT18: =+AS18 -> 0.10671 | AU18: =+AT18 -> 0.10671 | AV18: =+AU18 -> 0.10671 | AW18: =+AV18 -> 0.10671 | AX18: =+AW18 -> 0.10671 | AY18: =+AX18 -> 0.10671 | ... BI18: =+BH18 -> 0.10671
L19: H.K. SANDERS | M19: Sanders Hydro | N19: 1.8 | O19: 91 | P19: 30 | Q19: 1168 | R19: 4466 | S19: 4003 | T19: VT_1 | V19: Custom Programs
L20: STONY BROOK GT1C | M20: Stony Brook Station | N20: 117.5 | O20: 92 | P20: 33 | Q20: 1187 | R20: 1187 | S20: 4003 | T20: N/A | V20: Utilities fund 100% of custom programs. | AA20: Proposed RES Statute "100% by 2030 & 2X Tier II"
L21: STONY BROOK GT1B | M21: Stony Brook Station | N21: 117 | O21: 92 | P21: 32 | Q21: 1186 | R21: 1186 | S21: 4003 | T21: N/A | V21: No VPPSA-wide custom budget. | AA21: % of Retail Sales
L22: STONY BROOK GT1A | M22: Stony Brook Station | N22: 117.5 | O22: 92 | P22: 31 | Q22: 1185 | R22: 1185 | S22: 4003 | T22: N/A
L23: VAIL & GREAT FALLS | M23: Vail & Great Falls Hydro | N23: 2.022 | O23: 85 | P23: 9 | Q23: 831 | R23: 4446 | S23: 4003 | T23: VT_1 | AA23: Year | AB23: 2017 | AC23: 2018 | AD23: 2019 | AE23: 2020 | AF23: 2021 | AG23: 2022 | AH23: 2023 | AI23: 2024 | AJ23: 2025 | AK23: 2026 | AL23: 2027 | AM23: 2028 | AN23: 2029 | AO23: 2030 | AP23: 2031 | AQ23: 2032 | AR23: 2033 | AS23: 2034 | AT23: 2035 | AU23: 2036 | AV23: 2037 | AW23: 2038 | AX23: 2039 | AY23: 2040 | AZ23: 2041 | BA23: 2042 | BB23: 2043 | BC23: 2044 | BD23: 2045 | BE23: 2046 | BF23: 2047 | BG23: 2048 | BH23: 2049 | BI23: 2050
L24: WOLCOTT HYDRO #1 | M24: Wolcott Hydro | N24: 0.815 | O24: 90 | P24: 29 | Q24: 1167 | R24: 4466 | S24: 4003 | T24: VT_1 | AA24: VT_1 | AB24: 0.55 | AC24: 0.55 | AD24: 0.55 | AE24: 0.59 | AF24: 0.59 | AG24: 0.59 | AH24: 0.65 | AI24: 0.7 | AJ24: 0.75 | AK24: 0.8 | AL24: 0.85 | AM24: 0.9 | AN24: 0.95 | AO24: 1 | AP24: 1 | AQ24: 1 | AR24: 1 | AS24: 1 | AT24: 1 | AU24: 1 | AV24: 1 | AW24: 1 | AX24: 1 | AY24: 1 | AZ24: 1 | BA24: 1 | BB24: 1 | BC24: 1 | BD24: 1 | BE24: 1 | BF24: 1 | BG24: 1 | BH24: 1 | BI24: 1
L25: YARMOUTH 4 | M25: Wyman Station | N25: 619 | O25: 80 | P25: 4 | Q25: 642 | R25: 642 | S25: 4001 | T25: N/A | AA25: VT_1 - VT_2 | AB25: =+AB24-AB26 -> 0.54 | AC25: =+AC24-AC26 -> 0.534 | AD25: =+AD24-AD26 -> 0.528 | AE25: =+AE24-AE26 -> 0.562 | AF25: =+AF24-AF26 -> 0.556 | AG25: =+AG24-AG26 -> 0.55 | AH25: =+AH24-AH26 -> 0.604 | AI25: =+AI24-AI26 -> 0.648 | ... BI25: =+BI24-BI26 -> 0.8
AA26: VT_2 | AB26: =+AB17 -> 0.01 | AC26: =+AC17 -> 0.016 | AD26: =+AD17 -> 0.022 | AE26: =+AE17 -> 0.028 | AF26: =+AF17 -> 0.034 | AG26: =+AG17 -> 0.04 | AH26: =+AH17 -> 0.046 | AI26: =+AI17 -> 0.052 | AJ26: 0.1 | AK26: =0.02+AJ26 -> 0.12 | AL26: =0.02+AK26 -> 0.14 | AM26: =0.02+AL26 -> 0.16 | AN26: =0.02+AM26 -> 0.18 | AO26: =0.02+AN26 -> 0.2 | AP26: =+AO26 -> 0.2 | AQ26: =+AP26 -> 0.2 | AR26: =+AQ26 -> 0.2 | AS26: =+AR26 -> 0.2 | AT26: =+AS26 -> 0.2 | AU26: =+AT26 -> 0.2 | AV26: =+AU26 -> 0.2 | AW26: =+AV26 -> 0.2 | ... BI26: =+BH26 -> 0.2
L27: FITCHBURG LANDFILL | M27: Fitchburg Landfill | N27: 4.8 | O27: 99 | P27: 54 | Q27: 14098 | R27: 4479 | S27: 4007 | T27: MA_1 | AA27: VT_3 | AB27: 0 | AC27: 0 | AD27: 0.02 | AE27: 0.02667 | AF27: 0.03334 | AG27: 0.04001 | AH27: 0.04668 | AI27: 0.05335 | AJ27: 0.06002 | AK27: 0.06669 | AL27: 0.07336 | AM27: 0.08003 | AN27: 0.0867 | AO27: 0.09337 | AP27: 0.10004 | AQ27: 0.10671 | AR27: =+AQ27+0.00667 -> 0.11338 | AS27: =+AR27+0.00667 -> 0.12005 | AT27: =+AS27+0.00667 -> 0.12672 | AU27: =+AT27+0.00667 -> 0.13339 | AV27: =+AU27+0.00667 -> 0.14006 | AW27: =+AV27+0.00667 -> 0.14673 | AX27: =+AW27+0.00667 -> 0.1534 | AY27: =+AX27+0.00667 -> 0.16007 | ... BI27: =+BH27+0.00667 -> 0.22677
L28: HQUS Contract | M28: HQUS Contract | R28: 4013 | T28: VT_1
L29: HQ VJO Contract | M29: HQ VJO Contract | R29: 4013 | T29: VT_1 | AA29: RES Requirements for VPPSA Members
L30: NYPA Niagara Contract | M30: NYPA Niagara Contract | R30: 4011 | T30: VT_1 | AA30: Alternative Compliance Payment ($/MWH)
L31: NYPA St. Lawrence Contract | M31: NYPA St. Lawrence Contract | R31: 4011 | T31: VT_1
L32: RYEGATE 1-NEW | M32: Ryegate Facility | N32: 20.5 | P32: 36 | Q32: 2433 | R32: 2433 | T32: MA_1 | AA32: Year | AB32: 2017 | AC32: 2018 | AD32: 2019 | AE32: =1+AD32 -> 2020 | AF32: =1+AE32 -> 2021 | AG32: =1+AF32 -> 2022 | AH32: =1+AG32 -> 2023 | AI32: =1+AH32 -> 2024 | AJ32: =1+AI32 -> 2025 | AK32: =1+AJ32 -> 2026 | AL32: =1+AK32 -> 2027 | ... BI32: =1+BH32 -> 2050
L33: SEABROOK 2018-22 ON-PEAK | M33: Seabrook 2018-22 Purchase | R33: 4000 | T33: VT_1 | AA33: VT_1 | AB33: 60 | AC33: =1.022*AB33 -> 61.32 | AD33: =1.022*AC33 -> 62.66904 | AE33: =1.022*AD34 -> 10.674626 | AF33: =1.022*AE33 -> 10.909468 | AG33: =1.022*AF33 -> 11.149477 | AH33: =1.022*AG33 -> 11.394765 | AI33: =1.022*AH33 -> 11.64545 | AJ33: =1.022*AI33 -> 11.90165 | AK33: =1.022*AJ33 -> 12.163486 | AL33: =1.022*AK33 -> 12.431083 | AM33: =1.022*AL33 -> 12.704567 | ... BI33: =1.022*BH33 -> 20.505934
L34: SEABROOK 2018-22 OFF-PEAK | M34: Seabrook 2018-22 Purchase | R34: 4000 | T34: VT_1 | AA34: VT_2 | AB34: 10 | AC34: =1.022*AB34 -> 10.22 | AD34: =1.022*AC34 -> 10.44484 | AE34: =1.022*AD33 -> 64.047759 | AF34: =1.022*AE34 -> 65.45681 | AG34: =1.022*AF34 -> 66.896859 | AH34: =1.022*AG34 -> 68.36859 | AI34: =1.022*AH34 -> 69.872699 | AJ34: =1.022*AI34 -> 71.409899 | AK34: =1.022*AJ34 -> 72.980916 | AL34: =1.022*AK34 -> 74.586497 | AM34: =1.022*AL34 -> 76.2274 | ... BI34: =1.022*BH34 -> 123.03561
L35: SEABROOK | M35: Seabrook PPA | R35: 555 | T35: VT_1 | AA35: VT_3 | AB35: 60 | AC35: =1.022*AB35 -> 61.32 | AD35: =1.022*AC35 -> 62.66904 | AE35: =1.022*AD35 -> 64.047759 | AF35: =1.022*AE35 -> 65.45681 | AG35: =1.022*AF35 -> 66.896859 | AH35: =1.022*AG35 -> 68.36859 | AI35: =1.022*AH35 -> 69.872699 | AJ35: =1.022*AI35 -> 71.409899 | ... BI35: =1.022*BH35 -> 123.03561
L36: STANDARD OFFER PROGRAM - LR OLD | M36: Standard Offer Program - LR_Old | R36: 4003 | T36: MA_1
L37: STANDARD OFFER PROGRAM - LR NEW | M37: Standard Offer Program - LR_New | R37: 4003 | T37: MA_1
L38: STANDARD OFFER PROGRAM - SOG | M38: Standard Offer Program - SOG | R38: 4003 | T38: MA_1
L39: VEPPI PROGRAM | M39: VEPPI Program | R39: 4003 | T39: VT_1
B50: RES Requirements for VPPSA Members
B51: % of Retail Sales
B53: Year | C53: 2017 | D53: 2018 | E53: 2019 | F53: =1+E53 -> 2020 | G53: =1+F53 -> 2021 | I53: =1+G53 -> 2022 | J53: =1+I53 -> 2023 | K53: =1+J53 -> 2024 | L53: =1+K53 -> 2025 | M53: =1+L53 -> 2026 | N53: =1+M53 -> 2027 | O53: =1+N53 -> 2028 | P53: =1+O53 -> 2029 | Q53: =1+P53 -> 2030 | ... AA53: =1+Z53 -> 2040
B54: Tier I Requirement Gross | C54: 0.55 | D54: 0.55 | E54: 0.55 | F54: =+E54+0.04 -> 0.59 | G54: =+F54 -> 0.59 | I54: =+G54 -> 0.59 | J54: =+I54+0.04 -> 0.63 | K54: =+J54 -> 0.63 | L54: =+K54 -> 0.63 | M54: =+L54+0.04 -> 0.67 | N54: =+M54 -> 0.67 | O54: =+N54 -> 0.67 | P54: =+O54+0.04 -> 0.71 | Q54: =+P54 -> 0.71 | R54: =+Q54 -> 0.71 | S54: =+R54+0.04 -> 0.75 | T54: =+S54 -> 0.75 | U54: =+T54 -> 0.75 | V54: =+U54 -> 0.75 | W54: =+V54 -> 0.75 | X54: =+W54 -> 0.75 | Y54: =+X54 -> 0.75 | Z54: =+Y54 -> 0.75 | AA54: =+Z54 -> 0.75
B55: Tier I Requirement Net | C55: =+C54-C56 -> 0.54 | D55: =+D54-D56 -> 0.534 | E55: =+E54-E56 -> 0.528 | F55: =+F54-F56 -> 0.562 | G55: =+G54-G56 -> 0.556 | I55: =+I54-I56 -> 0.55 | J55: =+J54-J56 -> 0.584 | K55: =+K54-K56 -> 0.578 | L55: =+L54-L56 -> 0.572 | M55: =+M54-M56 -> 0.606 | N55: =+N54-N56 -> 0.6 | O55: =+O54-O56 -> 0.594 | P55: =+P54-P56 -> 0.628 | ... AA55: =+AA54-AA56 -> 0.65
B56: Tier II Requirement | C56: 0.01 | D56: =+C56+0.006 -> 0.016 | E56: =+D56+0.006 -> 0.022 | F56: =+E56+0.006 -> 0.028 | G56: =+F56+0.006 -> 0.034 | I56: =+G56+0.006 -> 0.04 | J56: =+I56+0.006 -> 0.046 | K56: =+J56+0.006 -> 0.052 | L56: =+K56+0.006 -> 0.058 | M56: =+L56+0.006 -> 0.064 | N56: =+M56+0.006 -> 0.07 | O56: =+N56+0.006 -> 0.076 | P56: =+O56+0.006 -> 0.082 | Q56: =+P56+0.006 -> 0.088 | ... S56: =+R56+0.006 -> 0.1 | T56: =+S56 -> 0.1 | U56: =+T56 -> 0.1 | V56: =+U56 -> 0.1 | W56: =+V56 -> 0.1 | X56: =+W56 -> 0.1 | Y56: =+X56 -> 0.1 | Z56: =+Y56 -> 0.1 | AA56: =+Z56 -> 0.1
B57: Tier III Requirement | C57: 0 | D57: 0 | E57: 0.02 | F57: =+E57+0.00667 -> 0.02667 | G57: =+F57+0.00667 -> 0.03334 | I57: =+G57+0.00667 -> 0.04001 | J57: =+I57+0.00667 -> 0.04668 | K57: =+J57+0.00667 -> 0.05335 | L57: =+K57+0.00667 -> 0.06002 | M57: =+L57+0.00667 -> 0.06669 | N57: =+M57+0.00667 -> 0.07336 | O57: =+N57+0.00667 -> 0.08003 | P57: =+O57+0.00667 -> 0.0867 | Q57: =+P57+0.00667 -> 0.09337 | ... S57: =+R57+0.00667 -> 0.10671 | T57: =+S57 -> 0.10671 | U57: =+T57 -> 0.10671 | V57: =+U57 -> 0.10671 | W57: =+V57 -> 0.10671 | X57: =+W57 -> 0.10671 | Y57: =+X57 -> 0.10671 | Z57: =+Y57 -> 0.10671 | AA57: =+Z57 -> 0.10671
B59: RES Requirements for VPPSA Members
B60: Alternative Compliance Payment ($/MWH)
B62: Year | C62: 2017 | D62: 2018 | E62: 2019 | F62: =1+E62 -> 2020 | G62: =1+F62 -> 2021 | I62: =1+G62 -> 2022 | J62: =1+I62 -> 2023 | K62: =1+J62 -> 2024 | L62: =1+K62 -> 2025 | M62: =1+L62 -> 2026 | N62: =1+M62 -> 2027 | O62: =1+N62 -> 2028 | P62: =1+O62 -> 2029 | Q62: =1+P62 -> 2030 | ... AA62: =1+Z62 -> 2040
B63: VT_1 | C63: 60 | D63: =1.022*C63 -> 61.32 | E63: =1.022*D63 -> 62.66904 | F63: =1.022*E64 -> 10.674626 | G63: =1.022*F63 -> 10.909468 | I63: =1.022*G63 -> 11.149477 | J63: =1.022*I63 -> 11.394765 | K63: =1.022*J63 -> 11.64545 | L63: =1.022*K63 -> 11.90165 | M63: =1.022*L63 -> 12.163486 | N63: =1.022*M63 -> 12.431083 | O63: =1.022*N63 -> 12.704567 | P63: =1.022*O63 -> 12.984067 | Q63: =1.022*P63 -> 13.269717 | ... AA63: =1.022*Z63 -> 16.495694
B64: VT_2 | C64: 10 | D64: =1.022*C64 -> 10.22 | E64: =1.022*D64 -> 10.44484 | F64: =1.022*E63 -> 64.047759 | G64: =1.022*F64 -> 65.45681 | I64: =1.022*G64 -> 66.896859 | J64: =1.022*I64 -> 68.36859 | K64: =1.022*J64 -> 69.872699 | L64: =1.022*K64 -> 71.409899 | M64: =1.022*L64 -> 72.980916 | N64: =1.022*M64 -> 74.586497 | O64: =1.022*N64 -> 76.2274 | P64: =1.022*O64 -> 77.904402 | Q64: =1.022*P64 -> 79.618299 | ... AA64: =1.022*Z64 -> 98.974167
B65: VT_3 | C65: 60 | D65: =1.022*C65 -> 61.32 | E65: =1.022*D65 -> 62.66904 | F65: =1.022*E65 -> 64.047759 | G65: =1.022*F65 -> 65.45681 | I65: =1.022*G65 -> 66.896859 | J65: =1.022*I65 -> 68.36859 | K65: =1.022*J65 -> 69.872699 | L65: =1.022*K65 -> 71.409899 | M65: =1.022*L65 -> 72.980916 | N65: =1.022*M65 -> 74.586497 | O65: =1.022*N65 -> 76.2274 | P65: =1.022*O65 -> 77.904402 | Q65: =1.022*P65 -> 79.618299 | ... AA65: =1.022*Z65 -> 98.974167
B67: 2019 Retail Sales | E67: Net Metering Forecast
B68: System | C68: kWh/Yr | E68: System | F68: kWh | G68: %
B69: Barton | C69: 13564869 | E69: Barton | F69: 122520 | G69: =+F69/$F$80 -> 0.039698329
B70: Enosburg | C70: 26261897 | E70: Enosburg | F70: 254484 | G70: =+F70/$F$80 -> 0.082456657
B71: Hardwick | C71: 33805480 | E71: Hardwick | F71: 1441997 | G71: =+F71/$F$80 -> 0.46722879
B72: Jacksonville | C72: 4906499.3 | E72: Jacksonville | F72: 47640 | G72: =+F72/$F$80 -> 0.015436079
B73: Johnson | C73: 12582507 | E73: Johnson | F73: 21057 | G73: =+F73/$F$80 -> 0.0068227858
B74: Ludlow | C74: 55339512 | E74: Ludlow | F74: 0 | G74: =+F74/$F$80 -> 0
B75: Lyndonville | C75: 57811481 | E75: Lyndonville | F75: 471316 | G75: =+F75/$F$80 -> 0.1527135
B76: Morrisville | C76: 45183937 | E76: Morrisville | F76: 555317 | G76: =+F76/$F$80 -> 0.17993109
B77: Northfield | C77: 28823974 | E77: Northfield | F77: 41630 | G77: =+F77/$F$80 -> 0.013488748
B78: Orleans | C78: 12687982 | E78: Orleans | F78: 19212 | G78: =+F78/$F$80 -> 0.0062249779
B79: Swanton | C79: 53138563 | E79: Swanton | F79: 111103 | G79: =+F79/$F$80 -> 0.035999049
B80: VPPSA Full Members Total | C80: 3.441067e+08 | E80: Total | F80: 3086276 | G80: =+F80/$F$80 -> 1
E81: Actuals: Jly-19 - Jun-20
B84: 2019 Bank After Internal Transactions | C84: MWH
B85: Utility | C85: I | D85: II | E85: III
B86: Barton | C86: 0.2345169 | D86: 242.32351 | E86: 0.12
B87: Enosburg | C87: 1913.4653 | D87: 488.8781 | E87: -0.33
B88: Hardwick | C88: 6870.9658 | D88: 755.90655 | E88: 1663.87
B89: Jacksonville | C89: 434.80646 | D89: 17.939823 | E89: 0.14
B90: Johnson | C90: 3877.1936 | D90: 239.76038 | E90: 0.4
B91: Ludlow | C91: 0.32544605 | D91: -0.43539356 | E91: -0.25
B92: Lyndonville | C92: 5453.804 | D92: 2004.1752 | E92: 0
B93: Morrisville | C93: 22903.136 | D93: 1373.8135 | E93: 0
B94: Northfield | C94: 6811.1486 | D94: 310.06892 | E94: -0.02
B95: Orleans | C95: 3302.5788 | D95: 205.71692 | E95: 0.19
B96: Swanton | C96: 10925 | D96: 481.85257 | E96: -0.17
B97: Total | C97: 62492.658 | D97: 6120 | E97: 1663.95

Sheet REC_PRICE_FCST
B2: REC Price Forecast
B3: Prices are set to the bid side of GT Environmental's price history sheet.
B4: Class | C4: 2021 | D4: =1+C4 -> 2022 | E4: =1+D4 -> 2023 | F4: =1+E4 -> 2024 | G4: =1+F4 -> 2025 | H4: =1+G4 -> 2026 | I4: =1+H4 -> 2027 | J4: =1+I4 -> 2028 | K4: =1+J4 -> 2029 | ... AF4: =1+AE4 -> 2050
B5: MA_1 | C5: =+D5 -> 36 | D5: 36 | E5: =33*[5]SenSit_Dashboard!$F$11 -> 33 | F5: =30*[5]SenSit_Dashboard!$F$11 -> 30 | G5: =30*[5]SenSit_Dashboard!$F$11 -> 30 | H5: =1.03*G5 -> 30.9 | I5: =1.03*H5 -> 31.827 | J5: =1.03*I5 -> 32.78181 | K5: =1.03*J5 -> 33.765264 | L5: =1.03*K5 -> 34.778222 | M5: =1.03*L5 -> 35.821569 | N5: =1.03*M5 -> 36.896216 | O5: =1.03*N5 -> 38.003102 | ... AF5: =1.03*AE5 -> 62.813338
B6: MA_2 | C6: 25 | D6: =+C6-2.5 -> 22.5 | E6: =+D6-2.5 -> 20 | F6: =+E6-2.5 -> 17.5 | G6: =+F6-2.5 -> 15 | H6: =1.03*G6 -> 15.45 | I6: =1.03*H6 -> 15.9135 | J6: =1.03*I6 -> 16.390905 | K6: =1.03*J6 -> 16.882632 | L6: =1.03*K6 -> 17.389111 | M6: =1.03*L6 -> 17.910784 | N6: =1.03*M6 -> 18.448108 | O6: =1.03*N6 -> 19.001551 | ... AF6: =1.03*AE6 -> 31.406669
B7: MA_3 | C7: =+D7 -> 0
B8: CT_1 | C8: =+D8 -> 35 | D8: 35 | E8: =+E5-1 -> 32 | F8: =+F5-1 -> 29 | G8: =+G5-1 -> 29 | H8: =+H5-2.5 -> 28.4 | I8: =+I5-2.5 -> 29.327 | J8: =+J5-2.5 -> 30.28181 | K8: =+K5-2.5 -> 31.265264 | L8: =+L5-2.5 -> 32.278222 | M8: =+M5-2.5 -> 33.321569 | N8: =+N5-2.5 -> 34.396216 | O8: =+O5-2.5 -> 35.503102 | ... AF8: =+AF5-2.5 -> 60.313338
B9: CT_2 | C9: =+D9 -> 0
B10: CT_3 | C10: =+D10 -> 0
B11: RI_1 | C11: =+D11 -> 35 | D11: =+D8 -> 35 | E11: =+E8 -> 32 | F11: =+F8 -> 29 | G11: =+G8 -> 29 | H11: =+H8 -> 28.4 | I11: =+I8 -> 29.327 | J11: =+J8 -> 30.28181 | K11: =+K8 -> 31.265264 | ... AF11: =+AF8 -> 60.313338
B12: RI_2 | C12: =+D12 -> 0
B13: RI_3 | C13: =+D13 -> 0
B14: ME_1 | C14: =+D14 -> 0
B15: ME_2 | C15: =+D15 -> 10 | D15: 10 | E15: =10*[5]SenSit_Dashboard!$F$9 -> 10 | F15: =1.03*E15 -> 10.3 | G15: =1.03*F15 -> 10.609 | H15: =1.03*G15 -> 10.92727 | I15: =1.03*H15 -> 11.255088 | J15: =1.03*I15 -> 11.592741 | K15: =1.03*J15 -> 11.940523 | L15: =1.03*K15 -> 12.298739 | M15: =1.03*L15 -> 12.667701 | ... AF15: =1.03*AE15 -> 22.21289
B16: ME_3 | C16: =+D16 -> 0
B17: NH_1 | C17: =+D17 -> 33.25 | D17: =+D11*0.95 -> 33.25 | E17: =+E11*0.95 -> 30.4 | F17: =+F11*0.95 -> 27.55 | G17: =+G11*0.95 -> 27.55 | H17: =+H11*0.95 -> 26.98 | I17: =+I11*0.95 -> 27.86065 | J17: =+J11*0.95 -> 28.767719 | K17: =+K11*0.95 -> 29.702001 | ... AF17: =+AF11*0.95 -> 57.297671
B18: NH_2 | C18: =+D18 -> 10 | D18: =+D15 -> 10 | E18: =+E15 -> 10 | F18: =+F15 -> 10.3 | G18: =+G15 -> 10.609 | H18: =+H15 -> 10.92727 | I18: =+I15 -> 11.255088 | J18: =+J15 -> 11.592741 | K18: =+K15 -> 11.940523 | ... AF18: =+AF15 -> 22.21289
B19: NH_3 | C19: =+D19 -> 0
B20: VT_1 | C20: =+D20 -> 10 | D20: =D15*[5]SenSit_Dashboard!$F$9 -> 10 | E20: =E15*[5]SenSit_Dashboard!$F$9 -> 10 | F20: =F15*[5]SenSit_Dashboard!$F$9 -> 10.3 | G20: =G15*[5]SenSit_Dashboard!$F$9 -> 10.609 | H20: =H15*[5]SenSit_Dashboard!$F$9 -> 10.92727 | I20: =I15*[5]SenSit_Dashboard!$F$9 -> 11.255088 | J20: =J15*[5]SenSit_Dashboard!$F$9 -> 11.592741 | K20: =K15*[5]SenSit_Dashboard!$F$9 -> 11.940523 | ... AF20: =AF15*[5]SenSit_Dashboard!$F$9 -> 22.21289
B21: VT_2 | C21: =+D21 -> 36 | D21: =D5*[5]SenSit_Dashboard!$F$10 -> 36 | E21: =E5*[5]SenSit_Dashboard!$F$10 -> 33 | F21: =F5*[5]SenSit_Dashboard!$F$10 -> 30 | G21: =G5*[5]SenSit_Dashboard!$F$10 -> 30 | H21: =H5*[5]SenSit_Dashboard!$F$10 -> 30.9 | I21: =I5*[5]SenSit_Dashboard!$F$10 -> 31.827 | J21: =J5*[5]SenSit_Dashboard!$F$10 -> 32.78181 | K21: =K5*[5]SenSit_Dashboard!$F$10 -> 33.765264 | ... AF21: =AF5*[5]SenSit_Dashboard!$F$10 -> 62.813338
B22: VT_3 | C22: =+D22 -> 22.63 | D22: 22.63 | E22: =1.03*D22 -> 23.3089 | F22: =1.03*E22 -> 24.008167 | G22: =1.03*F22 -> 24.728412 | H22: =1.03*G22 -> 25.470264 | I22: =1.03*H22 -> 26.234372 | J22: =1.03*I22 -> 27.021403 | K22: =1.03*J22 -> 27.832046 | L22: =1.03*K22 -> 28.667007 | ... AF22: =1.03*AE22 -> 51.775803
W23: x
W24: x

Sheet STD_OFFER_RECs
A1: Standard Offer REC Generation by Class (MWH)
B3: 2019 | C3: =+B3 -> 2019 | D3: =+C3 -> 2019 | E3: =+D3 -> 2019 | F3: =+E3 -> 2019 | G3: =+F3 -> 2019 | H3: =+G3 -> 2019 | I3: =+H3 -> 2019 | J3: =+I3 -> 2019 | ... M3: =+L3 -> 2019 | N3: 2020 | O3: 2020 | P3: 2020 | Q3: 2020 | R3: 2020 | S3: 2020 | T3: 2020 | U3: 2020 | V3: 2020 | W3: 2020 | X3: 2020 | Y3: 2020 | Z3: 2021 | AA3: 2021 | AB3: 2021 | AC3: 2021 | AD3: 2021 | AE3: 2021 | AF3: 2021 | AG3: 2021 | AH3: 2021 | AI3: 2021 | AJ3: 2021 | AK3: 2021 | AL3: 2022 | AM3: 2022 | AN3: 2022 | AO3: 2022 | AP3: 2022 | AQ3: 2022 | AR3: 2022 | AS3: 2022 | AT3: 2022 | AU3: 2022 | AV3: 2022 | AW3: 2022 | AX3: 2023 | AY3: 2023 | AZ3: 2023 | BA3: 2023 | BB3: 2023 | BC3: 2023 | BD3: 2023 | BE3: 2023 | BF3: 2023 | BG3: 2023 | BH3: 2023 | BI3: 2023 | BJ3: 2024 | BK3: 2024 | BL3: 2024 | BM3: 2024 | BN3: 2024 | BO3: 2024 | BP3: 2024 | BQ3: 2024 | BR3: 2024 | BS3: 2024 | BT3: 2024 | BU3: 2024 | BV3: 2025 | BW3: 2025 | BX3: 2025 | BY3: 2025 | BZ3: 2025 | CA3: 2025 | CB3: 2025 | CC3: 2025 | CD3: 2025 | CE3: 2025 | CF3: 2025 | CG3: 2025 | CH3: 2026 | CI3: 2026 | CJ3: 2026 | CK3: 2026 | CL3: 2026 | CM3: 2026 | CN3: 2026 | CO3: 2026 | CP3: 2026 | CQ3: 2026 | CR3: 2026 | CS3: 2026 | CT3: 2027 | CU3: 2027 | CV3: 2027 | CW3: 2027 | CX3: 2027 | CY3: 2027 | CZ3: 2027 | DA3: 2027 | DB3: 2027 | DC3: 2027 | DD3: 2027 | DE3: 2027 | DF3: 2028 | DG3: 2028 | DH3: 2028 | DI3: 2028 | DJ3: 2028 | DK3: 2028 | DL3: 2028 | DM3: 2028 | DN3: 2028 | DO3: 2028 | DP3: 2028 | DQ3: 2028 | DR3: 2029 | DS3: 2029 | DT3: 2029 | DU3: 2029 | DV3: 2029 | DW3: 2029 | DX3: 2029 | DY3: 2029 | DZ3: 2029 | EA3: 2029 | EB3: 2029 | EC3: 2029 | ED3: 2030 | EE3: 2030 | EF3: 2030 | EG3: 2030 | EH3: 2030 | EI3: 2030 | EJ3: 2030 | EK3: 2030 | EL3: 2030 | EM3: 2030 | EN3: 2030 | EO3: 2030 | EP3: 2031 | EQ3: 2031 | ER3: 2031 | ES3: 2031 | ET3: 2031 | EU3: 2031 | EV3: 2031 | EW3: 2031 | EX3: 2031 | EY3: 2031 | EZ3: 2031 | FA3: 2031 | FB3: 2032 | FC3: 2032 | FD3: 2032 | FE3: 2032 | FF3: 2032 | FG3: 2032 | FH3: 2032 | FI3: 2032 | FJ3: 2032 | FK3: 2032 | FL3: 2032 | FM3: 2032 | FN3: 2033 | FO3: 2033 | FP3: 2033 | FQ3: 2033 | FR3: 2033 | FS3: 2033 | FT3: 2033 | FU3: 2033 | FV3: 2033 | FW3: 2033 | FX3: 2033 | FY3: 2033 | FZ3: 2034 | GA3: 2034 | GB3: 2034 | GC3: 2034 | GD3: 2034 | GE3: 2034 | GF3: 2034 | GG3: 2034 | GH3: 2034 | GI3: 2034 | GJ3: 2034 | GK3: 2034 | GL3: 2035 | GM3: 2035 | GN3: 2035 | GO3: 2035 | GP3: 2035 | GQ3: 2035 | GR3: 2035 | GS3: 2035 | GT3: 2035 | GU3: 2035 | GV3: 2035 | GW3: 2035 | GX3: 2036 | GY3: 2036 | GZ3: 2036 | HA3: 2036 | HB3: 2036 | HC3: 2036 | HD3: 2036 | HE3: 2036 | HF3: 2036 | HG3: 2036 | HH3: 2036 | HI3: 2036 | HJ3: 2037 | HK3: 2037 | HL3: 2037 | HM3: 2037 | HN3: 2037 | HO3: 2037 | HP3: 2037 | HQ3: 2037 | HR3: 2037 | HS3: 2037 | HT3: 2037 | HU3: 2037 | HV3: 2038 | HW3: 2038 | HX3: 2038 | HY3: 2038 | HZ3: 2038 | IA3: 2038 | IB3: 2038 | IC3: 2038 | ID3: 2038 | IE3: 2038 | IF3: 2038 | IG3: 2038 | IH3: 2039 | II3: 2039 | IJ3: 2039 | IK3: 2039 | IL3: 2039 | IM3: 2039 | IN3: 2039 | IO3: 2039 | IP3: 2039 | IQ3: 2039 | IR3: 2039 | IS3: 2039 | IT3: 2040 | IU3: 2040 | IV3: 2040 | IW3: 2040 | IX3: 2040 | IY3: 2040 | IZ3: 2040 | JA3: 2040 | JB3: 2040 | JC3: 2040 | JD3: 2040 | JE3: 2040 | JF3: =+YEAR(JF4) -> 2041 | JG3: =+YEAR(JG4) -> 2041 | JH3: =+YEAR(JH4) -> 2041 | JI3: =+YEAR(JI4) -> 2041 | JJ3: =+YEAR(JJ4) -> 2041 | JK3: =+YEAR(JK4) -> 2041 | JL3: =+YEAR(JL4) -> 2041 | JM3: =+YEAR(JM4) -> 2041 | ... NU3: =+YEAR(NU4) -> 2050
A4: REC | B4: 43466 | C4: =+EOMONTH(B4,0)+1 -> 43497 | D4: =+EOMONTH(C4,0)+1 -> 43525 | E4: =+EOMONTH(D4,0)+1 -> 43556 | F4: =+EOMONTH(E4,0)+1 -> 43586 | G4: =+EOMONTH(F4,0)+1 -> 43617 | H4: =+EOMONTH(G4,0)+1 -> 43647 | I4: =+EOMONTH(H4,0)+1 -> 43678 | J4: =+EOMONTH(I4,0)+1 -> 43709 | ... M4: =+EOMONTH(L4,0)+1 -> 43800 | N4: 43831 | O4: 43862 | P4: 43891 | Q4: 43922 | R4: 43952 | S4: 43983 | T4: 44013 | U4: 44044 | V4: 44075 | W4: 44105 | X4: 44136 | Y4: 44166 | Z4: 44197 | AA4: 44228 | AB4: 44256 | AC4: 44287 | AD4: 44317 | AE4: 44348 | AF4: 44378 | AG4: 44409 | AH4: 44440 | AI4: 44470 | AJ4: 44501 | AK4: 44531 | AL4: 44562 | AM4: 44593 | AN4: 44621 | AO4: 44652 | AP4: 44682 | AQ4: 44713 | AR4: 44743 | AS4: 44774 | AT4: 44805 | AU4: 44835 | AV4: 44866 | AW4: 44896 | AX4: 44927 | AY4: 44958 | AZ4: 44986 | BA4: 45017 | BB4: 45047 | BC4: 45078 | BD4: 45108 | BE4: 45139 | BF4: 45170 | BG4: 45200 | BH4: 45231 | BI4: 45261 | BJ4: 45292 | BK4: 45323 | BL4: 45352 | BM4: 45383 | BN4: 45413 | BO4: 45444 | BP4: 45474 | BQ4: 45505 | BR4: 45536 | BS4: 45566 | BT4: 45597 | BU4: 45627 | BV4: 45658 | BW4: 45689 | BX4: 45717 | BY4: 45748 | BZ4: 45778 | CA4: 45809 | CB4: 45839 | CC4: 45870 | CD4: 45901 | CE4: 45931 | CF4: 45962 | CG4: 45992 | CH4: 46023 | CI4: 46054 | CJ4: 46082 | CK4: 46113 | CL4: 46143 | CM4: 46174 | CN4: 46204 | CO4: 46235 | CP4: 46266 | CQ4: 46296 | CR4: 46327 | CS4: 46357 | CT4: 46388 | CU4: 46419 | CV4: 46447 | CW4: 46478 | CX4: 46508 | CY4: 46539 | CZ4: 46569 | DA4: 46600 | DB4: 46631 | DC4: 46661 | DD4: 46692 | DE4: 46722 | DF4: 46753 | DG4: 46784 | DH4: 46813 | DI4: 46844 | DJ4: 46874 | DK4: 46905 | DL4: 46935 | DM4: 46966 | DN4: 46997 | DO4: 47027 | DP4: 47058 | DQ4: 47088 | DR4: 47119 | DS4: 47150 | DT4: 47178 | DU4: 47209 | DV4: 47239 | DW4: 47270 | DX4: 47300 | DY4: 47331 | DZ4: 47362 | EA4: 47392 | EB4: 47423 | EC4: 47453 | ED4: 47484 | EE4: 47515 | EF4: 47543 | EG4: 47574 | EH4: 47604 | EI4: 47635 | EJ4: 47665 | EK4: 47696 | EL4: 47727 | EM4: 47757 | EN4: 47788 | EO4: 47818 | EP4: 47849 | EQ4: 47880 | ER4: 47908 | ES4: 47939 | ET4: 47969 | EU4: 48000 | EV4: 48030 | EW4: 48061 | EX4: 48092 | EY4: 48122 | EZ4: 48153 | FA4: 48183 | FB4: 48214 | FC4: 48245 | FD4: 48274 | FE4: 48305 | FF4: 48335 | FG4: 48366 | FH4: 48396 | FI4: 48427 | FJ4: 48458 | FK4: 48488 | FL4: 48519 | FM4: 48549 | FN4: 48580 | FO4: 48611 | FP4: 48639 | FQ4: 48670 | FR4: 48700 | FS4: 48731 | FT4: 48761 | FU4: 48792 | FV4: 48823 | FW4: 48853 | FX4: 48884 | FY4: 48914 | FZ4: 48945 | GA4: 48976 | GB4: 49004 | GC4: 49035 | GD4: 49065 | GE4: 49096 | GF4: 49126 | GG4: 49157 | GH4: 49188 | GI4: 49218 | GJ4: 49249 | GK4: 49279 | GL4: 49310 | GM4: 49341 | GN4: 49369 | GO4: 49400 | GP4: 49430 | GQ4: 49461 | GR4: 49491 | GS4: 49522 | GT4: 49553 | GU4: 49583 | GV4: 49614 | GW4: 49644 | GX4: 49675 | GY4: 49706 | GZ4: 49735 | HA4: 49766 | HB4: 49796 | HC4: 49827 | HD4: 49857 | HE4: 49888 | HF4: 49919 | HG4: 49949 | HH4: 49980 | HI4: 50010 | HJ4: 50041 | HK4: 50072 | HL4: 50100 | HM4: 50131 | HN4: 50161 | HO4: 50192 | HP4: 50222 | HQ4: 50253 | HR4: 50284 | HS4: 50314 | HT4: 50345 | HU4: 50375 | HV4: 50406 | HW4: 50437 | HX4: 50465 | HY4: 50496 | HZ4: 50526 | IA4: 50557 | IB4: 50587 | IC4: 50618 | ID4: 50649 | IE4: 50679 | IF4: 50710 | IG4: 50740 | IH4: 50771 | II4: 50802 | IJ4: 50830 | IK4: 50861 | IL4: 50891 | IM4: 50922 | IN4: 50952 | IO4: 50983 | IP4: 51014 | IQ4: 51044 | IR4: 51075 | IS4: 51105 | IT4: 51136 | IU4: 51167 | IV4: 51196 | IW4: 51227 | IX4: 51257 | IY4: 51288 | IZ4: 51318 | JA4: 51349 | JB4: 51380 | JC4: 51410 | JD4: 51441 | JE4: 51471 | JF4: =+EOMONTH(JE4,0)+1 -> 51502 | JG4: =+EOMONTH(JF4,0)+1 -> 51533 | JH4: =+EOMONTH(JG4,0)+1 -> 51561 | JI4: =+EOMONTH(JH4,0)+1 -> 51592 | JJ4: =+EOMONTH(JI4,0)+1 -> 51622 | JK4: =+EOMONTH(JJ4,0)+1 -> 51653 | JL4: =+EOMONTH(JK4,0)+1 -> 51683 | JM4: =+EOMONTH(JL4,0)+1 -> 51714 | ... NU4: =+EOMONTH(NT4,0)+1 -> 55123
A5: VT_1 | D5: 59 | G5: 43 | J5: 15 | M5: 32 | Y5: 29 | Z5: =1.1*N5 -> 0 | AA5: =1.1*O5 -> 0 | AB5: 39 | AC5: =1.1*Q5 -> 0 | AD5: =1.1*R5 -> 0 | AE5: 27 | AF5: =1.1*T5 -> 0 | AG5: =1.1*U5 -> 0 | AH5: 12 | AI5: =1.1*W5 -> 0 | AJ5: =1.1*X5 -> 0 | AK5: =1.1*Y5 -> 31.9 | AL5: =1.1*Z5 -> 0 | AM5: =1.1*AA5 -> 0 | AN5: =1.05*AB5 -> 40.95 | AO5: =1.05*AC5 -> 0 | AP5: =1.05*AD5 -> 0 | AQ5: =1.05*AE5 -> 28.35 | AR5: =1.05*AF5 -> 0 | AS5: =1.05*AG5 -> 0 | AT5: =1.05*AH5 -> 12.6 | AU5: =1.05*AI5 -> 0 | ... BU5: =1.05*BI5 -> 36.928238 | BV5: =+BJ5 -> 0 | BW5: =+BK5 -> 0 | BX5: =+BL5 -> 45.147375 | BY5: =+BM5 -> 0 | BZ5: =+BN5 -> 0 | CA5: =+BO5 -> 31.255875 | CB5: =+BP5 -> 0 | CC5: =+BQ5 -> 0 | ... EC5: =+DQ5 -> 36.928238 | ED5: =+DR5*0.97 -> 0 | EE5: =+DS5*0.97 -> 0 | EF5: =+DT5*0.97 -> 43.792954 | EG5: =+DU5*0.97 -> 0 | EH5: =+DV5*0.97 -> 0 | EI5: =+DW5*0.97 -> 30.318199 | EJ5: =+DX5*0.97 -> 0 | EK5: =+DY5*0.97 -> 0 | ... IS5: =+IG5*0.97 -> 27.231773 | IT5: =+IH5*0.9 -> 0 | IU5: =+II5*0.9 -> 0 | IV5: =+IJ5*0.9 -> 29.963487 | IW5: =+IK5*0.9 -> 0 | IX5: =+IL5*0.9 -> 0 | IY5: =+IM5*0.9 -> 20.743953 | IZ5: =+IN5*0.9 -> 0 | JA5: =+IO5*0.9 -> 0 | ... KC5: =+JQ5*0.9 -> 19.851963
A6: VT_2 | D6: 350 | G6: 611 | J6: 644 | M6: 365 | Y6: 297 | Z6: =1.1*N6 -> 0 | AA6: =1.1*O6 -> 0 | AB6: 372 | AC6: =1.1*Q6 -> 0 | AD6: =1.1*R6 -> 0 | AE6: 697 | AF6: =1.1*T6 -> 0 | AG6: =1.1*U6 -> 0 | AH6: 657 | AI6: =1.1*W6 -> 0 | AJ6: =1.1*X6 -> 0 | AK6: =1.1*Y6 -> 326.7 | AL6: =1.1*Z6 -> 0 | AM6: =1.1*AA6 -> 0 | AN6: =1.05*AB6 -> 390.6 | AO6: =1.05*AC6 -> 0 | AP6: =1.05*AD6 -> 0 | AQ6: =1.05*AE6 -> 731.85 | AR6: =1.05*AF6 -> 0 | AS6: =1.05*AG6 -> 0 | AT6: =1.05*AH6 -> 689.85 | AU6: =1.05*AI6 -> 0 | ... BU6: =1.05*BI6 -> 378.19609 | BV6: =+BJ6 -> 0 | BW6: =+BK6 -> 0 | BX6: =+BL6 -> 430.6365 | BY6: =+BM6 -> 0 | BZ6: =+BN6 -> 0 | CA6: =+BO6 -> 806.86463 | CB6: =+BP6 -> 0 | CC6: =+BQ6 -> 0 | ... EC6: =+DQ6 -> 378.19609 | ED6: =+DR6*0.97 -> 0 | EE6: =+DS6*0.97 -> 0 | EF6: =+DT6*0.97 -> 417.71741 | EG6: =+DU6*0.97 -> 0 | EH6: =+DV6*0.97 -> 0 | EI6: =+DW6*0.97 -> 782.65869 | EJ6: =+DX6*0.97 -> 0 | EK6: =+DY6*0.97 -> 0 | ... IS6: =+IG6*0.97 -> 278.89092 | IT6: =+IH6*0.9 -> 0 | IU6: =+II6*0.9 -> 0 | IV6: =+IJ6*0.9 -> 285.80557 | IW6: =+IK6*0.9 -> 0 | IX6: =+IL6*0.9 -> 0 | IY6: =+IM6*0.9 -> 535.5013 | IZ6: =+IN6*0.9 -> 0 | JA6: =+IO6*0.9 -> 0 | ... KC6: =+JQ6*0.9 -> 203.31148
A7: MA_1 | D7: 689 | G7: 1321 | J7: 1287 | M7: 544 | Y7: 510 | Z7: =1.1*N7 -> 0 | AA7: =1.1*O7 -> 0 | AB7: 544 | AC7: =1.1*Q7 -> 0 | AD7: =1.1*R7 -> 0 | AE7: 1181 | AF7: =1.1*T7 -> 0 | AG7: =1.1*U7 -> 0 | AH7: 1622 | AI7: =1.1*W7 -> 0 | AJ7: =1.1*X7 -> 0 | AK7: =1.1*Y7 -> 561 | AL7: =1.1*Z7 -> 0 | AM7: =1.1*AA7 -> 0 | AN7: =1.05*AB7 -> 571.2 | AO7: =1.05*AC7 -> 0 | AP7: =1.05*AD7 -> 0 | AQ7: =1.05*AE7 -> 1240.05 | AR7: =1.05*AF7 -> 0 | AS7: =1.05*AG7 -> 0 | AT7: =1.05*AH7 -> 1703.1 | AU7: =1.05*AI7 -> 0 | ... BU7: =1.05*BI7 -> 649.42763 | BV7: =+BJ7 -> 0 | BW7: =+BK7 -> 0 | BX7: =+BL7 -> 629.748 | BY7: =+BM7 -> 0 | BZ7: =+BN7 -> 0 | CA7: =+BO7 -> 1367.1551 | CB7: =+BP7 -> 0 | CC7: =+BQ7 -> 0 | ... EC7: =+DQ7 -> 649.42763 | ED7: =+DR7*0.97 -> 0 | EE7: =+DS7*0.97 -> 0 | EF7: =+DT7*0.97 -> 610.85556 | EG7: =+DU7*0.97 -> 0 | EH7: =+DV7*0.97 -> 0 | EI7: =+DW7*0.97 -> 1326.1405 | EJ7: =+DX7*0.97 -> 0 | EK7: =+DY7*0.97 -> 0 | ... IS7: =+IG7*0.97 -> 478.9036 | IT7: =+IH7*0.9 -> 0 | IU7: =+II7*0.9 -> 0 | IV7: =+IJ7*0.9 -> 417.95223 | IW7: =+IK7*0.9 -> 0 | IX7: =+IL7*0.9 -> 0 | IY7: =+IM7*0.9 -> 907.35586 | IZ7: =+IN7*0.9 -> 0 | JA7: =+IO7*0.9 -> 0 | ... KC7: =+JQ7*0.9 -> 349.12072
A8: Source: | B8: 2019 Actual Standard Offer REC Distributions.xlsx | AJ8: <--- Actuals | AK8: Formula --->
B12: 2020 | C12: =1+B12 -> 2021 | D12: =1+C12 -> 2022 | E12: =1+D12 -> 2023 | F12: =1+E12 -> 2024 | G12: =1+F12 -> 2025 | H12: =1+G12 -> 2026 | I12: =1+H12 -> 2027 | J12: =1+I12 -> 2028 | ... AF12: =1+AE12 -> 2050
A13: REC
A14: VT_1 | B14: =+SUMIF($N$3:$JE$3,B$12,$N5:$JE5) -> 29 | C14: =+SUMIF($N$3:$JE$3,C$12,$N5:$JE5) -> 109.9 | D14: =+SUMIF($N$3:$JE$3,D$12,$N5:$JE5) -> 115.395 | E14: =+SUMIF($N$3:$JE$3,E$12,$N5:$JE5) -> 121.16475 | F14: =+SUMIF($N$3:$JE$3,F$12,$N5:$JE5) -> 127.22299 | G14: =+SUMIF($N$3:$JE$3,G$12,$N5:$JE5) -> 127.22299 | H14: =+SUMIF($N$3:$JE$3,H$12,$N5:$JE5) -> 127.22299 | I14: =+SUMIF($N$3:$JE$3,I$12,$N5:$JE5) -> 127.22299 | ... AF14: =+SUMIF($N$3:$JE$3,AF$12,$N5:$JE5) -> 0
A15: VT_2 | B15: =+SUMIF($N$3:$JE$3,B$12,$N6:$JE6) -> 297 | C15: =+SUMIF($N$3:$JE$3,C$12,$N6:$JE6) -> 2052.7 | D15: =+SUMIF($N$3:$JE$3,D$12,$N6:$JE6) -> 2155.335 | E15: =+SUMIF($N$3:$JE$3,E$12,$N6:$JE6) -> 2263.1018 | F15: =+SUMIF($N$3:$JE$3,F$12,$N6:$JE6) -> 2376.2568 | G15: =+SUMIF($N$3:$JE$3,G$12,$N6:$JE6) -> 2376.2568 | H15: =+SUMIF($N$3:$JE$3,H$12,$N6:$JE6) -> 2376.2568 | I15: =+SUMIF($N$3:$JE$3,I$12,$N6:$JE6) -> 2376.2568 | ... AF15: =+SUMIF($N$3:$JE$3,AF$12,$N6:$JE6) -> 0
A16: MA_1 | B16: =+SUMIF($N$3:$JE$3,B$12,$N7:$JE7) -> 510 | C16: =+SUMIF($N$3:$JE$3,C$12,$N7:$JE7) -> 3908 | D16: =+SUMIF($N$3:$JE$3,D$12,$N7:$JE7) -> 4103.4 | E16: =+SUMIF($N$3:$JE$3,E$12,$N7:$JE7) -> 4308.57 | F16: =+SUMIF($N$3:$JE$3,F$12,$N7:$JE7) -> 4523.9985 | G16: =+SUMIF($N$3:$JE$3,G$12,$N7:$JE7) -> 4523.9985 | H16: =+SUMIF($N$3:$JE$3,H$12,$N7:$JE7) -> 4523.9985 | I16: =+SUMIF($N$3:$JE$3,I$12,$N7:$JE7) -> 4523.9985 | ... AF16: =+SUMIF($N$3:$JE$3,AF$12,$N7:$JE7) -> 0

Sheet NM_MWH
A1: Net Metering MWH Forecast - Tier II Only | Z1: CAGR =
Z2: 0.01
B3: =+STD_OFFER_RECs!N3 -> 2020 | C3: =+STD_OFFER_RECs!O3 -> 2020 | D3: =+STD_OFFER_RECs!P3 -> 2020 | E3: =+STD_OFFER_RECs!Q3 -> 2020 | F3: =+STD_OFFER_RECs!R3 -> 2020 | G3: =+STD_OFFER_RECs!S3 -> 2020 | H3: =+STD_OFFER_RECs!T3 -> 2020 | I3: =+STD_OFFER_RECs!U3 -> 2020 | ... NI3: =+STD_OFFER_RECs!NU3 -> 2050 | NK3: 2020 | NL3: =1+NK3 -> 2021 | NM3: =1+NL3 -> 2022 | NN3: =1+NM3 -> 2023 | NO3: =1+NN3 -> 2024 | NP3: =1+NO3 -> 2025 | NQ3: =1+NP3 -> 2026 | NR3: =1+NQ3 -> 2027 | NS3: =1+NR3 -> 2028 | ... OO3: =1+ON3 -> 2050
A4: Utility | B4: =+STD_OFFER_RECs!N4 -> 43831 | C4: =+STD_OFFER_RECs!O4 -> 43862 | D4: =+STD_OFFER_RECs!P4 -> 43891 | E4: =+STD_OFFER_RECs!Q4 -> 43922 | F4: =+STD_OFFER_RECs!R4 -> 43952 | G4: =+STD_OFFER_RECs!S4 -> 43983 | H4: =+STD_OFFER_RECs!T4 -> 44013 | I4: =+STD_OFFER_RECs!U4 -> 44044 | ... NI4: =+STD_OFFER_RECs!NU4 -> 55123
A5: Barton | B5: 2.849 | C5: 2.233 | D5: 5.873 | E5: 11.022 | F5: 12.625 | G5: 20.741 | H5: 15.965 | I5: 14.7 | J5: 16.057 | K5: 9.343 | L5: 8.575 | M5: 2.537 | N5: 2.638 | O5: 1.411 | P5: 5.709 | Q5: 20.254 | R5: 12.589 | S5: 24.538 | T5: 25.143 | U5: 18.708 | V5: 42.944 | W5: 18.975 | X5: 13.456 | Y5: 7.056 | Z5: =+N5*(1+$Z$2) -> 2.66438 | AA5: =+O5*(1+$Z$2) -> 1.42511 | AB5: =+P5*(1+$Z$2) -> 5.76609 | AC5: =+Q5*(1+$Z$2) -> 20.45654 | AD5: =+R5*(1+$Z$2) -> 12.71489 | AE5: =+S5*(1+$Z$2) -> 24.78338 | AF5: =+T5*(1+$Z$2) -> 25.39443 | AG5: =+U5*(1+$Z$2) -> 18.89508 | ... NI5: =+MW5*(1+$Z$2) -> 9.4162594 | NK5: =+SUMIF($B$3:$NI$3,NK$3,$B5:$NI5) -> 122.52 | NL5: =+SUMIF($B$3:$NI$3,NL$3,$B5:$NI5) -> 193.421 | NM5: =+SUMIF($B$3:$NI$3,NM$3,$B5:$NI5) -> 195.35521 | NN5: =+SUMIF($B$3:$NI$3,NN$3,$B5:$NI5) -> 197.30876 | NO5: =+SUMIF($B$3:$NI$3,NO$3,$B5:$NI5) -> 199.28185 | NP5: =+SUMIF($B$3:$NI$3,NP$3,$B5:$NI5) -> 201.27467 | NQ5: =+SUMIF($B$3:$NI$3,NQ$3,$B5:$NI5) -> 203.28741 | NR5: =+SUMIF($B$3:$NI$3,NR$3,$B5:$NI5) -> 205.32029 | ... OO5: =+SUMIF($B$3:$NI$3,OO$3,$B5:$NI5) -> 258.12107
A6: Enosburg | B6: 3.171 | C6: 2.217 | D6: 20.417 | E6: 34.782 | F6: 45.109 | G6: 54.849 | H6: 16.505 | I6: 17.572 | J6: 15.277 | K6: 12.182 | L6: 27.485 | M6: 4.918 | N6: 3.174 | O6: 0.929 | P6: 21.606 | Q6: 41.918 | R6: 45.656 | S6: 55.814 | T6: 43.775 | U6: 45.382 | V6: 38.066 | W6: 25.386 | X6: 18.878 | Y6: 9.11 | Z6: =+N6*(1+$Z$2) -> 3.20574 | AA6: =+O6*(1+$Z$2) -> 0.93829 | AB6: =+P6*(1+$Z$2) -> 21.82206 | AC6: =+Q6*(1+$Z$2) -> 42.33718 | AD6: =+R6*(1+$Z$2) -> 46.11256 | AE6: =+S6*(1+$Z$2) -> 56.37214 | AF6: =+T6*(1+$Z$2) -> 44.21275 | AG6: =+U6*(1+$Z$2) -> 45.83582 | ... NI6: =+MW6*(1+$Z$2) -> 12.15733 | NK6: =+SUMIF($B$3:$NI$3,NK$3,$B6:$NI6) -> 254.484 | NL6: =+SUMIF($B$3:$NI$3,NL$3,$B6:$NI6) -> 349.694 | NM6: =+SUMIF($B$3:$NI$3,NM$3,$B6:$NI6) -> 353.19094 | NN6: =+SUMIF($B$3:$NI$3,NN$3,$B6:$NI6) -> 356.72285 | NO6: =+SUMIF($B$3:$NI$3,NO$3,$B6:$NI6) -> 360.29008 | NP6: =+SUMIF($B$3:$NI$3,NP$3,$B6:$NI6) -> 363.89298 | NQ6: =+SUMIF($B$3:$NI$3,NQ$3,$B6:$NI6) -> 367.53191 | NR6: =+SUMIF($B$3:$NI$3,NR$3,$B6:$NI6) -> 371.20723 | ... OO6: =+SUMIF($B$3:$NI$3,OO$3,$B6:$NI6) -> 466.668
A7: Hardwick | B7: 33.304 | C7: 47.141 | D7: 112.485 | E7: 203.458 | F7: 202.385 | G7: 258.481 | H7: 101.538 | I7: 107.726 | J7: 95.831 | K7: 91.484 | L7: 140.447 | M7: 47.717 | N7: 29.986 | O7: 37.572 | P7: 132.049 | Q7: 205.316 | R7: 207.972 | S7: 275.175 | T7: 227.623 | U7: 259.166 | V7: 195.881 | W7: 159.449 | X7: 120.667 | Y7: 75.335 | Z7: =+N7*(1+$Z$2) -> 30.28586 | AA7: =+O7*(1+$Z$2) -> 37.94772 | AB7: =+P7*(1+$Z$2) -> 133.36949 | AC7: =+Q7*(1+$Z$2) -> 207.36916 | AD7: =+R7*(1+$Z$2) -> 210.05172 | AE7: =+S7*(1+$Z$2) -> 277.92675 | AF7: =+T7*(1+$Z$2) -> 229.89923 | AG7: =+U7*(1+$Z$2) -> 261.75766 | ... NI7: =+MW7*(1+$Z$2) -> 100.53485 | NK7: =+SUMIF($B$3:$NI$3,NK$3,$B7:$NI7) -> 1441.997 | NL7: =+SUMIF($B$3:$NI$3,NL$3,$B7:$NI7) -> 1926.191 | NM7: =+SUMIF($B$3:$NI$3,NM$3,$B7:$NI7) -> 1945.4529 | NN7: =+SUMIF($B$3:$NI$3,NN$3,$B7:$NI7) -> 1964.9074 | NO7: =+SUMIF($B$3:$NI$3,NO$3,$B7:$NI7) -> 1984.5565 | NP7: =+SUMIF($B$3:$NI$3,NP$3,$B7:$NI7) -> 2004.4021 | NQ7: =+SUMIF($B$3:$NI$3,NQ$3,$B7:$NI7) -> 2024.4461 | NR7: =+SUMIF($B$3:$NI$3,NR$3,$B7:$NI7) -> 2044.6906 | ... OO7: =+SUMIF($B$3:$NI$3,OO$3,$B7:$NI7) -> 2570.5094
A8: Jacksonville | B8: 1.117 | C8: 1.431 | D8: 3.141 | E8: 4.058 | F8: 5.467 | G8: 6.81 | H8: 5.835 | I8: 5.597 | J8: 5.616 | K8: 4.092 | L8: 2.907 | M8: 1.569 | N8: 1.166 | O8: 0.33 | P8: 2.937 | Q8: 6.801 | R8: 5.922 | S8: 8.192 | T8: 6.353 | U8: 6.954 | V8: 5.782 | W8: 4.865 | X8: 4.42 | Y8: 2.1 | Z8: =+N8*(1+$Z$2) -> 1.17766 | AA8: =+O8*(1+$Z$2) -> 0.3333 | AB8: =+P8*(1+$Z$2) -> 2.96637 | AC8: =+Q8*(1+$Z$2) -> 6.86901 | AD8: =+R8*(1+$Z$2) -> 5.98122 | AE8: =+S8*(1+$Z$2) -> 8.27392 | AF8: =+T8*(1+$Z$2) -> 6.41653 | AG8: =+U8*(1+$Z$2) -> 7.02354 | ... NI8: =+MW8*(1+$Z$2) -> 2.8024581 | NK8: =+SUMIF($B$3:$NI$3,NK$3,$B8:$NI8) -> 47.64 | NL8: =+SUMIF($B$3:$NI$3,NL$3,$B8:$NI8) -> 55.822 | NM8: =+SUMIF($B$3:$NI$3,NM$3,$B8:$NI8) -> 56.38022 | NN8: =+SUMIF($B$3:$NI$3,NN$3,$B8:$NI8) -> 56.944022 | NO8: =+SUMIF($B$3:$NI$3,NO$3,$B8:$NI8) -> 57.513462 | NP8: =+SUMIF($B$3:$NI$3,NP$3,$B8:$NI8) -> 58.088597 | NQ8: =+SUMIF($B$3:$NI$3,NQ$3,$B8:$NI8) -> 58.669483 | NR8: =+SUMIF($B$3:$NI$3,NR$3,$B8:$NI8) -> 59.256178 | ... OO8: =+SUMIF($B$3:$NI$3,OO$3,$B8:$NI8) -> 74.494675
A9: Johnson | B9: 0.519 | C9: 1.016 | D9: 1.857 | E9: 1.823 | F9: 2.275 | G9: 2.763 | H9: 2.512 | I9: 2.636 | J9: 2.626 | K9: 1.56 | L9: 1.045 | M9: 0.425 | N9: 0.333 | O9: 0.832 | P9: 1.967 | Q9: 2.062 | R9: 2.185 | S9: 2.508 | T9: 1.873 | U9: 2.338 | V9: 2.087 | W9: 1.322 | X9: 1.221 | Y9: 0.759 | Z9: =+N9*(1+$Z$2) -> 0.33633 | AA9: =+O9*(1+$Z$2) -> 0.84032 | AB9: =+P9*(1+$Z$2) -> 1.98667 | AC9: =+Q9*(1+$Z$2) -> 2.08262 | AD9: =+R9*(1+$Z$2) -> 2.20685 | AE9: =+S9*(1+$Z$2) -> 2.53308 | AF9: =+T9*(1+$Z$2) -> 1.89173 | AG9: =+U9*(1+$Z$2) -> 2.36138 | ... NI9: =+MW9*(1+$Z$2) -> 1.0128884 | NK9: =+SUMIF($B$3:$NI$3,NK$3,$B9:$NI9) -> 21.057 | NL9: =+SUMIF($B$3:$NI$3,NL$3,$B9:$NI9) -> 19.487 | NM9: =+SUMIF($B$3:$NI$3,NM$3,$B9:$NI9) -> 19.68187 | NN9: =+SUMIF($B$3:$NI$3,NN$3,$B9:$NI9) -> 19.878689 | NO9: =+SUMIF($B$3:$NI$3,NO$3,$B9:$NI9) -> 20.077476 | NP9: =+SUMIF($B$3:$NI$3,NP$3,$B9:$NI9) -> 20.27825 | NQ9: =+SUMIF($B$3:$NI$3,NQ$3,$B9:$NI9) -> 20.481033 | NR9: =+SUMIF($B$3:$NI$3,NR$3,$B9:$NI9) -> 20.685843 | ... OO9: =+SUMIF($B$3:$NI$3,OO$3,$B9:$NI9) -> 26.005477
A10: Ludlow | B10: 0 | C10: 0 | D10: 0 | E10: 0 | F10: 0 | G10: 0 | H10: 0 | I10: 0 | J10: 0 | K10: 0 | L10: 0 | M10: 0 | N10: 0.364 | O10: 0.294 | P10: 0.559 | Q10: 0.458 | R10: 0.542 | S10: 0.526 | T10: 0.785 | U10: 3.218 | V10: 2.836 | W10: 2.388 | X10: 2.385 | Y10: 1.316 | Z10: =+N10*(1+$Z$2) -> 0.36764 | AA10: =+O10*(1+$Z$2) -> 0.29694 | AB10: =+P10*(1+$Z$2) -> 0.56459 | AC10: =+Q10*(1+$Z$2) -> 0.46258 | AD10: =+R10*(1+$Z$2) -> 0.54742 | AE10: =+S10*(1+$Z$2) -> 0.53126 | AF10: =+T10*(1+$Z$2) -> 0.79285 | AG10: =+U10*(1+$Z$2) -> 3.25018 | ... NI10: =+MW10*(1+$Z$2) -> 1.7562071 | NK10: =+SUMIF($B$3:$NI$3,NK$3,$B10:$NI10) -> 0 | NL10: =+SUMIF($B$3:$NI$3,NL$3,$B10:$NI10) -> 15.671 | NM10: =+SUMIF($B$3:$NI$3,NM$3,$B10:$NI10) -> 15.82771 | NN10: =+SUMIF($B$3:$NI$3,NN$3,$B10:$NI10) -> 15.985987 | NO10: =+SUMIF($B$3:$NI$3,NO$3,$B10:$NI10) -> 16.145847 | NP10: =+SUMIF($B$3:$NI$3,NP$3,$B10:$NI10) -> 16.307305 | NQ10: =+SUMIF($B$3:$NI$3,NQ$3,$B10:$NI10) -> 16.470378 | NR10: =+SUMIF($B$3:$NI$3,NR$3,$B10:$NI10) -> 16.635082 | ... OO10: =+SUMIF($B$3:$NI$3,OO$3,$B10:$NI10) -> 20.91301
A11: Lyndonville | B11: 7.417 | C11: 13.135 | D11: 30.523 | E11: 50.747 | F11: 60.234 | G11: 67.746 | H11: 49.473 | I11: 62.431 | J11: 52.569 | K11: 39.661 | L11: 24.673 | M11: 12.707 | N11: 10.062 | O11: 9.768 | P11: 38.698 | Q11: 65.808 | R11: 59.943 | S11: 77.802 | T11: 71.461 | U11: 62.417 | V11: 67.576 | W11: 44.215 | X11: 38.012 | Y11: 18.442 | Z11: =+N11*(1+$Z$2) -> 10.16262 | AA11: =+O11*(1+$Z$2) -> 9.86568 | AB11: =+P11*(1+$Z$2) -> 39.08498 | AC11: =+Q11*(1+$Z$2) -> 66.46608 | AD11: =+R11*(1+$Z$2) -> 60.54243 | AE11: =+S11*(1+$Z$2) -> 78.58002 | AF11: =+T11*(1+$Z$2) -> 72.17561 | AG11: =+U11*(1+$Z$2) -> 63.04117 | ... NI11: =+MW11*(1+$Z$2) -> 24.61092 | NK11: =+SUMIF($B$3:$NI$3,NK$3,$B11:$NI11) -> 471.316 | NL11: =+SUMIF($B$3:$NI$3,NL$3,$B11:$NI11) -> 564.204 | NM11: =+SUMIF($B$3:$NI$3,NM$3,$B11:$NI11) -> 569.84604 | NN11: =+SUMIF($B$3:$NI$3,NN$3,$B11:$NI11) -> 575.5445 | NO11: =+SUMIF($B$3:$NI$3,NO$3,$B11:$NI11) -> 581.29995 | NP11: =+SUMIF($B$3:$NI$3,NP$3,$B11:$NI11) -> 587.11294 | NQ11: =+SUMIF($B$3:$NI$3,NQ$3,$B11:$NI11) -> 592.98407 | NR11: =+SUMIF($B$3:$NI$3,NR$3,$B11:$NI11) -> 598.91392 | ... OO11: =+SUMIF($B$3:$NI$3,OO$3,$B11:$NI11) -> 752.93243
A12: Morrisville | B12: 8.638 | C12: 11.525 | D12: 36.901 | E12: 62.707 | F12: 81.2 | G12: 101.253 | H12: 59.737 | I12: 64.729 | J12: 56.68 | K12: 40.207 | L12: 22.152 | M12: 9.588 | N12: 15.099 | O12: 5.763 | P12: 41.95 | Q12: 158.352 | R12: 127.53 | S12: 195.075 | T12: 160.343 | U12: 152.266 | V12: 113.162 | W12: 115.054 | X12: 88.795 | Y12: 52.3 | Z12: =+N12*(1+$Z$2) -> 15.24999 | AA12: =+O12*(1+$Z$2) -> 5.82063 | AB12: =+P12*(1+$Z$2) -> 42.3695 | AC12: =+Q12*(1+$Z$2) -> 159.93552 | AD12: =+R12*(1+$Z$2) -> 128.8053 | AE12: =+S12*(1+$Z$2) -> 197.02575 | AF12: =+T12*(1+$Z$2) -> 161.94643 | AG12: =+U12*(1+$Z$2) -> 153.78866 | ... NI12: =+MW12*(1+$Z$2) -> 69.794553 | NK12: =+SUMIF($B$3:$NI$3,NK$3,$B12:$NI12) -> 555.317 | NL12: =+SUMIF($B$3:$NI$3,NL$3,$B12:$NI12) -> 1225.689 | NM12: =+SUMIF($B$3:$NI$3,NM$3,$B12:$NI12) -> 1237.9459 | NN12: =+SUMIF($B$3:$NI$3,NN$3,$B12:$NI12) -> 1250.3253 | NO12: =+SUMIF($B$3:$NI$3,NO$3,$B12:$NI12) -> 1262.8286 | NP12: =+SUMIF($B$3:$NI$3,NP$3,$B12:$NI12) -> 1275.4569 | NQ12: =+SUMIF($B$3:$NI$3,NQ$3,$B12:$NI12) -> 1288.2115 | NR12: =+SUMIF($B$3:$NI$3,NR$3,$B12:$NI12) -> 1301.0936 | ... OO12: =+SUMIF($B$3:$NI$3,OO$3,$B12:$NI12) -> 1635.6867
A13: Northfield | B13: 0.61 | C13: 0.609 | D13: 1.423 | E13: 4.139 | F13: 4.692 | G13: 6.383 | H13: 5.202 | I13: 6.593 | J13: 5.02 | K13: 3.794 | L13: 2.264 | M13: 0.901 | N13: 0.892 | O13: 0.36 | P13: 2.185 | Q13: 6.007 | R13: 5.392 | S13: 10.063 | T13: 11.978 | U13: 8.857 | V13: 10.368 | W13: 9.29 | X13: 7.772 | Y13: 3.697 | Z13: =+N13*(1+$Z$2) -> 0.90092 | AA13: =+O13*(1+$Z$2) -> 0.3636 | AB13: =+P13*(1+$Z$2) -> 2.20685 | AC13: =+Q13*(1+$Z$2) -> 6.06707 | AD13: =+R13*(1+$Z$2) -> 5.44592 | AE13: =+S13*(1+$Z$2) -> 10.16363 | AF13: =+T13*(1+$Z$2) -> 12.09778 | AG13: =+U13*(1+$Z$2) -> 8.94557 | ... NI13: =+MW13*(1+$Z$2) -> 4.9336608 | NK13: =+SUMIF($B$3:$NI$3,NK$3,$B13:$NI13) -> 41.63 | NL13: =+SUMIF($B$3:$NI$3,NL$3,$B13:$NI13) -> 76.861 | NM13: =+SUMIF($B$3:$NI$3,NM$3,$B13:$NI13) -> 77.62961 | NN13: =+SUMIF($B$3:$NI$3,NN$3,$B13:$NI13) -> 78.405906 | NO13: =+SUMIF($B$3:$NI$3,NO$3,$B13:$NI13) -> 79.189965 | NP13: =+SUMIF($B$3:$NI$3,NP$3,$B13:$NI13) -> 79.981865 | NQ13: =+SUMIF($B$3:$NI$3,NQ$3,$B13:$NI13) -> 80.781683 | NR13: =+SUMIF($B$3:$NI$3,NR$3,$B13:$NI13) -> 81.5895 | ... OO13: =+SUMIF($B$3:$NI$3,OO$3,$B13:$NI13) -> 102.5713
A14: Orleans | B14: 0.106 | C14: 0.348 | D14: 1.176 | E14: 1.495 | F14: 2.633 | G14: 2.879 | H14: 3.042 | I14: 3.033 | J14: 2.259 | K14: 1.502 | L14: 0.523 | M14: 0.216 | N14: 0.118 | O14: 0.11 | P14: 1.833 | Q14: 2.104 | R14: 2.362 | S14: 3.044 | T14: 2.117 | U14: 2.089 | V14: 1.73 | W14: 0.882 | X14: 0.744 | Y14: 0.236 | Z14: =+N14*(1+$Z$2) -> 0.11918 | AA14: =+O14*(1+$Z$2) -> 0.1111 | AB14: =+P14*(1+$Z$2) -> 1.85133 | AC14: =+Q14*(1+$Z$2) -> 2.12504 | AD14: =+R14*(1+$Z$2) -> 2.38562 | AE14: =+S14*(1+$Z$2) -> 3.07444 | AF14: =+T14*(1+$Z$2) -> 2.13817 | AG14: =+U14*(1+$Z$2) -> 2.10989 | ... NI14: =+MW14*(1+$Z$2) -> 0.31494291 | NK14: =+SUMIF($B$3:$NI$3,NK$3,$B14:$NI14) -> 19.212 | NL14: =+SUMIF($B$3:$NI$3,NL$3,$B14:$NI14) -> 17.369 | NM14: =+SUMIF($B$3:$NI$3,NM$3,$B14:$NI14) -> 17.54269 | NN14: =+SUMIF($B$3:$NI$3,NN$3,$B14:$NI14) -> 17.718117 | NO14: =+SUMIF($B$3:$NI$3,NO$3,$B14:$NI14) -> 17.895298 | NP14: =+SUMIF($B$3:$NI$3,NP$3,$B14:$NI14) -> 18.074251 | NQ14: =+SUMIF($B$3:$NI$3,NQ$3,$B14:$NI14) -> 18.254994 | NR14: =+SUMIF($B$3:$NI$3,NR$3,$B14:$NI14) -> 18.437543 | ... OO14: =+SUMIF($B$3:$NI$3,OO$3,$B14:$NI14) -> 23.178998
A15: Swanton | B15: 2.794 | C15: 1.225 | D15: 5.468 | E15: 10.059 | F15: 13.617 | G15: 16.072 | H15: 15.477 | I15: 16.708 | J15: 12.52 | K15: 9.029 | L15: 6.37 | M15: 1.764 | N15: 3.164 | O15: 1.565 | P15: 7.431 | Q15: 20.841 | R15: 13.74 | S15: 23.563 | T15: 17.678 | U15: 17.292 | V15: 17.651 | W15: 12.048 | X15: 8.787 | Y15: 4.593 | Z15: =+N15*(1+$Z$2) -> 3.19564 | AA15: =+O15*(1+$Z$2) -> 1.58065 | AB15: =+P15*(1+$Z$2) -> 7.50531 | AC15: =+Q15*(1+$Z$2) -> 21.04941 | AD15: =+R15*(1+$Z$2) -> 13.8774 | AE15: =+S15*(1+$Z$2) -> 23.79863 | AF15: =+T15*(1+$Z$2) -> 17.85478 | AG15: =+U15*(1+$Z$2) -> 17.46492 | ... NI15: =+MW15*(1+$Z$2) -> 6.1293763 | NK15: =+SUMIF($B$3:$NI$3,NK$3,$B15:$NI15) -> 111.103 | NL15: =+SUMIF($B$3:$NI$3,NL$3,$B15:$NI15) -> 148.353 | NM15: =+SUMIF($B$3:$NI$3,NM$3,$B15:$NI15) -> 149.83653 | NN15: =+SUMIF($B$3:$NI$3,NN$3,$B15:$NI15) -> 151.3349 | NO15: =+SUMIF($B$3:$NI$3,NO$3,$B15:$NI15) -> 152.84824 | NP15: =+SUMIF($B$3:$NI$3,NP$3,$B15:$NI15) -> 154.37673 | NQ15: =+SUMIF($B$3:$NI$3,NQ$3,$B15:$NI15) -> 155.92049 | NR15: =+SUMIF($B$3:$NI$3,NR$3,$B15:$NI15) -> 157.4797 | ... OO15: =+SUMIF($B$3:$NI$3,OO$3,$B15:$NI15) -> 197.97765
A16: VPPSA Total | B16: =+SUM(B5:B15) -> 60.525 | C16: =+SUM(C5:C15) -> 80.88 | D16: =+SUM(D5:D15) -> 219.264 | E16: =+SUM(E5:E15) -> 384.29 | F16: =+SUM(F5:F15) -> 430.237 | G16: =+SUM(G5:G15) -> 537.977 | H16: =+SUM(H5:H15) -> 275.286 | I16: =+SUM(I5:I15) -> 301.725 | ... Y16: =+SUM(Y5:Y15) -> 174.944 | Z16: =+N16*(1+$Z$2) -> 67.66596 | AA16: =+O16*(1+$Z$2) -> 59.52334 | AB16: =+P16*(1+$Z$2) -> 259.49324 | AC16: =+Q16*(1+$Z$2) -> 535.22021 | AD16: =+R16*(1+$Z$2) -> 488.67133 | AE16: =+S16*(1+$Z$2) -> 683.063 | AF16: =+T16*(1+$Z$2) -> 574.82029 | AG16: =+U16*(1+$Z$2) -> 584.47387 | ... NI16: =+MW16*(1+$Z$2) -> 233.46345 | NK16: =+SUMIF($B$3:$NI$3,NK$3,$B16:$NI16) -> 3086.276 | NL16: =+SUMIF($B$3:$NI$3,NL$3,$B16:$NI16) -> 4592.762 | NM16: =+SUMIF($B$3:$NI$3,NM$3,$B16:$NI16) -> 4638.6896 | NN16: =+SUMIF($B$3:$NI$3,NN$3,$B16:$NI16) -> 4685.0765 | NO16: =+SUMIF($B$3:$NI$3,NO$3,$B16:$NI16) -> 4731.9273 | NP16: =+SUMIF($B$3:$NI$3,NP$3,$B16:$NI16) -> 4779.2466 | NQ16: =+SUMIF($B$3:$NI$3,NQ$3,$B16:$NI16) -> 4827.039 | NR16: =+SUMIF($B$3:$NI$3,NR$3,$B16:$NI16) -> 4875.3094 | ... OO16: =+SUMIF($B$3:$NI$3,OO$3,$B16:$NI16) -> 6129.0587
A17: Source: | B17: 2020 is equal to actuals from 7/19 - 6/20 from the NM Data Master spreadsheet. | N17: 2021 is actuals from the NM Data Master spreadsheet.

Sheet REC_Purchases
A1: tradeID | B1: tradeStatus | C1: buyerID | D1: buyerCode | E1: sellerID | F1: sellerCode | G1: recClass | H1: recYear | I1: recQuarter | J1: recMonth | K1: recCount | L1: recPrice | M1: recCost | N1: stripTrade | O1: brokerID | P1: brokerCode | Q1: brokerFee | R1: tradeDate | S1: deliveryDate | T1: paymentDate | U1: tradeNote
A2: 211 | B2: Closed | C2: 87 | D2: VPPSA | E2: 108 | F2: Brookfield | G2: VT1 | H2: 2021 | I2: Calendar | J2: 0 | K2: 11040 | L2: 0 | M2: 0 | N2: TRUE | O2: 0 | P2: None | Q2: 0 | R2: 44406 | S2: 44407 | T2: 1 | U2: This entry corresponds to VCM contract number 4860. _x000D_ _x000D_ It is an energy + VT1 REC purchase from Brookfield from August 2021 - October 2021._x000D_ _x000D_ It is 100% allocated to Swanton, and is meant to make up for a forecast deficit of renewable energy for the purpose of avoiding the Standard Offer Program. _x000D_ _x000D_ Swanton will be net long on energy, but should have a small surplus of VT1 RECs for the purposes of the Std. Offer Program avoidance._x000D_ _x000D_ Note that Swanton will still need to purchase more VT1 RECs for RES compliance, however. This will be done in a future trade._x000D_ _x000D_ The implied cost of the RECs is $6.60/MWH, which is priced at zero in this entry per Ken Nolan. Swanton will simply pay the bundled price ($45.35/MWH) through the energy transaction in the CDA.
A3: 215 | B3: Closed | C3: 87 | D3: VPPSA | E3: 108 | F3: Brookfield | G3: VT1 | H3: 2021 | I3: Calendar | J3: 0 | K3: 100000 | L3: 4.5 | M3: 450000 | N3: FALSE | O3: 0 | P3: None | Q3: 0 | R3: 44502 | S3: 44502 | T3: 44502
A4: 216 | B4: Open | C4: 87 | D4: VPPSA | E4: 108 | F4: Brookfield | G4: VT1 | H4: 2023 | I4: Calendar | J4: 0 | K4: 65400 | L4: 0 | M4: 0 | N4: FALSE | O4: 0 | P4: None | Q4: 0 | R4: 44176 | S4: 45444 | T4: 45458 | U4: This represents the first year of a five year energy + REC purchase from Brookfield. The RECs are zero cost because the energy contract includes the entire price.
A5: 217 | B5: Open | C5: 87 | D5: VPPSA | E5: 108 | F5: Brookfield | G5: VT1 | H5: 2024 | I5: Calendar | J5: 0 | K5: 65400 | L5: 0 | M5: 0 | N5: FALSE | O5: 0 | P5: None | Q5: 0 | R5: 44176 | S5: 45809 | T5: 45823 | U5: This contract is for the REC-only portion of the Brookfield energy + REC purchase from 2023-2027. It is priced at zero because the energy contract includes the entire price of the contract.
A6: 218 | B6: Open | C6: 87 | D6: VPPSA | E6: 108 | F6: Brookfield | G6: VT1 | H6: 2025 | I6: Calendar | J6: 0 | K6: 80580 | L6: 0 | M6: 0 | N6: FALSE | O6: 0 | P6: None | Q6: 0 | R6: 44176 | S6: 46174 | T6: 46188 | U6: This is the REC-only portion of the energy + REC PPA with Brookfield, 2023-2027. It is priced at zero becuase the full PPA price is built into the energy only contract.
A7: 219 | B7: Open | C7: 87 | D7: VPPSA | E7: 108 | F7: Brookfield | G7: VT1 | H7: 2026 | I7: Calendar | J7: 0 | K7: 80580 | L7: 0 | M7: 0 | N7: FALSE | O7: 0 | P7: None | Q7: 0 | R7: 44176 | S7: 46539 | T7: 46553 | U7: This is the REC-only portion of the energy + REC PPA with Brookfield, 2023-2027. It is priced at zero becuase the full PPA price is built into the energy only contract.
A8: 220 | B8: Open | C8: 87 | D8: VPPSA | E8: 108 | F8: Brookfield | G8: VT1 | H8: 2027 | I8: Calendar | J8: 0 | K8: 80580 | L8: 0 | M8: 0 | N8: FALSE | O8: 0 | P8: None | Q8: 0 | R8: 44176 | S8: 46905 | T8: 46919 | U8: This is the REC-only portion of the energy + REC PPA with Brookfield, 2023-2027. It is priced at zero becuase the full PPA price is built into the energy only contract.
A9: 249 | B9: Closed | C9: 87 | D9: VPPSA | E9: 160 | F9: Carbon | G9: ME2;VT1 | H9: 2021 | I9: Calendar | J9: 0 | K9: 20500 | L9: 6.85 | M9: 140425 | N9: FALSE | O9: 127 | P9: Amerex | Q9: 2106.38 | R9: 44721 | S9: 44727 | T9: 44742
A10: 250 | B10: Open | C10: 87 | D10: VPPSA | E10: 160 | F10: Carbon | G10: VT1 | H10: 2021 | I10: Calendar | J10: 0 | K10: 3607 | L10: 6 | M10: 21642 | N10: FALSE | O10: 127 | P10: Amerex | Q10: 324.63 | R10: 44727 | S10: 44728 | T10: 44742

Sheet REC_Sales
A1: v_transactionID | B1: v_transactionType | C1: v_buyer | D1: v_seller | E1: v_vintage | F1: v_recType | G1: v_quantity | H1: v_delivered | I1: v_remaining | J1: v_unitID | K1: v_price | L1: v_amount | M1: v_broker | N1: v_brokerAmount | O1: v_tradeDate | P1: v_deliveryQuarter | Q1: v_deliveryDate | R1: v_transactionNotes
A2: 198 | B2: Sale | C2: 3Degrees | D2: VPPSA | E2: 2021 | F2: NH1 | G2: 1000 | H2: 1000 | I2: 0 | J2: Highgate Hydro #5 | K2: 39 | L2: 39000 | M2: TFS | N2: 250 | O2: 44211 | P2: 44348 | Q2: 44348 | R2: Tell me something about this trade. . .
A3: 239 | B3: Sale | C3: Brookfield | D3: VPPSA | E3: 2021 | F3: CT1 | G3: 15000 | H3: 15000 | I3: 0 | J3: McNeil Wood | K3: 37.5 | L3: 562500 | M3: GT | N3: 5625 | O3: 44582 | P3: 44713 | Q3: 44713 | R3: Delivered 4/28/22
A4: 238 | B4: Sale | C4: Const | D4: VPPSA | E4: 2021 | F4: MA1 | G4: 9000 | H4: 9000 | I4: 0 | J4: Fitchburg Methane | K4: 37.5 | L4: 337500 | M4: GT | N4: 3375 | O4: 44588 | P4: 44713 | Q4: 44713 | R4: Seller is Constellation. I'm unclear if "Const" means Constellation in this database
A5: 204 | B5: Sale | C5: Direct | D5: VPPSA | E5: 2021 | F5: CT1;MA1 | G5: 5000 | H5: 5000 | I5: 0 | J5: Fitchburg Methane | K5: 39.5 | L5: 197500 | M5: GT | N5: 1975 | O5: 44355 | P5: 44713 | Q5: 44713 | R5: No notes
A6: 205 | B6: Sale | C6: Direct | D6: VPPSA | E6: 2022 | F6: CT1;MA1 | G6: 20000 | H6: 8814 | I6: 11186 | J6: Fitchburg Methane | K6: 34.25 | L6: 685000 | M6: GT | N6: 6850 | O6: 44355 | P6: 44713 | Q6: 44713 | R6: Part of strip sale. 20k per year from 2022-2024. Transaction reference #s 206 and 207 are also part of this sale. _x000D_ _x000D_ _x000D_ Pay Broker when RECs are delivered._x000D_ _x000D_ 8814 Q1 RECs delivered 7/28/22
A7: 208 | B7: Sale | C7: Direct | D7: VPPSA | E7: 2022 | F7: CT1 | G7: 20000 | H7: 15251 | I7: 4749 | J7: McNeil Wood | K7: 33.25 | L7: 665000 | M7: GT | N7: 6650 | O7: 44361 | P7: 45078 | Q7: 45078 | R7: Part of strip for 2022-2024. Other transaction IDs 209, 210_x000D_ _x000D_ 15,251 Delivered 8/11/22
A8: 206 | B8: Sale | C8: Direct | D8: VPPSA | E8: 2023 | F8: CT1;MA1 | G8: 20000 | H8: 0 | I8: 20000 | J8: Fitchburg Methane | K8: 34.25 | L8: 685000 | M8: GT | N8: 6850 | O8: 44355 | P8: 45444 | Q8: 45444 | R8: Part of strip sale. 20k per year from 2022-2024. Transaction reference #s 205 and 207 are also part of this sale. _x000D_ _x000D_ _x000D_ Pay Broker when RECs are delivered.
A9: 209 | B9: Sale | C9: Direct | D9: VPPSA | E9: 2023 | F9: CT1 | G9: 20000 | H9: 0 | I9: 20000 | J9: McNeil Wood | K9: 33.25 | L9: 665000 | M9: GT | N9: 6650 | O9: 44355 | P9: 45078 | Q9: 45078 | R9: Part of strip for 2022-2024. Other transaction IDs 208, 210
A10: 207 | B10: Sale | C10: Direct | D10: VPPSA | E10: 2024 | F10: CT1;MA1 | G10: 20000 | H10: 0 | I10: 20000 | J10: Fitchburg Methane | K10: 34.25 | L10: 685000 | M10: GT | N10: 6850 | O10: 44355 | P10: 45809 | Q10: 45809 | R10: Part of strip sale. 20k per year from 2022-2024. Transaction reference #s 205 and 206 are also part of this sale. _x000D_ _x000D_ _x000D_ Pay Broker when RECs are delivered.
A11: 210 | B11: Sale | C11: Direct | D11: VPPSA | E11: 2024 | F11: CT1 | G11: 20000 | H11: 0 | I11: 20000 | J11: McNeil Wood | K11: 33.25 | L11: 665000 | M11: GT | N11: 6650 | O11: 44355 | P11: 45809 | Q11: 45809 | R11: Part of strip for 2022-2024. Other transaction IDs 208, 209
A12: 187 | B12: Sale | C12: Dynegy | D12: VPPSA | E12: 2021 | F12: MA2 | G12: 3000 | H12: 3000 | I12: 0 | J12: Barton Hydro | K12: 18 | L12: 54000 | M12: GT | N12: 540 | O12: 44033 | P12: 44713 | Q12: 44713 | R12: Tell me something about this trade. . .
A13: 244 | B13: Sale | C13: ENGIE | D13: VPPSA | E13: 2021 | F13: CT1;MA1;ME1;RI1;NH1 | G13: 2718 | H13: 2718 | I13: 0 | J13: Fitchburg Methane | K13: 36 | L13: 97848 | M13: GT | N13: 978.48 | O13: 44683 | P13: 44713 | Q13: 44713 | R13: Also, ME Class IA. _x000D_ _x000D_ Buyer is ENGIE but not in system as of 5/27/22._x000D_ _x000D_ RECs delivered 6/10/22
... A27: 255 | B27: Sale | C27: VPPSA | D27: VPPSA | E27: 2021 | F27: VT2 | G27: 2851 | H27: 2851 | I27: 0 | J27: Not Specified | K27: 36 | L27: 102636 | M27: None | N27: 0 | O27: 44713 | P27: 44727 | Q27: 44727 | R27: Internal Purchase_x000D_ _x000D_ Barton: 109_x000D_ Enosburg Falls: 62_x000D_ Jacksonville: 84_x000D_ Johnson: 282_x000D_ Ludlow: 1310_x000D_ Northfield: 677_x000D_ Orleans: 327

Sheet REC_SALES_FCST
B1: =+SUMMARY!$B$1 -> WEC
B2: REC Model
A4: Dates & Timing | C4: Calendar (Vintage) Year | D4: 2021 | E4: =YEAR(E5) -> 2021 | F4: =YEAR(F5) -> 2021 | G4: =YEAR(G5) -> 2021 | H4: =YEAR(H5) -> 2021 | I4: =YEAR(I5) -> 2021 | J4: =YEAR(J5) -> 2021 | K4: =YEAR(K5) -> 2021 | L4: =YEAR(L5) -> 2021 | ... MY4: =YEAR(MY5) -> 2050
C5: Generation Month | D5: 44227 | E5: =EOMONTH(D5,1) -> 44255 | F5: =EOMONTH(E5,1) -> 44286 | G5: =EOMONTH(F5,1) -> 44316 | H5: =EOMONTH(G5,1) -> 44347 | I5: =EOMONTH(H5,1) -> 44377 | J5: =EOMONTH(I5,1) -> 44408 | K5: =EOMONTH(J5,1) -> 44439 | L5: =EOMONTH(K5,1) -> 44469 | ... MY5: =EOMONTH(MX5,1) -> 55153
C6: GIS - REC Creation Month | D6: 44316 | E6: =+D6 -> 44316 | F6: =+E6 -> 44316 | G6: =EOMONTH(G5,3) -> 44408 | H6: =+G6 -> 44408 | I6: =+H6 -> 44408 | J6: =EOMONTH(J5,3) -> 44500 | K6: =+J6 -> 44500 | L6: =+K6 -> 44500 | M6: =EOMONTH(M5,3) -> 44592 | N6: =+M6 -> 44592 | O6: =+N6 -> 44592 | P6: =EOMONTH(P5,3) -> 44681 | Q6: =+P6 -> 44681 | R6: =+Q6 -> 44681 | S6: =EOMONTH(S5,3) -> 44773 | T6: =+S6 -> 44773 | U6: =+T6 -> 44773 | V6: =EOMONTH(V5,3) -> 44865 | W6: =EOMONTH(W5,3) -> 44895 | X6: =EOMONTH(X5,3) -> 44926 | Y6: =EOMONTH(Y5,3) -> 44957 | Z6: =EOMONTH(Z5,3) -> 44985 | AA6: =EOMONTH(AA5,3) -> 45016 | AB6: =EOMONTH(AB5,3) -> 45046 | AC6: =EOMONTH(AC5,3) -> 45077 | ... MY6: =EOMONTH(MY5,3) -> 55243
C7: GIS - Vintage Qtr | D7: Q1 2021 | E7: Q1 2021 | F7: Q1 2021 | G7: Q2 2021 | H7: Q2 2021 | I7: Q2 2021 | J7: Q3 2021 | K7: Q3 2021 | L7: Q3 2021 | M7: Q4 2021 | N7: Q4 2021 | O7: Q4 2021 | P7: Q1 2022 | Q7: Q1 2022 | R7: Q1 2022 | S7: Q2 2022 | T7: Q2 2022 | U7: Q2 2022 | V7: Q3 2022 | W7: Q3 2022 | X7: Q3 2022 | Y7: Q4 2022 | Z7: Q4 2022 | AA7: Q4 2022 | AB7: Q1 2023 | AC7: Q1 2023 | AD7: Q1 2023 | AE7: Q2 2023 | AF7: Q2 2023 | AG7: Q2 2023 | AH7: Q3 2023 | AI7: Q3 2023 | AJ7: Q3 2023 | AK7: Q4 2023 | AL7: Q4 2023 | AM7: Q4 2023 | AN7: Q1 2024 | AO7: Q1 2024 | AP7: Q1 2024 | AQ7: Q2 2024 | AR7: Q2 2024 | AS7: Q2 2024 | AT7: Q3 2024 | AU7: Q3 2024 | AV7: Q3 2024 | AW7: Q4 2024 | AX7: Q4 2024 | AY7: Q4 2024
C8: GIS - Last Trading Month | D8: 44377 | E8: =+EOMONTH(E6,2) -> 44377 | F8: =+EOMONTH(F6,2) -> 44377 | G8: =+EOMONTH(G6,2) -> 44469 | H8: =+EOMONTH(H6,2) -> 44469 | I8: =+EOMONTH(I6,2) -> 44469 | J8: =+EOMONTH(J6,2) -> 44561 | K8: =+EOMONTH(K6,2) -> 44561 | L8: =+EOMONTH(L6,2) -> 44561 | ... MY8: =+EOMONTH(MY6,2) -> 55304
C9: Budget Month (6 month lag) | D9: 44408 | E9: =+EOMONTH(E5,6) -> 44439 | F9: =+EOMONTH(F5,6) -> 44469 | G9: =+EOMONTH(G5,6) -> 44500 | H9: =+EOMONTH(H5,6) -> 44530 | I9: =+EOMONTH(I5,6) -> 44561 | J9: =+EOMONTH(J5,6) -> 44592 | K9: =+EOMONTH(K5,6) -> 44620 | L9: =+EOMONTH(L5,6) -> 44651 | ... MY9: =+EOMONTH(MY5,6) -> 55334
A11: Generation | B11: Generation (MWh) | C11: REC Class | D11: Source: Energy Model
B12: Barton Hydro | C12: MA Class II | D12: =+P12 -> 0 | E12: =+Q12 -> 0 | F12: =+R12 -> 0 | G12: =+S12 -> 0 | H12: =+T12 -> 0 | I12: =+U12 -> 0 | J12: =+V12 -> 0 | K12: =+W12 -> 0 | ... O12: =+AA12 -> 0 | P12: =+[1]Generation_Budget!E20/1000 -> 0 | Q12: =+[1]Generation_Budget!F20/1000 -> 0 | R12: =+[1]Generation_Budget!G20/1000 -> 0 | S12: =+[1]Generation_Budget!H20/1000 -> 0 | T12: =+[1]Generation_Budget!I20/1000 -> 0 | U12: =+[1]Generation_Budget!J20/1000 -> 0 | V12: =+[1]Generation_Budget!K20/1000 -> 0 | W12: =+[1]Generation_Budget!L20/1000 -> 0 | ... MY12: =+[1]Generation_Budget!MN20/1000 -> 0
C13: MA Class I | D13: =+P13 -> 0 | E13: =+Q13 -> 0 | F13: =+R13 -> 0 | G13: =+S13 -> 0 | H13: =+T13 -> 0 | I13: =+U13 -> 0 | J13: =+V13 -> 0 | K13: =+W13 -> 0 | ... O13: =+AA13 -> 0
C14: MA Class I | D14: =+P14 -> 0 | E14: =+Q14 -> 0 | F14: =+R14 -> 0 | G14: =+S14 -> 0 | H14: =+T14 -> 0 | I14: =+U14 -> 0 | J14: =+V14 -> 0 | K14: =+W14 -> 0 | ... O14: =+AA14 -> 0
B15: Cady's Falls | C15: MA Class II | D15: =+P15 -> 0 | E15: =+Q15 -> 0 | F15: =+R15 -> 0 | G15: =+S15 -> 0 | H15: =+T15 -> 0 | I15: =+U15 -> 0 | J15: =+V15 -> 0 | K15: =+W15 -> 0 | ... O15: =+AA15 -> 0
B16: Fitchburg | C16: MA Class I | D16: =+P16 -> 0 | E16: =+Q16 -> 0 | F16: =+R16 -> 0 | G16: =+S16 -> 0 | H16: =+T16 -> 0 | I16: =+U16 -> 0 | J16: =+V16 -> 0 | K16: =+W16 -> 0 | ... O16: =+AA16 -> 0 | P16: =+[1]Generation_Budget!E132/1000 -> 0 | Q16: =+[1]Generation_Budget!F132/1000 -> 0 | R16: =+[1]Generation_Budget!G132/1000 -> 0 | S16: =+[1]Generation_Budget!H132/1000 -> 0 | T16: =+[1]Generation_Budget!I132/1000 -> 0 | U16: =+[1]Generation_Budget!J132/1000 -> 0 | V16: =+[1]Generation_Budget!K132/1000 -> 0 | W16: =+[1]Generation_Budget!L132/1000 -> 0 | ... MY16: =+[1]Generation_Budget!MN132/1000 -> 0
B17: Great Falls | C17: =+C21 -> MA Class I | D17: =+P17 -> 0 | E17: =+Q17 -> 0 | F17: =+R17 -> 0 | G17: =+S17 -> 0 | H17: =+T17 -> 0 | I17: =+U17 -> 0 | J17: =+V17 -> 0 | K17: =+W17 -> 0 | ... O17: =+AA17 -> 0
B18: Highgate Falls Unit #5 | C18: NH Class I | D18: =+P18 -> 0 | E18: =+Q18 -> 0 | F18: =+R18 -> 0 | G18: =+S18 -> 0 | H18: =+T18 -> 0 | I18: =+U18 -> 0 | J18: =+V18 -> 0 | K18: =+W18 -> 0 | ... O18: =+AA18 -> 0 | P18: =+[1]Generation_Budget!E196/1000 -> 0 | Q18: =+[1]Generation_Budget!F196/1000 -> 0 | R18: =+[1]Generation_Budget!G196/1000 -> 0 | S18: =+[1]Generation_Budget!H196/1000 -> 0 | T18: =+[1]Generation_Budget!I196/1000 -> 0 | U18: =+[1]Generation_Budget!J196/1000 -> 0 | V18: =+[1]Generation_Budget!K196/1000 -> 0 | W18: =+[1]Generation_Budget!L196/1000 -> 0 | ... MY18: =+[1]Generation_Budget!MN196/1000 -> 0
C19: MA Class I
B20: McNeil | C20: CT Class I | D20: =+P20 -> 0 | E20: =+Q20 -> 0 | F20: =+R20 -> 0 | G20: =+S20 -> 0 | H20: =+T20 -> 0 | I20: =+U20 -> 0 | J20: =+V20 -> 0 | K20: =+W20 -> 0 | ... O20: =+AA20 -> 0 | P20: =+[1]Generation_Budget!E244/1000 -> 0 | Q20: =+[1]Generation_Budget!F244/1000 -> 0 | R20: =+[1]Generation_Budget!G244/1000 -> 0 | S20: =+[1]Generation_Budget!H244/1000 -> 0 | T20: =+[1]Generation_Budget!I244/1000 -> 0 | U20: =+[1]Generation_Budget!J244/1000 -> 0 | V20: =+[1]Generation_Budget!K244/1000 -> 0 | W20: =+[1]Generation_Budget!L244/1000 -> 0 | ... MY20: =+[1]Generation_Budget!MN244/1000 -> 0
B21: Off Shore Wind | C21: =+C23 -> MA Class I | D21: =+P21 -> 0 | E21: =+Q21 -> 0 | F21: =+R21 -> 0 | G21: =+S21 -> 0 | H21: =+T21 -> 0 | I21: =+U21 -> 0 | J21: =+V21 -> 0 | K21: =+W21 -> 0 | ... O21: =+AA21 -> 0 | P21: =+[1]Contract_Budget!E260/1000 -> 0 | Q21: =+[1]Contract_Budget!F260/1000 -> 0 | R21: =+[1]Contract_Budget!G260/1000 -> 0 | S21: =+[1]Contract_Budget!H260/1000 -> 0 | T21: =+[1]Contract_Budget!I260/1000 -> 0 | U21: =+[1]Contract_Budget!J260/1000 -> 0 | V21: =+[1]Contract_Budget!K260/1000 -> 0 | W21: =+[1]Contract_Budget!L260/1000 -> 0 | ... MY21: =+[1]Contract_Budget!MN260/1000 -> 0
B22: Ryegate | C22: CT Class I | D22: =+P22*0.5 -> 0 | E22: =+Q22*0.5 -> 0 | F22: =+R22*0.5 -> 0 | G22: =+S22*0.5 -> 0 | H22: =+T22*0.5 -> 0 | I22: =+U22*0.5 -> 0 | J22: =+V22*0.5 -> 0 | K22: =+W22*0.5 -> 0 | ... M22: =+Y22*0.5 -> 0 | N22: =IF($B$1="WEC",0,([1]Generation_Budget!O292/1000))*0.9 -> 0 | O22: =IF($B$1="WEC",0,([1]Generation_Budget!P292/1000))*0.9 -> 0 | P22: =IF($B$1="WEC",0,([1]Generation_Budget!E292/1000))*0.9 -> 0 | Q22: =IF($B$1="WEC",0,([1]Generation_Budget!F292/1000))*0.9 -> 0 | R22: =IF($B$1="WEC",0,([1]Generation_Budget!G292/1000))*0.9 -> 0 | S22: =IF($B$1="WEC",0,([1]Generation_Budget!H292/1000))*0.9 -> 0 | T22: =IF($B$1="WEC",0,([1]Generation_Budget!I292/1000))*0.9 -> 0 | U22: =IF($B$1="WEC",0,([1]Generation_Budget!J292/1000))*0.9 -> 0 | V22: =IF($B$1="WEC",0,([1]Generation_Budget!K292/1000))*0.9 -> 0 | W22: =IF($B$1="WEC",0,([1]Generation_Budget!L292/1000))*0.9 -> 0 | ... MY22: =IF($B$1="WEC",0,([1]Generation_Budget!MN292/1000))*0.9 -> 0
B23: Standard Offer | C23: MA Class I | O23: =IF($B$1="WEC",0,INDEX(LOOKUPS!$B$2:$H$16,MATCH(REC_SALES_FCST!$B$1,LOOKUPS!$B$2:$B$16,0),7))*SUM(STD_OFFER_RECs!Z7:AK7) -> 0 | AA23: =IF($B$1="WEC",0,INDEX(LOOKUPS!$B$2:$H$16,MATCH(REC_SALES_FCST!$B$1,LOOKUPS!$B$2:$B$16,0),7))*SUM(STD_OFFER_RECs!AL7:AW7) -> 0 | AM23: =IF($B$1="WEC",0,INDEX(LOOKUPS!$B$2:$H$16,MATCH(REC_SALES_FCST!$B$1,LOOKUPS!$B$2:$B$16,0),7))*SUM(STD_OFFER_RECs!AX7:BI7) -> 0 | AY23: =IF($B$1="WEC",0,INDEX(LOOKUPS!$B$2:$H$16,MATCH(REC_SALES_FCST!$B$1,LOOKUPS!$B$2:$B$16,0),7))*SUM(STD_OFFER_RECs!BJ7:BU7) -> 0 | BK23: =IF($B$1="WEC",0,INDEX(LOOKUPS!$B$2:$H$16,MATCH(REC_SALES_FCST!$B$1,LOOKUPS!$B$2:$B$16,0),7))*SUM(STD_OFFER_RECs!BV7:CG7) -> 0 | BW23: =IF($B$1="WEC",0,INDEX(LOOKUPS!$B$2:$H$16,MATCH(REC_SALES_FCST!$B$1,LOOKUPS!$B$2:$B$16,0),7))*SUM(STD_OFFER_RECs!CH7:CS7) -> 0 | CI23: =IF($B$1="WEC",0,INDEX(LOOKUPS!$B$2:$H$16,MATCH(REC_SALES_FCST!$B$1,LOOKUPS!$B$2:$B$16,0),7))*SUM(STD_OFFER_RECs!CT7:DE7) -> 0 | CU23: =IF($B$1="WEC",0,INDEX(LOOKUPS!$B$2:$H$16,MATCH(REC_SALES_FCST!$B$1,LOOKUPS!$B$2:$B$16,0),7))*SUM(STD_OFFER_RECs!DF7:DQ7) -> 0 | DG23: =IF($B$1="WEC",0,INDEX(LOOKUPS!$B$2:$H$16,MATCH(REC_SALES_FCST!$B$1,LOOKUPS!$B$2:$B$16,0),7))*SUM(STD_OFFER_RECs!DR7:EC7) -> 0 | DS23: =IF($B$1="WEC",0,INDEX(LOOKUPS!$B$2:$H$16,MATCH(REC_SALES_FCST!$B$1,LOOKUPS!$B$2:$B$16,0),7))*SUM(STD_OFFER_RECs!ED7:EO7) -> 0 | EE23: =IF($B$1="WEC",0,INDEX(LOOKUPS!$B$2:$H$16,MATCH(REC_SALES_FCST!$B$1,LOOKUPS!$B$2:$B$16,0),7))*SUM(STD_OFFER_RECs!EP7:FA7) -> 0 | EQ23: =IF($B$1="WEC",0,INDEX(LOOKUPS!$B$2:$H$16,MATCH(REC_SALES_FCST!$B$1,LOOKUPS!$B$2:$B$16,0),7))*SUM(STD_OFFER_RECs!FB7:FM7) -> 0 | FC23: =IF($B$1="WEC",0,INDEX(LOOKUPS!$B$2:$H$16,MATCH(REC_SALES_FCST!$B$1,LOOKUPS!$B$2:$B$16,0),7))*SUM(STD_OFFER_RECs!FN7:FY7) -> 0 | FO23: =IF($B$1="WEC",0,INDEX(LOOKUPS!$B$2:$H$16,MATCH(REC_SALES_FCST!$B$1,LOOKUPS!$B$2:$B$16,0),7))*SUM(STD_OFFER_RECs!FZ7:GK7) -> 0 | GA23: =IF($B$1="WEC",0,INDEX(LOOKUPS!$B$2:$H$16,MATCH(REC_SALES_FCST!$B$1,LOOKUPS!$B$2:$B$16,0),7))*SUM(STD_OFFER_RECs!GL7:GW7) -> 0 | GM23: =IF($B$1="WEC",0,INDEX(LOOKUPS!$B$2:$H$16,MATCH(REC_SALES_FCST!$B$1,LOOKUPS!$B$2:$B$16,0),7))*SUM(STD_OFFER_RECs!GX7:HI7) -> 0 | GY23: =IF($B$1="WEC",0,INDEX(LOOKUPS!$B$2:$H$16,MATCH(REC_SALES_FCST!$B$1,LOOKUPS!$B$2:$B$16,0),7))*SUM(STD_OFFER_RECs!HJ7:HU7) -> 0 | HK23: =IF($B$1="WEC",0,INDEX(LOOKUPS!$B$2:$H$16,MATCH(REC_SALES_FCST!$B$1,LOOKUPS!$B$2:$B$16,0),7))*SUM(STD_OFFER_RECs!HV7:IG7) -> 0 | HW23: =IF($B$1="WEC",0,INDEX(LOOKUPS!$B$2:$H$16,MATCH(REC_SALES_FCST!$B$1,LOOKUPS!$B$2:$B$16,0),7))*SUM(STD_OFFER_RECs!IH7:IS7) -> 0 | II23: =IF($B$1="WEC",0,INDEX(LOOKUPS!$B$2:$H$16,MATCH(REC_SALES_FCST!$B$1,LOOKUPS!$B$2:$B$16,0),7))*SUM(STD_OFFER_RECs!IT7:JE7) -> 0 | IU23: =IF($B$1="WEC",0,INDEX(LOOKUPS!$B$2:$H$16,MATCH(REC_SALES_FCST!$B$1,LOOKUPS!$B$2:$B$16,0),7))*SUM(STD_OFFER_RECs!JF7:JQ7) -> 0 | JG23: =IF($B$1="WEC",0,INDEX(LOOKUPS!$B$2:$H$16,MATCH(REC_SALES_FCST!$B$1,LOOKUPS!$B$2:$B$16,0),7))*SUM(STD_OFFER_RECs!JR7:KC7) -> 0 | JS23: =IF($B$1="WEC",0,INDEX(LOOKUPS!$B$2:$H$16,MATCH(REC_SALES_FCST!$B$1,LOOKUPS!$B$2:$B$16,0),7))*SUM(STD_OFFER_RECs!KD7:KO7) -> 0 | KE23: =IF($B$1="WEC",0,INDEX(LOOKUPS!$B$2:$H$16,MATCH(REC_SALES_FCST!$B$1,LOOKUPS!$B$2:$B$16,0),7))*SUM(STD_OFFER_RECs!KP7:LA7) -> 0 | KQ23: =IF($B$1="WEC",0,INDEX(LOOKUPS!$B$2:$H$16,MATCH(REC_SALES_FCST!$B$1,LOOKUPS!$B$2:$B$16,0),7))*SUM(STD_OFFER_RECs!LB7:LM7) -> 0 | LC23: =IF($B$1="WEC",0,INDEX(LOOKUPS!$B$2:$H$16,MATCH(REC_SALES_FCST!$B$1,LOOKUPS!$B$2:$B$16,0),7))*SUM(STD_OFFER_RECs!LN7:LY7) -> 0 | LO23: =IF($B$1="WEC",0,INDEX(LOOKUPS!$B$2:$H$16,MATCH(REC_SALES_FCST!$B$1,LOOKUPS!$B$2:$B$16,0),7))*SUM(STD_OFFER_RECs!LZ7:MK7) -> 0 | MA23: =IF($B$1="WEC",0,INDEX(LOOKUPS!$B$2:$H$16,MATCH(REC_SALES_FCST!$B$1,LOOKUPS!$B$2:$B$16,0),7))*SUM(STD_OFFER_RECs!ML7:MW7) -> 0 | MM23: =IF($B$1="WEC",0,INDEX(LOOKUPS!$B$2:$H$16,MATCH(REC_SALES_FCST!$B$1,LOOKUPS!$B$2:$B$16,0),7))*SUM(STD_OFFER_RECs!MX7:NI7) -> 0 | MY23: =IF($B$1="WEC",0,INDEX(LOOKUPS!$B$2:$H$16,MATCH(REC_SALES_FCST!$B$1,LOOKUPS!$B$2:$B$16,0),7))*SUM(STD_OFFER_RECs!NJ7:NU7) -> 0
B24: Total | D24: =+SUM(D12:D23) -> 0 | E24: =+SUM(E12:E23) -> 0 | F24: =+SUM(F12:F23) -> 0 | G24: =+SUM(G12:G23) -> 0 | H24: =+SUM(H12:H23) -> 0 | I24: =+SUM(I12:I23) -> 0 | J24: =+SUM(J12:J23) -> 0 | K24: =+SUM(K12:K23) -> 0 | ... MY24: =+SUM(MY12:MY23) -> 0
A27: All Forward Sales (100%) | B27: Forward Sales (MWH) | C27: REC Class | D27: Source: REC sales tab.
B28: Barton Hydro | C28: MA Class II | E28: =SUMIFS('REC_Sales'!$G:$G,'REC_Sales'!$J:$J,REC_SALES_FCST!$B28,'REC_Sales'!$E:$E,REC_SALES_FCST!E$4)/8 -> 513.25 | F28: =SUMIFS('REC_Sales'!$G:$G,'REC_Sales'!$J:$J,REC_SALES_FCST!$B28,'REC_Sales'!$E:$E,REC_SALES_FCST!F$4)/8 -> 513.25 | H28: =SUMIFS('REC_Sales'!$G:$G,'REC_Sales'!$J:$J,REC_SALES_FCST!$B28,'REC_Sales'!$E:$E,REC_SALES_FCST!H$4)/8 -> 513.25 | I28: =SUMIFS('REC_Sales'!$G:$G,'REC_Sales'!$J:$J,REC_SALES_FCST!$B28,'REC_Sales'!$E:$E,REC_SALES_FCST!I$4)/8 -> 513.25 | K28: =SUMIFS('REC_Sales'!$G:$G,'REC_Sales'!$J:$J,REC_SALES_FCST!$B28,'REC_Sales'!$E:$E,REC_SALES_FCST!K$4)/8 -> 513.25 | L28: =SUMIFS('REC_Sales'!$G:$G,'REC_Sales'!$J:$J,REC_SALES_FCST!$B28,'REC_Sales'!$E:$E,REC_SALES_FCST!L$4)/8 -> 513.25 | N28: =SUMIFS('REC_Sales'!$G:$G,'REC_Sales'!$J:$J,REC_SALES_FCST!$B28,'REC_Sales'!$E:$E,REC_SALES_FCST!N$4)/8 -> 513.25 | O28: =SUMIFS('REC_Sales'!$G:$G,'REC_Sales'!$J:$J,REC_SALES_FCST!$B28,'REC_Sales'!$E:$E,REC_SALES_FCST!O$4)/8 -> 513.25 | Q28: =SUMIFS('REC_Sales'!$G:$G,'REC_Sales'!$J:$J,REC_SALES_FCST!$B28,'REC_Sales'!$E:$E,REC_SALES_FCST!Q$4)/8 -> 0 | R28: =SUMIFS('REC_Sales'!$G:$G,'REC_Sales'!$J:$J,REC_SALES_FCST!$B28,'REC_Sales'!$E:$E,REC_SALES_FCST!R$4)/8 -> 0 | T28: =SUMIFS('REC_Sales'!$G:$G,'REC_Sales'!$J:$J,REC_SALES_FCST!$B28,'REC_Sales'!$E:$E,REC_SALES_FCST!T$4)/8 -> 0 | U28: =SUMIFS('REC_Sales'!$G:$G,'REC_Sales'!$J:$J,REC_SALES_FCST!$B28,'REC_Sales'!$E:$E,REC_SALES_FCST!U$4)/8 -> 0 | W28: =SUMIFS('REC_Sales'!$G:$G,'REC_Sales'!$J:$J,REC_SALES_FCST!$B28,'REC_Sales'!$E:$E,REC_SALES_FCST!W$4)/8 -> 0 | X28: =SUMIFS('REC_Sales'!$G:$G,'REC_Sales'!$J:$J,REC_SALES_FCST!$B28,'REC_Sales'!$E:$E,REC_SALES_FCST!X$4)/8 -> 0 | Z28: =SUMIFS('REC_Sales'!$G:$G,'REC_Sales'!$J:$J,REC_SALES_FCST!$B28,'REC_Sales'!$E:$E,REC_SALES_FCST!Z$4)/8 -> 0 | AA28: =SUMIFS('REC_Sales'!$G:$G,'REC_Sales'!$J:$J,REC_SALES_FCST!$B28,'REC_Sales'!$E:$E,REC_SALES_FCST!AA$4)/8 -> 0 | AC28: =SUMIFS('REC_Sales'!$G:$G,'REC_Sales'!$J:$J,REC_SALES_FCST!$B28,'REC_Sales'!$E:$E,REC_SALES_FCST!AC$4)/8 -> 0 | AD28: =SUMIFS('REC_Sales'!$G:$G,'REC_Sales'!$J:$J,REC_SALES_FCST!$B28,'REC_Sales'!$E:$E,REC_SALES_FCST!AD$4)/8 -> 0 | AF28: =SUMIFS('REC_Sales'!$G:$G,'REC_Sales'!$J:$J,REC_SALES_FCST!$B28,'REC_Sales'!$E:$E,REC_SALES_FCST!AF$4)/8 -> 0 | AG28: =SUMIFS('REC_Sales'!$G:$G,'REC_Sales'!$J:$J,REC_SALES_FCST!$B28,'REC_Sales'!$E:$E,REC_SALES_FCST!AG$4)/8 -> 0 | AI28: =SUMIFS('REC_Sales'!$G:$G,'REC_Sales'!$J:$J,REC_SALES_FCST!$B28,'REC_Sales'!$E:$E,REC_SALES_FCST!AI$4)/8 -> 0 | AJ28: =SUMIFS('REC_Sales'!$G:$G,'REC_Sales'!$J:$J,REC_SALES_FCST!$B28,'REC_Sales'!$E:$E,REC_SALES_FCST!AJ$4)/8 -> 0 | AL28: =SUMIFS('REC_Sales'!$G:$G,'REC_Sales'!$J:$J,REC_SALES_FCST!$B28,'REC_Sales'!$E:$E,REC_SALES_FCST!AL$4)/8 -> 0 | AM28: =SUMIFS('REC_Sales'!$G:$G,'REC_Sales'!$J:$J,REC_SALES_FCST!$B28,'REC_Sales'!$E:$E,REC_SALES_FCST!AM$4)/8 -> 0 | AO28: =SUMIFS('REC_Sales'!$G:$G,'REC_Sales'!$J:$J,REC_SALES_FCST!$B28,'REC_Sales'!$E:$E,REC_SALES_FCST!AO$4)/8 -> 0 | AP28: =SUMIFS('REC_Sales'!$G:$G,'REC_Sales'!$J:$J,REC_SALES_FCST!$B28,'REC_Sales'!$E:$E,REC_SALES_FCST!AP$4)/8 -> 0 | AR28: =SUMIFS('REC_Sales'!$G:$G,'REC_Sales'!$J:$J,REC_SALES_FCST!$B28,'REC_Sales'!$E:$E,REC_SALES_FCST!AR$4)/8 -> 0 | AS28: =SUMIFS('REC_Sales'!$G:$G,'REC_Sales'!$J:$J,REC_SALES_FCST!$B28,'REC_Sales'!$E:$E,REC_SALES_FCST!AS$4)/8 -> 0 | AU28: =SUMIFS('REC_Sales'!$G:$G,'REC_Sales'!$J:$J,REC_SALES_FCST!$B28,'REC_Sales'!$E:$E,REC_SALES_FCST!AU$4)/8 -> 0 | AV28: =SUMIFS('REC_Sales'!$G:$G,'REC_Sales'!$J:$J,REC_SALES_FCST!$B28,'REC_Sales'!$E:$E,REC_SALES_FCST!AV$4)/8 -> 0 | AX28: =SUMIFS('REC_Sales'!$G:$G,'REC_Sales'!$J:$J,REC_SALES_FCST!$B28,'REC_Sales'!$E:$E,REC_SALES_FCST!AX$4)/8 -> 0 | AY28: =SUMIFS('REC_Sales'!$G:$G,'REC_Sales'!$J:$J,REC_SALES_FCST!$B28,'REC_Sales'!$E:$E,REC_SALES_FCST!AY$4)/8 -> 0 | BA28: =SUMIFS('REC_Sales'!$G:$G,'REC_Sales'!$J:$J,REC_SALES_FCST!$B28,'REC_Sales'!$E:$E,REC_SALES_FCST!BA$4)/8 -> 0 | BB28: =SUMIFS('REC_Sales'!$G:$G,'REC_Sales'!$J:$J,REC_SALES_FCST!$B28,'REC_Sales'!$E:$E,REC_SALES_FCST!BB$4)/8 -> 0 | BD28: =SUMIFS('REC_Sales'!$G:$G,'REC_Sales'!$J:$J,REC_SALES_FCST!$B28,'REC_Sales'!$E:$E,REC_SALES_FCST!BD$4)/8 -> 0 | BE28: =SUMIFS('REC_Sales'!$G:$G,'REC_Sales'!$J:$J,REC_SALES_FCST!$B28,'REC_Sales'!$E:$E,REC_SALES_FCST!BE$4)/8 -> 0 | BG28: =SUMIFS('REC_Sales'!$G:$G,'REC_Sales'!$J:$J,REC_SALES_FCST!$B28,'REC_Sales'!$E:$E,REC_SALES_FCST!BG$4)/8 -> 0 | BH28: =SUMIFS('REC_Sales'!$G:$G,'REC_Sales'!$J:$J,REC_SALES_FCST!$B28,'REC_Sales'!$E:$E,REC_SALES_FCST!BH$4)/8 -> 0 | BJ28: =SUMIFS('REC_Sales'!$G:$G,'REC_Sales'!$J:$J,REC_SALES_FCST!$B28,'REC_Sales'!$E:$E,REC_SALES_FCST!BJ$4)/8 -> 0 | BK28: =SUMIFS('REC_Sales'!$G:$G,'REC_Sales'!$J:$J,REC_SALES_FCST!$B28,'REC_Sales'!$E:$E,REC_SALES_FCST!BK$4)/8 -> 0 | BM28: =SUMIFS('REC_Sales'!$G:$G,'REC_Sales'!$J:$J,REC_SALES_FCST!$B28,'REC_Sales'!$E:$E,REC_SALES_FCST!BM$4)/8 -> 0 | BN28: =SUMIFS('REC_Sales'!$G:$G,'REC_Sales'!$J:$J,REC_SALES_FCST!$B28,'REC_Sales'!$E:$E,REC_SALES_FCST!BN$4)/8 -> 0 | BP28: =SUMIFS('REC_Sales'!$G:$G,'REC_Sales'!$J:$J,REC_SALES_FCST!$B28,'REC_Sales'!$E:$E,REC_SALES_FCST!BP$4)/8 -> 0 | BQ28: =SUMIFS('REC_Sales'!$G:$G,'REC_Sales'!$J:$J,REC_SALES_FCST!$B28,'REC_Sales'!$E:$E,REC_SALES_FCST!BQ$4)/8 -> 0 | BS28: =SUMIFS('REC_Sales'!$G:$G,'REC_Sales'!$J:$J,REC_SALES_FCST!$B28,'REC_Sales'!$E:$E,REC_SALES_FCST!BS$4)/8 -> 0 | BT28: =SUMIFS('REC_Sales'!$G:$G,'REC_Sales'!$J:$J,REC_SALES_FCST!$B28,'REC_Sales'!$E:$E,REC_SALES_FCST!BT$4)/8 -> 0 | BV28: =SUMIFS('REC_Sales'!$G:$G,'REC_Sales'!$J:$J,REC_SALES_FCST!$B28,'REC_Sales'!$E:$E,REC_SALES_FCST!BV$4)/8 -> 0 | BW28: =SUMIFS('REC_Sales'!$G:$G,'REC_Sales'!$J:$J,REC_SALES_FCST!$B28,'REC_Sales'!$E:$E,REC_SALES_FCST!BW$4)/8 -> 0 | BY28: =SUMIFS('REC_Sales'!$G:$G,'REC_Sales'!$J:$J,REC_SALES_FCST!$B28,'REC_Sales'!$E:$E,REC_SALES_FCST!BY$4)/8 -> 0 | BZ28: =SUMIFS('REC_Sales'!$G:$G,'REC_Sales'!$J:$J,REC_SALES_FCST!$B28,'REC_Sales'!$E:$E,REC_SALES_FCST!BZ$4)/8 -> 0 | CB28: =SUMIFS('REC_Sales'!$G:$G,'REC_Sales'!$J:$J,REC_SALES_FCST!$B28,'REC_Sales'!$E:$E,REC_SALES_FCST!CB$4)/8 -> 0 | CC28: =SUMIFS('REC_Sales'!$G:$G,'REC_Sales'!$J:$J,REC_SALES_FCST!$B28,'REC_Sales'!$E:$E,REC_SALES_FCST!CC$4)/8 -> 0 | CE28: =SUMIFS('REC_Sales'!$G:$G,'REC_Sales'!$J:$J,REC_SALES_FCST!$B28,'REC_Sales'!$E:$E,REC_SALES_FCST!CE$4)/8 -> 0 | CF28: =SUMIFS('REC_Sales'!$G:$G,'REC_Sales'!$J:$J,REC_SALES_FCST!$B28,'REC_Sales'!$E:$E,REC_SALES_FCST!CF$4)/8 -> 0 | CH28: =SUMIFS('REC_Sales'!$G:$G,'REC_Sales'!$J:$J,REC_SALES_FCST!$B28,'REC_Sales'!$E:$E,REC_SALES_FCST!CH$4)/8 -> 0 | CI28: =SUMIFS('REC_Sales'!$G:$G,'REC_Sales'!$J:$J,REC_SALES_FCST!$B28,'REC_Sales'!$E:$E,REC_SALES_FCST!CI$4)/8 -> 0 | CK28: =SUMIFS('REC_Sales'!$G:$G,'REC_Sales'!$J:$J,REC_SALES_FCST!$B28,'REC_Sales'!$E:$E,REC_SALES_FCST!CK$4)/8 -> 0 | CL28: =SUMIFS('REC_Sales'!$G:$G,'REC_Sales'!$J:$J,REC_SALES_FCST!$B28,'REC_Sales'!$E:$E,REC_SALES_FCST!CL$4)/8 -> 0 | CN28: =SUMIFS('REC_Sales'!$G:$G,'REC_Sales'!$J:$J,REC_SALES_FCST!$B28,'REC_Sales'!$E:$E,REC_SALES_FCST!CN$4)/8 -> 0 | CO28: =SUMIFS('REC_Sales'!$G:$G,'REC_Sales'!$J:$J,REC_SALES_FCST!$B28,'REC_Sales'!$E:$E,REC_SALES_FCST!CO$4)/8 -> 0 | CQ28: =SUMIFS('REC_Sales'!$G:$G,'REC_Sales'!$J:$J,REC_SALES_FCST!$B28,'REC_Sales'!$E:$E,REC_SALES_FCST!CQ$4)/8 -> 0 | CR28: =SUMIFS('REC_Sales'!$G:$G,'REC_Sales'!$J:$J,REC_SALES_FCST!$B28,'REC_Sales'!$E:$E,REC_SALES_FCST!CR$4)/8 -> 0 | CT28: =SUMIFS('REC_Sales'!$G:$G,'REC_Sales'!$J:$J,REC_SALES_FCST!$B28,'REC_Sales'!$E:$E,REC_SALES_FCST!CT$4)/8 -> 0 | CU28: =SUMIFS('REC_Sales'!$G:$G,'REC_Sales'!$J:$J,REC_SALES_FCST!$B28,'REC_Sales'!$E:$E,REC_SALES_FCST!CU$4)/8 -> 0 | CW28: =SUMIFS('REC_Sales'!$G:$G,'REC_Sales'!$J:$J,REC_SALES_FCST!$B28,'REC_Sales'!$E:$E,REC_SALES_FCST!CW$4)/8 -> 0 | CX28: =SUMIFS('REC_Sales'!$G:$G,'REC_Sales'!$J:$J,REC_SALES_FCST!$B28,'REC_Sales'!$E:$E,REC_SALES_FCST!CX$4)/8 -> 0 | CZ28: =SUMIFS('REC_Sales'!$G:$G,'REC_Sales'!$J:$J,REC_SALES_FCST!$B28,'REC_Sales'!$E:$E,REC_SALES_FCST!CZ$4)/8 -> 0 | DA28: =SUMIFS('REC_Sales'!$G:$G,'REC_Sales'!$J:$J,REC_SALES_FCST!$B28,'REC_Sales'!$E:$E,REC_SALES_FCST!DA$4)/8 -> 0 | DC28: =SUMIFS('REC_Sales'!$G:$G,'REC_Sales'!$J:$J,REC_SALES_FCST!$B28,'REC_Sales'!$E:$E,REC_SALES_FCST!DC$4)/8 -> 0 | DD28: =SUMIFS('REC_Sales'!$G:$G,'REC_Sales'!$J:$J,REC_SALES_FCST!$B28,'REC_Sales'!$E:$E,REC_SALES_FCST!DD$4)/8 -> 0 | DF28: =SUMIFS('REC_Sales'!$G:$G,'REC_Sales'!$J:$J,REC_SALES_FCST!$B28,'REC_Sales'!$E:$E,REC_SALES_FCST!DF$4)/8 -> 0 | DG28: =SUMIFS('REC_Sales'!$G:$G,'REC_Sales'!$J:$J,REC_SALES_FCST!$B28,'REC_Sales'!$E:$E,REC_SALES_FCST!DG$4)/8 -> 0
B29: Billings Road | C29: MA Class I | E29: =SUMIFS('REC_Sales'!$G:$G,'REC_Sales'!$J:$J,REC_SALES_FCST!$B29,'REC_Sales'!$E:$E,REC_SALES_FCST!E$4)/8 -> 0 | F29: =SUMIFS('REC_Sales'!$G:$G,'REC_Sales'!$J:$J,REC_SALES_FCST!$B29,'REC_Sales'!$E:$E,REC_SALES_FCST!F$4)/8 -> 0 | H29: =SUMIFS('REC_Sales'!$G:$G,'REC_Sales'!$J:$J,REC_SALES_FCST!$B29,'REC_Sales'!$E:$E,REC_SALES_FCST!H$4)/8 -> 0 | I29: =SUMIFS('REC_Sales'!$G:$G,'REC_Sales'!$J:$J,REC_SALES_FCST!$B29,'REC_Sales'!$E:$E,REC_SALES_FCST!I$4)/8 -> 0 | K29: =SUMIFS('REC_Sales'!$G:$G,'REC_Sales'!$J:$J,REC_SALES_FCST!$B29,'REC_Sales'!$E:$E,REC_SALES_FCST!K$4)/8 -> 0 | L29: =SUMIFS('REC_Sales'!$G:$G,'REC_Sales'!$J:$J,REC_SALES_FCST!$B29,'REC_Sales'!$E:$E,REC_SALES_FCST!L$4)/8 -> 0 | N29: =SUMIFS('REC_Sales'!$G:$G,'REC_Sales'!$J:$J,REC_SALES_FCST!$B29,'REC_Sales'!$E:$E,REC_SALES_FCST!N$4)/8 -> 0 | O29: =SUMIFS('REC_Sales'!$G:$G,'REC_Sales'!$J:$J,REC_SALES_FCST!$B29,'REC_Sales'!$E:$E,REC_SALES_FCST!O$4)/8 -> 0 | Q29: =SUMIFS('REC_Sales'!$G:$G,'REC_Sales'!$J:$J,REC_SALES_FCST!$B29,'REC_Sales'!$E:$E,REC_SALES_FCST!Q$4)/8 -> 0 | R29: =SUMIFS('REC_Sales'!$G:$G,'REC_Sales'!$J:$J,REC_SALES_FCST!$B29,'REC_Sales'!$E:$E,REC_SALES_FCST!R$4)/8 -> 0 | T29: =SUMIFS('REC_Sales'!$G:$G,'REC_Sales'!$J:$J,REC_SALES_FCST!$B29,'REC_Sales'!$E:$E,REC_SALES_FCST!T$4)/8 -> 0 | U29: =SUMIFS('REC_Sales'!$G:$G,'REC_Sales'!$J:$J,REC_SALES_FCST!$B29,'REC_Sales'!$E:$E,REC_SALES_FCST!U$4)/8 -> 0 | W29: =SUMIFS('REC_Sales'!$G:$G,'REC_Sales'!$J:$J,REC_SALES_FCST!$B29,'REC_Sales'!$E:$E,REC_SALES_FCST!W$4)/8 -> 0 | X29: =SUMIFS('REC_Sales'!$G:$G,'REC_Sales'!$J:$J,REC_SALES_FCST!$B29,'REC_Sales'!$E:$E,REC_SALES_FCST!X$4)/8 -> 0 | Z29: =SUMIFS('REC_Sales'!$G:$G,'REC_Sales'!$J:$J,REC_SALES_FCST!$B29,'REC_Sales'!$E:$E,REC_SALES_FCST!Z$4)/8 -> 0 | AA29: =SUMIFS('REC_Sales'!$G:$G,'REC_Sales'!$J:$J,REC_SALES_FCST!$B29,'REC_Sales'!$E:$E,REC_SALES_FCST!AA$4)/8 -> 0 | AC29: =SUMIFS('REC_Sales'!$G:$G,'REC_Sales'!$J:$J,REC_SALES_FCST!$B29,'REC_Sales'!$E:$E,REC_SALES_FCST!AC$4)/8 -> 0 | AD29: =SUMIFS('REC_Sales'!$G:$G,'REC_Sales'!$J:$J,REC_SALES_FCST!$B29,'REC_Sales'!$E:$E,REC_SALES_FCST!AD$4)/8 -> 0 | AF29: =SUMIFS('REC_Sales'!$G:$G,'REC_Sales'!$J:$J,REC_SALES_FCST!$B29,'REC_Sales'!$E:$E,REC_SALES_FCST!AF$4)/8 -> 0 | AG29: =SUMIFS('REC_Sales'!$G:$G,'REC_Sales'!$J:$J,REC_SALES_FCST!$B29,'REC_Sales'!$E:$E,REC_SALES_FCST!AG$4)/8 -> 0 | AI29: =SUMIFS('REC_Sales'!$G:$G,'REC_Sales'!$J:$J,REC_SALES_FCST!$B29,'REC_Sales'!$E:$E,REC_SALES_FCST!AI$4)/8 -> 0 | AJ29: =SUMIFS('REC_Sales'!$G:$G,'REC_Sales'!$J:$J,REC_SALES_FCST!$B29,'REC_Sales'!$E:$E,REC_SALES_FCST!AJ$4)/8 -> 0 | AL29: =SUMIFS('REC_Sales'!$G:$G,'REC_Sales'!$J:$J,REC_SALES_FCST!$B29,'REC_Sales'!$E:$E,REC_SALES_FCST!AL$4)/8 -> 0 | AM29: =SUMIFS('REC_Sales'!$G:$G,'REC_Sales'!$J:$J,REC_SALES_FCST!$B29,'REC_Sales'!$E:$E,REC_SALES_FCST!AM$4)/8 -> 0 | AO29: =SUMIFS('REC_Sales'!$G:$G,'REC_Sales'!$J:$J,REC_SALES_FCST!$B29,'REC_Sales'!$E:$E,REC_SALES_FCST!AO$4)/8 -> 0 | AP29: =SUMIFS('REC_Sales'!$G:$G,'REC_Sales'!$J:$J,REC_SALES_FCST!$B29,'REC_Sales'!$E:$E,REC_SALES_FCST!AP$4)/8 -> 0 | AR29: =SUMIFS('REC_Sales'!$G:$G,'REC_Sales'!$J:$J,REC_SALES_FCST!$B29,'REC_Sales'!$E:$E,REC_SALES_FCST!AR$4)/8 -> 0 | AS29: =SUMIFS('REC_Sales'!$G:$G,'REC_Sales'!$J:$J,REC_SALES_FCST!$B29,'REC_Sales'!$E:$E,REC_SALES_FCST!AS$4)/8 -> 0 | AU29: =SUMIFS('REC_Sales'!$G:$G,'REC_Sales'!$J:$J,REC_SALES_FCST!$B29,'REC_Sales'!$E:$E,REC_SALES_FCST!AU$4)/8 -> 0 | AV29: =SUMIFS('REC_Sales'!$G:$G,'REC_Sales'!$J:$J,REC_SALES_FCST!$B29,'REC_Sales'!$E:$E,REC_SALES_FCST!AV$4)/8 -> 0 | AX29: =SUMIFS('REC_Sales'!$G:$G,'REC_Sales'!$J:$J,REC_SALES_FCST!$B29,'REC_Sales'!$E:$E,REC_SALES_FCST!AX$4)/8 -> 0 | AY29: =SUMIFS('REC_Sales'!$G:$G,'REC_Sales'!$J:$J,REC_SALES_FCST!$B29,'REC_Sales'!$E:$E,REC_SALES_FCST!AY$4)/8 -> 0 | BA29: =SUMIFS('REC_Sales'!$G:$G,'REC_Sales'!$J:$J,REC_SALES_FCST!$B29,'REC_Sales'!$E:$E,REC_SALES_FCST!BA$4)/8 -> 0 | BB29: =SUMIFS('REC_Sales'!$G:$G,'REC_Sales'!$J:$J,REC_SALES_FCST!$B29,'REC_Sales'!$E:$E,REC_SALES_FCST!BB$4)/8 -> 0 | BD29: =SUMIFS('REC_Sales'!$G:$G,'REC_Sales'!$J:$J,REC_SALES_FCST!$B29,'REC_Sales'!$E:$E,REC_SALES_FCST!BD$4)/8 -> 0 | BE29: =SUMIFS('REC_Sales'!$G:$G,'REC_Sales'!$J:$J,REC_SALES_FCST!$B29,'REC_Sales'!$E:$E,REC_SALES_FCST!BE$4)/8 -> 0 | BG29: =SUMIFS('REC_Sales'!$G:$G,'REC_Sales'!$J:$J,REC_SALES_FCST!$B29,'REC_Sales'!$E:$E,REC_SALES_FCST!BG$4)/8 -> 0 | BH29: =SUMIFS('REC_Sales'!$G:$G,'REC_Sales'!$J:$J,REC_SALES_FCST!$B29,'REC_Sales'!$E:$E,REC_SALES_FCST!BH$4)/8 -> 0 | BJ29: =SUMIFS('REC_Sales'!$G:$G,'REC_Sales'!$J:$J,REC_SALES_FCST!$B29,'REC_Sales'!$E:$E,REC_SALES_FCST!BJ$4)/8 -> 0 | BK29: =SUMIFS('REC_Sales'!$G:$G,'REC_Sales'!$J:$J,REC_SALES_FCST!$B29,'REC_Sales'!$E:$E,REC_SALES_FCST!BK$4)/8 -> 0 | BM29: =SUMIFS('REC_Sales'!$G:$G,'REC_Sales'!$J:$J,REC_SALES_FCST!$B29,'REC_Sales'!$E:$E,REC_SALES_FCST!BM$4)/8 -> 0 | BN29: =SUMIFS('REC_Sales'!$G:$G,'REC_Sales'!$J:$J,REC_SALES_FCST!$B29,'REC_Sales'!$E:$E,REC_SALES_FCST!BN$4)/8 -> 0 | BP29: =SUMIFS('REC_Sales'!$G:$G,'REC_Sales'!$J:$J,REC_SALES_FCST!$B29,'REC_Sales'!$E:$E,REC_SALES_FCST!BP$4)/8 -> 0 | BQ29: =SUMIFS('REC_Sales'!$G:$G,'REC_Sales'!$J:$J,REC_SALES_FCST!$B29,'REC_Sales'!$E:$E,REC_SALES_FCST!BQ$4)/8 -> 0 | BS29: =SUMIFS('REC_Sales'!$G:$G,'REC_Sales'!$J:$J,REC_SALES_FCST!$B29,'REC_Sales'!$E:$E,REC_SALES_FCST!BS$4)/8 -> 0 | BT29: =SUMIFS('REC_Sales'!$G:$G,'REC_Sales'!$J:$J,REC_SALES_FCST!$B29,'REC_Sales'!$E:$E,REC_SALES_FCST!BT$4)/8 -> 0 | BV29: =SUMIFS('REC_Sales'!$G:$G,'REC_Sales'!$J:$J,REC_SALES_FCST!$B29,'REC_Sales'!$E:$E,REC_SALES_FCST!BV$4)/8 -> 0 | BW29: =SUMIFS('REC_Sales'!$G:$G,'REC_Sales'!$J:$J,REC_SALES_FCST!$B29,'REC_Sales'!$E:$E,REC_SALES_FCST!BW$4)/8 -> 0 | BY29: =SUMIFS('REC_Sales'!$G:$G,'REC_Sales'!$J:$J,REC_SALES_FCST!$B29,'REC_Sales'!$E:$E,REC_SALES_FCST!BY$4)/8 -> 0 | BZ29: =SUMIFS('REC_Sales'!$G:$G,'REC_Sales'!$J:$J,REC_SALES_FCST!$B29,'REC_Sales'!$E:$E,REC_SALES_FCST!BZ$4)/8 -> 0 | CB29: =SUMIFS('REC_Sales'!$G:$G,'REC_Sales'!$J:$J,REC_SALES_FCST!$B29,'REC_Sales'!$E:$E,REC_SALES_FCST!CB$4)/8 -> 0 | CC29: =SUMIFS('REC_Sales'!$G:$G,'REC_Sales'!$J:$J,REC_SALES_FCST!$B29,'REC_Sales'!$E:$E,REC_SALES_FCST!CC$4)/8 -> 0 | CE29: =SUMIFS('REC_Sales'!$G:$G,'REC_Sales'!$J:$J,REC_SALES_FCST!$B29,'REC_Sales'!$E:$E,REC_SALES_FCST!CE$4)/8 -> 0 | CF29: =SUMIFS('REC_Sales'!$G:$G,'REC_Sales'!$J:$J,REC_SALES_FCST!$B29,'REC_Sales'!$E:$E,REC_SALES_FCST!CF$4)/8 -> 0 | CH29: =SUMIFS('REC_Sales'!$G:$G,'REC_Sales'!$J:$J,REC_SALES_FCST!$B29,'REC_Sales'!$E:$E,REC_SALES_FCST!CH$4)/8 -> 0 | CI29: =SUMIFS('REC_Sales'!$G:$G,'REC_Sales'!$J:$J,REC_SALES_FCST!$B29,'REC_Sales'!$E:$E,REC_SALES_FCST!CI$4)/8 -> 0 | CK29: =SUMIFS('REC_Sales'!$G:$G,'REC_Sales'!$J:$J,REC_SALES_FCST!$B29,'REC_Sales'!$E:$E,REC_SALES_FCST!CK$4)/8 -> 0 | CL29: =SUMIFS('REC_Sales'!$G:$G,'REC_Sales'!$J:$J,REC_SALES_FCST!$B29,'REC_Sales'!$E:$E,REC_SALES_FCST!CL$4)/8 -> 0 | CN29: =SUMIFS('REC_Sales'!$G:$G,'REC_Sales'!$J:$J,REC_SALES_FCST!$B29,'REC_Sales'!$E:$E,REC_SALES_FCST!CN$4)/8 -> 0 | CO29: =SUMIFS('REC_Sales'!$G:$G,'REC_Sales'!$J:$J,REC_SALES_FCST!$B29,'REC_Sales'!$E:$E,REC_SALES_FCST!CO$4)/8 -> 0 | CQ29: =SUMIFS('REC_Sales'!$G:$G,'REC_Sales'!$J:$J,REC_SALES_FCST!$B29,'REC_Sales'!$E:$E,REC_SALES_FCST!CQ$4)/8 -> 0 | CR29: =SUMIFS('REC_Sales'!$G:$G,'REC_Sales'!$J:$J,REC_SALES_FCST!$B29,'REC_Sales'!$E:$E,REC_SALES_FCST!CR$4)/8 -> 0 | CT29: =SUMIFS('REC_Sales'!$G:$G,'REC_Sales'!$J:$J,REC_SALES_FCST!$B29,'REC_Sales'!$E:$E,REC_SALES_FCST!CT$4)/8 -> 0 | CU29: =SUMIFS('REC_Sales'!$G:$G,'REC_Sales'!$J:$J,REC_SALES_FCST!$B29,'REC_Sales'!$E:$E,REC_SALES_FCST!CU$4)/8 -> 0 | CW29: =SUMIFS('REC_Sales'!$G:$G,'REC_Sales'!$J:$J,REC_SALES_FCST!$B29,'REC_Sales'!$E:$E,REC_SALES_FCST!CW$4)/8 -> 0 | CX29: =SUMIFS('REC_Sales'!$G:$G,'REC_Sales'!$J:$J,REC_SALES_FCST!$B29,'REC_Sales'!$E:$E,REC_SALES_FCST!CX$4)/8 -> 0 | CZ29: =SUMIFS('REC_Sales'!$G:$G,'REC_Sales'!$J:$J,REC_SALES_FCST!$B29,'REC_Sales'!$E:$E,REC_SALES_FCST!CZ$4)/8 -> 0 | DA29: =SUMIFS('REC_Sales'!$G:$G,'REC_Sales'!$J:$J,REC_SALES_FCST!$B29,'REC_Sales'!$E:$E,REC_SALES_FCST!DA$4)/8 -> 0 | DC29: =SUMIFS('REC_Sales'!$G:$G,'REC_Sales'!$J:$J,REC_SALES_FCST!$B29,'REC_Sales'!$E:$E,REC_SALES_FCST!DC$4)/8 -> 0 | DD29: =SUMIFS('REC_Sales'!$G:$G,'REC_Sales'!$J:$J,REC_SALES_FCST!$B29,'REC_Sales'!$E:$E,REC_SALES_FCST!DD$4)/8 -> 0 | DF29: =SUMIFS('REC_Sales'!$G:$G,'REC_Sales'!$J:$J,REC_SALES_FCST!$B29,'REC_Sales'!$E:$E,REC_SALES_FCST!DF$4)/8 -> 0 | DG29: =SUMIFS('REC_Sales'!$G:$G,'REC_Sales'!$J:$J,REC_SALES_FCST!$B29,'REC_Sales'!$E:$E,REC_SALES_FCST!DG$4)/8 -> 0
B30: Bone Hill | C30: MA Class I | E30: =SUMIFS('REC_Sales'!$G:$G,'REC_Sales'!$J:$J,REC_SALES_FCST!$B30,'REC_Sales'!$E:$E,REC_SALES_FCST!E$4)/8 -> 0 | F30: =SUMIFS('REC_Sales'!$G:$G,'REC_Sales'!$J:$J,REC_SALES_FCST!$B30,'REC_Sales'!$E:$E,REC_SALES_FCST!F$4)/8 -> 0 | H30: =SUMIFS('REC_Sales'!$G:$G,'REC_Sales'!$J:$J,REC_SALES_FCST!$B30,'REC_Sales'!$E:$E,REC_SALES_FCST!H$4)/8 -> 0 | I30: =SUMIFS('REC_Sales'!$G:$G,'REC_Sales'!$J:$J,REC_SALES_FCST!$B30,'REC_Sales'!$E:$E,REC_SALES_FCST!I$4)/8 -> 0 | K30: =SUMIFS('REC_Sales'!$G:$G,'REC_Sales'!$J:$J,REC_SALES_FCST!$B30,'REC_Sales'!$E:$E,REC_SALES_FCST!K$4)/8 -> 0 | L30: =SUMIFS('REC_Sales'!$G:$G,'REC_Sales'!$J:$J,REC_SALES_FCST!$B30,'REC_Sales'!$E:$E,REC_SALES_FCST!L$4)/8 -> 0 | N30: =SUMIFS('REC_Sales'!$G:$G,'REC_Sales'!$J:$J,REC_SALES_FCST!$B30,'REC_Sales'!$E:$E,REC_SALES_FCST!N$4)/8 -> 0 | O30: =SUMIFS('REC_Sales'!$G:$G,'REC_Sales'!$J:$J,REC_SALES_FCST!$B30,'REC_Sales'!$E:$E,REC_SALES_FCST!O$4)/8 -> 0 | Q30: =SUMIFS('REC_Sales'!$G:$G,'REC_Sales'!$J:$J,REC_SALES_FCST!$B30,'REC_Sales'!$E:$E,REC_SALES_FCST!Q$4)/8 -> 0 | R30: =SUMIFS('REC_Sales'!$G:$G,'REC_Sales'!$J:$J,REC_SALES_FCST!$B30,'REC_Sales'!$E:$E,REC_SALES_FCST!R$4)/8 -> 0 | T30: =SUMIFS('REC_Sales'!$G:$G,'REC_Sales'!$J:$J,REC_SALES_FCST!$B30,'REC_Sales'!$E:$E,REC_SALES_FCST!T$4)/8 -> 0 | U30: =SUMIFS('REC_Sales'!$G:$G,'REC_Sales'!$J:$J,REC_SALES_FCST!$B30,'REC_Sales'!$E:$E,REC_SALES_FCST!U$4)/8 -> 0 | W30: =SUMIFS('REC_Sales'!$G:$G,'REC_Sales'!$J:$J,REC_SALES_FCST!$B30,'REC_Sales'!$E:$E,REC_SALES_FCST!W$4)/8 -> 0 | X30: =SUMIFS('REC_Sales'!$G:$G,'REC_Sales'!$J:$J,REC_SALES_FCST!$B30,'REC_Sales'!$E:$E,REC_SALES_FCST!X$4)/8 -> 0 | Z30: =SUMIFS('REC_Sales'!$G:$G,'REC_Sales'!$J:$J,REC_SALES_FCST!$B30,'REC_Sales'!$E:$E,REC_SALES_FCST!Z$4)/8 -> 0 | AA30: =SUMIFS('REC_Sales'!$G:$G,'REC_Sales'!$J:$J,REC_SALES_FCST!$B30,'REC_Sales'!$E:$E,REC_SALES_FCST!AA$4)/8 -> 0 | AC30: =SUMIFS('REC_Sales'!$G:$G,'REC_Sales'!$J:$J,REC_SALES_FCST!$B30,'REC_Sales'!$E:$E,REC_SALES_FCST!AC$4)/8 -> 0 | AD30: =SUMIFS('REC_Sales'!$G:$G,'REC_Sales'!$J:$J,REC_SALES_FCST!$B30,'REC_Sales'!$E:$E,REC_SALES_FCST!AD$4)/8 -> 0 | AF30: =SUMIFS('REC_Sales'!$G:$G,'REC_Sales'!$J:$J,REC_SALES_FCST!$B30,'REC_Sales'!$E:$E,REC_SALES_FCST!AF$4)/8 -> 0 | AG30: =SUMIFS('REC_Sales'!$G:$G,'REC_Sales'!$J:$J,REC_SALES_FCST!$B30,'REC_Sales'!$E:$E,REC_SALES_FCST!AG$4)/8 -> 0 | AI30: =SUMIFS('REC_Sales'!$G:$G,'REC_Sales'!$J:$J,REC_SALES_FCST!$B30,'REC_Sales'!$E:$E,REC_SALES_FCST!AI$4)/8 -> 0 | AJ30: =SUMIFS('REC_Sales'!$G:$G,'REC_Sales'!$J:$J,REC_SALES_FCST!$B30,'REC_Sales'!$E:$E,REC_SALES_FCST!AJ$4)/8 -> 0 | AL30: =SUMIFS('REC_Sales'!$G:$G,'REC_Sales'!$J:$J,REC_SALES_FCST!$B30,'REC_Sales'!$E:$E,REC_SALES_FCST!AL$4)/8 -> 0 | AM30: =SUMIFS('REC_Sales'!$G:$G,'REC_Sales'!$J:$J,REC_SALES_FCST!$B30,'REC_Sales'!$E:$E,REC_SALES_FCST!AM$4)/8 -> 0 | AO30: =SUMIFS('REC_Sales'!$G:$G,'REC_Sales'!$J:$J,REC_SALES_FCST!$B30,'REC_Sales'!$E:$E,REC_SALES_FCST!AO$4)/8 -> 0 | AP30: =SUMIFS('REC_Sales'!$G:$G,'REC_Sales'!$J:$J,REC_SALES_FCST!$B30,'REC_Sales'!$E:$E,REC_SALES_FCST!AP$4)/8 -> 0 | AR30: =SUMIFS('REC_Sales'!$G:$G,'REC_Sales'!$J:$J,REC_SALES_FCST!$B30,'REC_Sales'!$E:$E,REC_SALES_FCST!AR$4)/8 -> 0 | AS30: =SUMIFS('REC_Sales'!$G:$G,'REC_Sales'!$J:$J,REC_SALES_FCST!$B30,'REC_Sales'!$E:$E,REC_SALES_FCST!AS$4)/8 -> 0 | AU30: =SUMIFS('REC_Sales'!$G:$G,'REC_Sales'!$J:$J,REC_SALES_FCST!$B30,'REC_Sales'!$E:$E,REC_SALES_FCST!AU$4)/8 -> 0 | AV30: =SUMIFS('REC_Sales'!$G:$G,'REC_Sales'!$J:$J,REC_SALES_FCST!$B30,'REC_Sales'!$E:$E,REC_SALES_FCST!AV$4)/8 -> 0 | AX30: =SUMIFS('REC_Sales'!$G:$G,'REC_Sales'!$J:$J,REC_SALES_FCST!$B30,'REC_Sales'!$E:$E,REC_SALES_FCST!AX$4)/8 -> 0 | AY30: =SUMIFS('REC_Sales'!$G:$G,'REC_Sales'!$J:$J,REC_SALES_FCST!$B30,'REC_Sales'!$E:$E,REC_SALES_FCST!AY$4)/8 -> 0 | BA30: =SUMIFS('REC_Sales'!$G:$G,'REC_Sales'!$J:$J,REC_SALES_FCST!$B30,'REC_Sales'!$E:$E,REC_SALES_FCST!BA$4)/8 -> 0 | BB30: =SUMIFS('REC_Sales'!$G:$G,'REC_Sales'!$J:$J,REC_SALES_FCST!$B30,'REC_Sales'!$E:$E,REC_SALES_FCST!BB$4)/8 -> 0 | BD30: =SUMIFS('REC_Sales'!$G:$G,'REC_Sales'!$J:$J,REC_SALES_FCST!$B30,'REC_Sales'!$E:$E,REC_SALES_FCST!BD$4)/8 -> 0 | BE30: =SUMIFS('REC_Sales'!$G:$G,'REC_Sales'!$J:$J,REC_SALES_FCST!$B30,'REC_Sales'!$E:$E,REC_SALES_FCST!BE$4)/8 -> 0 | BG30: =SUMIFS('REC_Sales'!$G:$G,'REC_Sales'!$J:$J,REC_SALES_FCST!$B30,'REC_Sales'!$E:$E,REC_SALES_FCST!BG$4)/8 -> 0 | BH30: =SUMIFS('REC_Sales'!$G:$G,'REC_Sales'!$J:$J,REC_SALES_FCST!$B30,'REC_Sales'!$E:$E,REC_SALES_FCST!BH$4)/8 -> 0 | BJ30: =SUMIFS('REC_Sales'!$G:$G,'REC_Sales'!$J:$J,REC_SALES_FCST!$B30,'REC_Sales'!$E:$E,REC_SALES_FCST!BJ$4)/8 -> 0 | BK30: =SUMIFS('REC_Sales'!$G:$G,'REC_Sales'!$J:$J,REC_SALES_FCST!$B30,'REC_Sales'!$E:$E,REC_SALES_FCST!BK$4)/8 -> 0 | BM30: =SUMIFS('REC_Sales'!$G:$G,'REC_Sales'!$J:$J,REC_SALES_FCST!$B30,'REC_Sales'!$E:$E,REC_SALES_FCST!BM$4)/8 -> 0 | BN30: =SUMIFS('REC_Sales'!$G:$G,'REC_Sales'!$J:$J,REC_SALES_FCST!$B30,'REC_Sales'!$E:$E,REC_SALES_FCST!BN$4)/8 -> 0 | BP30: =SUMIFS('REC_Sales'!$G:$G,'REC_Sales'!$J:$J,REC_SALES_FCST!$B30,'REC_Sales'!$E:$E,REC_SALES_FCST!BP$4)/8 -> 0 | BQ30: =SUMIFS('REC_Sales'!$G:$G,'REC_Sales'!$J:$J,REC_SALES_FCST!$B30,'REC_Sales'!$E:$E,REC_SALES_FCST!BQ$4)/8 -> 0 | BS30: =SUMIFS('REC_Sales'!$G:$G,'REC_Sales'!$J:$J,REC_SALES_FCST!$B30,'REC_Sales'!$E:$E,REC_SALES_FCST!BS$4)/8 -> 0 | BT30: =SUMIFS('REC_Sales'!$G:$G,'REC_Sales'!$J:$J,REC_SALES_FCST!$B30,'REC_Sales'!$E:$E,REC_SALES_FCST!BT$4)/8 -> 0 | BV30: =SUMIFS('REC_Sales'!$G:$G,'REC_Sales'!$J:$J,REC_SALES_FCST!$B30,'REC_Sales'!$E:$E,REC_SALES_FCST!BV$4)/8 -> 0 | BW30: =SUMIFS('REC_Sales'!$G:$G,'REC_Sales'!$J:$J,REC_SALES_FCST!$B30,'REC_Sales'!$E:$E,REC_SALES_FCST!BW$4)/8 -> 0 | BY30: =SUMIFS('REC_Sales'!$G:$G,'REC_Sales'!$J:$J,REC_SALES_FCST!$B30,'REC_Sales'!$E:$E,REC_SALES_FCST!BY$4)/8 -> 0 | BZ30: =SUMIFS('REC_Sales'!$G:$G,'REC_Sales'!$J:$J,REC_SALES_FCST!$B30,'REC_Sales'!$E:$E,REC_SALES_FCST!BZ$4)/8 -> 0 | CB30: =SUMIFS('REC_Sales'!$G:$G,'REC_Sales'!$J:$J,REC_SALES_FCST!$B30,'REC_Sales'!$E:$E,REC_SALES_FCST!CB$4)/8 -> 0 | CC30: =SUMIFS('REC_Sales'!$G:$G,'REC_Sales'!$J:$J,REC_SALES_FCST!$B30,'REC_Sales'!$E:$E,REC_SALES_FCST!CC$4)/8 -> 0 | CE30: =SUMIFS('REC_Sales'!$G:$G,'REC_Sales'!$J:$J,REC_SALES_FCST!$B30,'REC_Sales'!$E:$E,REC_SALES_FCST!CE$4)/8 -> 0 | CF30: =SUMIFS('REC_Sales'!$G:$G,'REC_Sales'!$J:$J,REC_SALES_FCST!$B30,'REC_Sales'!$E:$E,REC_SALES_FCST!CF$4)/8 -> 0 | CH30: =SUMIFS('REC_Sales'!$G:$G,'REC_Sales'!$J:$J,REC_SALES_FCST!$B30,'REC_Sales'!$E:$E,REC_SALES_FCST!CH$4)/8 -> 0 | CI30: =SUMIFS('REC_Sales'!$G:$G,'REC_Sales'!$J:$J,REC_SALES_FCST!$B30,'REC_Sales'!$E:$E,REC_SALES_FCST!CI$4)/8 -> 0 | CK30: =SUMIFS('REC_Sales'!$G:$G,'REC_Sales'!$J:$J,REC_SALES_FCST!$B30,'REC_Sales'!$E:$E,REC_SALES_FCST!CK$4)/8 -> 0 | CL30: =SUMIFS('REC_Sales'!$G:$G,'REC_Sales'!$J:$J,REC_SALES_FCST!$B30,'REC_Sales'!$E:$E,REC_SALES_FCST!CL$4)/8 -> 0 | CN30: =SUMIFS('REC_Sales'!$G:$G,'REC_Sales'!$J:$J,REC_SALES_FCST!$B30,'REC_Sales'!$E:$E,REC_SALES_FCST!CN$4)/8 -> 0 | CO30: =SUMIFS('REC_Sales'!$G:$G,'REC_Sales'!$J:$J,REC_SALES_FCST!$B30,'REC_Sales'!$E:$E,REC_SALES_FCST!CO$4)/8 -> 0 | CQ30: =SUMIFS('REC_Sales'!$G:$G,'REC_Sales'!$J:$J,REC_SALES_FCST!$B30,'REC_Sales'!$E:$E,REC_SALES_FCST!CQ$4)/8 -> 0 | CR30: =SUMIFS('REC_Sales'!$G:$G,'REC_Sales'!$J:$J,REC_SALES_FCST!$B30,'REC_Sales'!$E:$E,REC_SALES_FCST!CR$4)/8 -> 0 | CT30: =SUMIFS('REC_Sales'!$G:$G,'REC_Sales'!$J:$J,REC_SALES_FCST!$B30,'REC_Sales'!$E:$E,REC_SALES_FCST!CT$4)/8 -> 0 | CU30: =SUMIFS('REC_Sales'!$G:$G,'REC_Sales'!$J:$J,REC_SALES_FCST!$B30,'REC_Sales'!$E:$E,REC_SALES_FCST!CU$4)/8 -> 0 | CW30: =SUMIFS('REC_Sales'!$G:$G,'REC_Sales'!$J:$J,REC_SALES_FCST!$B30,'REC_Sales'!$E:$E,REC_SALES_FCST!CW$4)/8 -> 0 | CX30: =SUMIFS('REC_Sales'!$G:$G,'REC_Sales'!$J:$J,REC_SALES_FCST!$B30,'REC_Sales'!$E:$E,REC_SALES_FCST!CX$4)/8 -> 0 | CZ30: =SUMIFS('REC_Sales'!$G:$G,'REC_Sales'!$J:$J,REC_SALES_FCST!$B30,'REC_Sales'!$E:$E,REC_SALES_FCST!CZ$4)/8 -> 0 | DA30: =SUMIFS('REC_Sales'!$G:$G,'REC_Sales'!$J:$J,REC_SALES_FCST!$B30,'REC_Sales'!$E:$E,REC_SALES_FCST!DA$4)/8 -> 0 | DC30: =SUMIFS('REC_Sales'!$G:$G,'REC_Sales'!$J:$J,REC_SALES_FCST!$B30,'REC_Sales'!$E:$E,REC_SALES_FCST!DC$4)/8 -> 0 | DD30: =SUMIFS('REC_Sales'!$G:$G,'REC_Sales'!$J:$J,REC_SALES_FCST!$B30,'REC_Sales'!$E:$E,REC_SALES_FCST!DD$4)/8 -> 0 | DF30: =SUMIFS('REC_Sales'!$G:$G,'REC_Sales'!$J:$J,REC_SALES_FCST!$B30,'REC_Sales'!$E:$E,REC_SALES_FCST!DF$4)/8 -> 0 | DG30: =SUMIFS('REC_Sales'!$G:$G,'REC_Sales'!$J:$J,REC_SALES_FCST!$B30,'REC_Sales'!$E:$E,REC_SALES_FCST!DG$4)/8 -> 0
B31: Cady's Falls | C31: MA Class II | E31: =SUMIFS('REC_Sales'!$G:$G,'REC_Sales'!$J:$J,REC_SALES_FCST!$B31,'REC_Sales'!$E:$E,REC_SALES_FCST!E$4)/8 -> 0 | F31: =SUMIFS('REC_Sales'!$G:$G,'REC_Sales'!$J:$J,REC_SALES_FCST!$B31,'REC_Sales'!$E:$E,REC_SALES_FCST!F$4)/8 -> 0 | H31: =SUMIFS('REC_Sales'!$G:$G,'REC_Sales'!$J:$J,REC_SALES_FCST!$B31,'REC_Sales'!$E:$E,REC_SALES_FCST!H$4)/8 -> 0 | I31: =SUMIFS('REC_Sales'!$G:$G,'REC_Sales'!$J:$J,REC_SALES_FCST!$B31,'REC_Sales'!$E:$E,REC_SALES_FCST!I$4)/8 -> 0 | K31: =SUMIFS('REC_Sales'!$G:$G,'REC_Sales'!$J:$J,REC_SALES_FCST!$B31,'REC_Sales'!$E:$E,REC_SALES_FCST!K$4)/8 -> 0 | L31: =SUMIFS('REC_Sales'!$G:$G,'REC_Sales'!$J:$J,REC_SALES_FCST!$B31,'REC_Sales'!$E:$E,REC_SALES_FCST!L$4)/8 -> 0 | N31: =SUMIFS('REC_Sales'!$G:$G,'REC_Sales'!$J:$J,REC_SALES_FCST!$B31,'REC_Sales'!$E:$E,REC_SALES_FCST!N$4)/8 -> 0 | O31: =SUMIFS('REC_Sales'!$G:$G,'REC_Sales'!$J:$J,REC_SALES_FCST!$B31,'REC_Sales'!$E:$E,REC_SALES_FCST!O$4)/8 -> 0 | Q31: =SUMIFS('REC_Sales'!$G:$G,'REC_Sales'!$J:$J,REC_SALES_FCST!$B31,'REC_Sales'!$E:$E,REC_SALES_FCST!Q$4)/8 -> 0 | R31: =SUMIFS('REC_Sales'!$G:$G,'REC_Sales'!$J:$J,REC_SALES_FCST!$B31,'REC_Sales'!$E:$E,REC_SALES_FCST!R$4)/8 -> 0 | T31: =SUMIFS('REC_Sales'!$G:$G,'REC_Sales'!$J:$J,REC_SALES_FCST!$B31,'REC_Sales'!$E:$E,REC_SALES_FCST!T$4)/8 -> 0 | U31: =SUMIFS('REC_Sales'!$G:$G,'REC_Sales'!$J:$J,REC_SALES_FCST!$B31,'REC_Sales'!$E:$E,REC_SALES_FCST!U$4)/8 -> 0 | W31: =SUMIFS('REC_Sales'!$G:$G,'REC_Sales'!$J:$J,REC_SALES_FCST!$B31,'REC_Sales'!$E:$E,REC_SALES_FCST!W$4)/8 -> 0 | X31: =SUMIFS('REC_Sales'!$G:$G,'REC_Sales'!$J:$J,REC_SALES_FCST!$B31,'REC_Sales'!$E:$E,REC_SALES_FCST!X$4)/8 -> 0 | Z31: =SUMIFS('REC_Sales'!$G:$G,'REC_Sales'!$J:$J,REC_SALES_FCST!$B31,'REC_Sales'!$E:$E,REC_SALES_FCST!Z$4)/8 -> 0 | AA31: =SUMIFS('REC_Sales'!$G:$G,'REC_Sales'!$J:$J,REC_SALES_FCST!$B31,'REC_Sales'!$E:$E,REC_SALES_FCST!AA$4)/8 -> 0 | AC31: =SUMIFS('REC_Sales'!$G:$G,'REC_Sales'!$J:$J,REC_SALES_FCST!$B31,'REC_Sales'!$E:$E,REC_SALES_FCST!AC$4)/8 -> 0 | AD31: =SUMIFS('REC_Sales'!$G:$G,'REC_Sales'!$J:$J,REC_SALES_FCST!$B31,'REC_Sales'!$E:$E,REC_SALES_FCST!AD$4)/8 -> 0 | AF31: =SUMIFS('REC_Sales'!$G:$G,'REC_Sales'!$J:$J,REC_SALES_FCST!$B31,'REC_Sales'!$E:$E,REC_SALES_FCST!AF$4)/8 -> 0 | AG31: =SUMIFS('REC_Sales'!$G:$G,'REC_Sales'!$J:$J,REC_SALES_FCST!$B31,'REC_Sales'!$E:$E,REC_SALES_FCST!AG$4)/8 -> 0 | AI31: =SUMIFS('REC_Sales'!$G:$G,'REC_Sales'!$J:$J,REC_SALES_FCST!$B31,'REC_Sales'!$E:$E,REC_SALES_FCST!AI$4)/8 -> 0 | AJ31: =SUMIFS('REC_Sales'!$G:$G,'REC_Sales'!$J:$J,REC_SALES_FCST!$B31,'REC_Sales'!$E:$E,REC_SALES_FCST!AJ$4)/8 -> 0 | AL31: =SUMIFS('REC_Sales'!$G:$G,'REC_Sales'!$J:$J,REC_SALES_FCST!$B31,'REC_Sales'!$E:$E,REC_SALES_FCST!AL$4)/8 -> 0 | AM31: =SUMIFS('REC_Sales'!$G:$G,'REC_Sales'!$J:$J,REC_SALES_FCST!$B31,'REC_Sales'!$E:$E,REC_SALES_FCST!AM$4)/8 -> 0 | AO31: =SUMIFS('REC_Sales'!$G:$G,'REC_Sales'!$J:$J,REC_SALES_FCST!$B31,'REC_Sales'!$E:$E,REC_SALES_FCST!AO$4)/8 -> 0 | AP31: =SUMIFS('REC_Sales'!$G:$G,'REC_Sales'!$J:$J,REC_SALES_FCST!$B31,'REC_Sales'!$E:$E,REC_SALES_FCST!AP$4)/8 -> 0 | AR31: =SUMIFS('REC_Sales'!$G:$G,'REC_Sales'!$J:$J,REC_SALES_FCST!$B31,'REC_Sales'!$E:$E,REC_SALES_FCST!AR$4)/8 -> 0 | AS31: =SUMIFS('REC_Sales'!$G:$G,'REC_Sales'!$J:$J,REC_SALES_FCST!$B31,'REC_Sales'!$E:$E,REC_SALES_FCST!AS$4)/8 -> 0 | AU31: =SUMIFS('REC_Sales'!$G:$G,'REC_Sales'!$J:$J,REC_SALES_FCST!$B31,'REC_Sales'!$E:$E,REC_SALES_FCST!AU$4)/8 -> 0 | AV31: =SUMIFS('REC_Sales'!$G:$G,'REC_Sales'!$J:$J,REC_SALES_FCST!$B31,'REC_Sales'!$E:$E,REC_SALES_FCST!AV$4)/8 -> 0 | AX31: =SUMIFS('REC_Sales'!$G:$G,'REC_Sales'!$J:$J,REC_SALES_FCST!$B31,'REC_Sales'!$E:$E,REC_SALES_FCST!AX$4)/8 -> 0 | AY31: =SUMIFS('REC_Sales'!$G:$G,'REC_Sales'!$J:$J,REC_SALES_FCST!$B31,'REC_Sales'!$E:$E,REC_SALES_FCST!AY$4)/8 -> 0 | BA31: =SUMIFS('REC_Sales'!$G:$G,'REC_Sales'!$J:$J,REC_SALES_FCST!$B31,'REC_Sales'!$E:$E,REC_SALES_FCST!BA$4)/8 -> 0 | BB31: =SUMIFS('REC_Sales'!$G:$G,'REC_Sales'!$J:$J,REC_SALES_FCST!$B31,'REC_Sales'!$E:$E,REC_SALES_FCST!BB$4)/8 -> 0 | BD31: =SUMIFS('REC_Sales'!$G:$G,'REC_Sales'!$J:$J,REC_SALES_FCST!$B31,'REC_Sales'!$E:$E,REC_SALES_FCST!BD$4)/8 -> 0 | BE31: =SUMIFS('REC_Sales'!$G:$G,'REC_Sales'!$J:$J,REC_SALES_FCST!$B31,'REC_Sales'!$E:$E,REC_SALES_FCST!BE$4)/8 -> 0 | BG31: =SUMIFS('REC_Sales'!$G:$G,'REC_Sales'!$J:$J,REC_SALES_FCST!$B31,'REC_Sales'!$E:$E,REC_SALES_FCST!BG$4)/8 -> 0 | BH31: =SUMIFS('REC_Sales'!$G:$G,'REC_Sales'!$J:$J,REC_SALES_FCST!$B31,'REC_Sales'!$E:$E,REC_SALES_FCST!BH$4)/8 -> 0 | BJ31: =SUMIFS('REC_Sales'!$G:$G,'REC_Sales'!$J:$J,REC_SALES_FCST!$B31,'REC_Sales'!$E:$E,REC_SALES_FCST!BJ$4)/8 -> 0 | BK31: =SUMIFS('REC_Sales'!$G:$G,'REC_Sales'!$J:$J,REC_SALES_FCST!$B31,'REC_Sales'!$E:$E,REC_SALES_FCST!BK$4)/8 -> 0 | BM31: =SUMIFS('REC_Sales'!$G:$G,'REC_Sales'!$J:$J,REC_SALES_FCST!$B31,'REC_Sales'!$E:$E,REC_SALES_FCST!BM$4)/8 -> 0 | BN31: =SUMIFS('REC_Sales'!$G:$G,'REC_Sales'!$J:$J,REC_SALES_FCST!$B31,'REC_Sales'!$E:$E,REC_SALES_FCST!BN$4)/8 -> 0 | BP31: =SUMIFS('REC_Sales'!$G:$G,'REC_Sales'!$J:$J,REC_SALES_FCST!$B31,'REC_Sales'!$E:$E,REC_SALES_FCST!BP$4)/8 -> 0 | BQ31: =SUMIFS('REC_Sales'!$G:$G,'REC_Sales'!$J:$J,REC_SALES_FCST!$B31,'REC_Sales'!$E:$E,REC_SALES_FCST!BQ$4)/8 -> 0 | BS31: =SUMIFS('REC_Sales'!$G:$G,'REC_Sales'!$J:$J,REC_SALES_FCST!$B31,'REC_Sales'!$E:$E,REC_SALES_FCST!BS$4)/8 -> 0 | BT31: =SUMIFS('REC_Sales'!$G:$G,'REC_Sales'!$J:$J,REC_SALES_FCST!$B31,'REC_Sales'!$E:$E,REC_SALES_FCST!BT$4)/8 -> 0 | BV31: =SUMIFS('REC_Sales'!$G:$G,'REC_Sales'!$J:$J,REC_SALES_FCST!$B31,'REC_Sales'!$E:$E,REC_SALES_FCST!BV$4)/8 -> 0 | BW31: =SUMIFS('REC_Sales'!$G:$G,'REC_Sales'!$J:$J,REC_SALES_FCST!$B31,'REC_Sales'!$E:$E,REC_SALES_FCST!BW$4)/8 -> 0 | BY31: =SUMIFS('REC_Sales'!$G:$G,'REC_Sales'!$J:$J,REC_SALES_FCST!$B31,'REC_Sales'!$E:$E,REC_SALES_FCST!BY$4)/8 -> 0 | BZ31: =SUMIFS('REC_Sales'!$G:$G,'REC_Sales'!$J:$J,REC_SALES_FCST!$B31,'REC_Sales'!$E:$E,REC_SALES_FCST!BZ$4)/8 -> 0 | CB31: =SUMIFS('REC_Sales'!$G:$G,'REC_Sales'!$J:$J,REC_SALES_FCST!$B31,'REC_Sales'!$E:$E,REC_SALES_FCST!CB$4)/8 -> 0 | CC31: =SUMIFS('REC_Sales'!$G:$G,'REC_Sales'!$J:$J,REC_SALES_FCST!$B31,'REC_Sales'!$E:$E,REC_SALES_FCST!CC$4)/8 -> 0 | CE31: =SUMIFS('REC_Sales'!$G:$G,'REC_Sales'!$J:$J,REC_SALES_FCST!$B31,'REC_Sales'!$E:$E,REC_SALES_FCST!CE$4)/8 -> 0 | CF31: =SUMIFS('REC_Sales'!$G:$G,'REC_Sales'!$J:$J,REC_SALES_FCST!$B31,'REC_Sales'!$E:$E,REC_SALES_FCST!CF$4)/8 -> 0 | CH31: =SUMIFS('REC_Sales'!$G:$G,'REC_Sales'!$J:$J,REC_SALES_FCST!$B31,'REC_Sales'!$E:$E,REC_SALES_FCST!CH$4)/8 -> 0 | CI31: =SUMIFS('REC_Sales'!$G:$G,'REC_Sales'!$J:$J,REC_SALES_FCST!$B31,'REC_Sales'!$E:$E,REC_SALES_FCST!CI$4)/8 -> 0 | CK31: =SUMIFS('REC_Sales'!$G:$G,'REC_Sales'!$J:$J,REC_SALES_FCST!$B31,'REC_Sales'!$E:$E,REC_SALES_FCST!CK$4)/8 -> 0 | CL31: =SUMIFS('REC_Sales'!$G:$G,'REC_Sales'!$J:$J,REC_SALES_FCST!$B31,'REC_Sales'!$E:$E,REC_SALES_FCST!CL$4)/8 -> 0 | CN31: =SUMIFS('REC_Sales'!$G:$G,'REC_Sales'!$J:$J,REC_SALES_FCST!$B31,'REC_Sales'!$E:$E,REC_SALES_FCST!CN$4)/8 -> 0 | CO31: =SUMIFS('REC_Sales'!$G:$G,'REC_Sales'!$J:$J,REC_SALES_FCST!$B31,'REC_Sales'!$E:$E,REC_SALES_FCST!CO$4)/8 -> 0 | CQ31: =SUMIFS('REC_Sales'!$G:$G,'REC_Sales'!$J:$J,REC_SALES_FCST!$B31,'REC_Sales'!$E:$E,REC_SALES_FCST!CQ$4)/8 -> 0 | CR31: =SUMIFS('REC_Sales'!$G:$G,'REC_Sales'!$J:$J,REC_SALES_FCST!$B31,'REC_Sales'!$E:$E,REC_SALES_FCST!CR$4)/8 -> 0 | CT31: =SUMIFS('REC_Sales'!$G:$G,'REC_Sales'!$J:$J,REC_SALES_FCST!$B31,'REC_Sales'!$E:$E,REC_SALES_FCST!CT$4)/8 -> 0 | CU31: =SUMIFS('REC_Sales'!$G:$G,'REC_Sales'!$J:$J,REC_SALES_FCST!$B31,'REC_Sales'!$E:$E,REC_SALES_FCST!CU$4)/8 -> 0 | CW31: =SUMIFS('REC_Sales'!$G:$G,'REC_Sales'!$J:$J,REC_SALES_FCST!$B31,'REC_Sales'!$E:$E,REC_SALES_FCST!CW$4)/8 -> 0 | CX31: =SUMIFS('REC_Sales'!$G:$G,'REC_Sales'!$J:$J,REC_SALES_FCST!$B31,'REC_Sales'!$E:$E,REC_SALES_FCST!CX$4)/8 -> 0 | CZ31: =SUMIFS('REC_Sales'!$G:$G,'REC_Sales'!$J:$J,REC_SALES_FCST!$B31,'REC_Sales'!$E:$E,REC_SALES_FCST!CZ$4)/8 -> 0 | DA31: =SUMIFS('REC_Sales'!$G:$G,'REC_Sales'!$J:$J,REC_SALES_FCST!$B31,'REC_Sales'!$E:$E,REC_SALES_FCST!DA$4)/8 -> 0 | DC31: =SUMIFS('REC_Sales'!$G:$G,'REC_Sales'!$J:$J,REC_SALES_FCST!$B31,'REC_Sales'!$E:$E,REC_SALES_FCST!DC$4)/8 -> 0 | DD31: =SUMIFS('REC_Sales'!$G:$G,'REC_Sales'!$J:$J,REC_SALES_FCST!$B31,'REC_Sales'!$E:$E,REC_SALES_FCST!DD$4)/8 -> 0 | DF31: =SUMIFS('REC_Sales'!$G:$G,'REC_Sales'!$J:$J,REC_SALES_FCST!$B31,'REC_Sales'!$E:$E,REC_SALES_FCST!DF$4)/8 -> 0 | DG31: =SUMIFS('REC_Sales'!$G:$G,'REC_Sales'!$J:$J,REC_SALES_FCST!$B31,'REC_Sales'!$E:$E,REC_SALES_FCST!DG$4)/8 -> 0
B32: Fitchburg Methane | C32: MA Class I | E32: =SUMIFS('REC_Sales'!$G:$G,'REC_Sales'!$J:$J,REC_SALES_FCST!$B32,'REC_Sales'!$E:$E,REC_SALES_FCST!E$4)/8 -> 4589.75 | F32: =SUMIFS('REC_Sales'!$G:$G,'REC_Sales'!$J:$J,REC_SALES_FCST!$B32,'REC_Sales'!$E:$E,REC_SALES_FCST!F$4)/8 -> 4589.75 | H32: =SUMIFS('REC_Sales'!$G:$G,'REC_Sales'!$J:$J,REC_SALES_FCST!$B32,'REC_Sales'!$E:$E,REC_SALES_FCST!H$4)/8 -> 4589.75 | I32: =SUMIFS('REC_Sales'!$G:$G,'REC_Sales'!$J:$J,REC_SALES_FCST!$B32,'REC_Sales'!$E:$E,REC_SALES_FCST!I$4)/8 -> 4589.75 | K32: =SUMIFS('REC_Sales'!$G:$G,'REC_Sales'!$J:$J,REC_SALES_FCST!$B32,'REC_Sales'!$E:$E,REC_SALES_FCST!K$4)/8 -> 4589.75 | L32: =SUMIFS('REC_Sales'!$G:$G,'REC_Sales'!$J:$J,REC_SALES_FCST!$B32,'REC_Sales'!$E:$E,REC_SALES_FCST!L$4)/8 -> 4589.75 | N32: =SUMIFS('REC_Sales'!$G:$G,'REC_Sales'!$J:$J,REC_SALES_FCST!$B32,'REC_Sales'!$E:$E,REC_SALES_FCST!N$4)/8 -> 4589.75 | O32: =SUMIFS('REC_Sales'!$G:$G,'REC_Sales'!$J:$J,REC_SALES_FCST!$B32,'REC_Sales'!$E:$E,REC_SALES_FCST!O$4)/8 -> 4589.75 | Q32: =SUMIFS('REC_Sales'!$G:$G,'REC_Sales'!$J:$J,REC_SALES_FCST!$B32,'REC_Sales'!$E:$E,REC_SALES_FCST!Q$4)/8 -> 2500 | R32: =SUMIFS('REC_Sales'!$G:$G,'REC_Sales'!$J:$J,REC_SALES_FCST!$B32,'REC_Sales'!$E:$E,REC_SALES_FCST!R$4)/8 -> 2500 | T32: =SUMIFS('REC_Sales'!$G:$G,'REC_Sales'!$J:$J,REC_SALES_FCST!$B32,'REC_Sales'!$E:$E,REC_SALES_FCST!T$4)/8 -> 2500 | U32: =SUMIFS('REC_Sales'!$G:$G,'REC_Sales'!$J:$J,REC_SALES_FCST!$B32,'REC_Sales'!$E:$E,REC_SALES_FCST!U$4)/8 -> 2500 | W32: =SUMIFS('REC_Sales'!$G:$G,'REC_Sales'!$J:$J,REC_SALES_FCST!$B32,'REC_Sales'!$E:$E,REC_SALES_FCST!W$4)/8 -> 2500 | X32: =SUMIFS('REC_Sales'!$G:$G,'REC_Sales'!$J:$J,REC_SALES_FCST!$B32,'REC_Sales'!$E:$E,REC_SALES_FCST!X$4)/8 -> 2500 | Z32: =SUMIFS('REC_Sales'!$G:$G,'REC_Sales'!$J:$J,REC_SALES_FCST!$B32,'REC_Sales'!$E:$E,REC_SALES_FCST!Z$4)/8 -> 2500 | AA32: =SUMIFS('REC_Sales'!$G:$G,'REC_Sales'!$J:$J,REC_SALES_FCST!$B32,'REC_Sales'!$E:$E,REC_SALES_FCST!AA$4)/8 -> 2500 | AC32: =SUMIFS('REC_Sales'!$G:$G,'REC_Sales'!$J:$J,REC_SALES_FCST!$B32,'REC_Sales'!$E:$E,REC_SALES_FCST!AC$4)/8 -> 2500 | AD32: =SUMIFS('REC_Sales'!$G:$G,'REC_Sales'!$J:$J,REC_SALES_FCST!$B32,'REC_Sales'!$E:$E,REC_SALES_FCST!AD$4)/8 -> 2500 | AF32: =SUMIFS('REC_Sales'!$G:$G,'REC_Sales'!$J:$J,REC_SALES_FCST!$B32,'REC_Sales'!$E:$E,REC_SALES_FCST!AF$4)/8 -> 2500 | AG32: =SUMIFS('REC_Sales'!$G:$G,'REC_Sales'!$J:$J,REC_SALES_FCST!$B32,'REC_Sales'!$E:$E,REC_SALES_FCST!AG$4)/8 -> 2500 | AI32: =SUMIFS('REC_Sales'!$G:$G,'REC_Sales'!$J:$J,REC_SALES_FCST!$B32,'REC_Sales'!$E:$E,REC_SALES_FCST!AI$4)/8 -> 2500 | AJ32: =SUMIFS('REC_Sales'!$G:$G,'REC_Sales'!$J:$J,REC_SALES_FCST!$B32,'REC_Sales'!$E:$E,REC_SALES_FCST!AJ$4)/8 -> 2500 | AL32: =SUMIFS('REC_Sales'!$G:$G,'REC_Sales'!$J:$J,REC_SALES_FCST!$B32,'REC_Sales'!$E:$E,REC_SALES_FCST!AL$4)/8 -> 2500 | AM32: =SUMIFS('REC_Sales'!$G:$G,'REC_Sales'!$J:$J,REC_SALES_FCST!$B32,'REC_Sales'!$E:$E,REC_SALES_FCST!AM$4)/8 -> 2500 | AO32: =SUMIFS('REC_Sales'!$G:$G,'REC_Sales'!$J:$J,REC_SALES_FCST!$B32,'REC_Sales'!$E:$E,REC_SALES_FCST!AO$4)/8 -> 2500 | AP32: =SUMIFS('REC_Sales'!$G:$G,'REC_Sales'!$J:$J,REC_SALES_FCST!$B32,'REC_Sales'!$E:$E,REC_SALES_FCST!AP$4)/8 -> 2500 | AR32: =SUMIFS('REC_Sales'!$G:$G,'REC_Sales'!$J:$J,REC_SALES_FCST!$B32,'REC_Sales'!$E:$E,REC_SALES_FCST!AR$4)/8 -> 2500 | AS32: =SUMIFS('REC_Sales'!$G:$G,'REC_Sales'!$J:$J,REC_SALES_FCST!$B32,'REC_Sales'!$E:$E,REC_SALES_FCST!AS$4)/8 -> 2500 | AU32: =SUMIFS('REC_Sales'!$G:$G,'REC_Sales'!$J:$J,REC_SALES_FCST!$B32,'REC_Sales'!$E:$E,REC_SALES_FCST!AU$4)/8 -> 2500 | AV32: =SUMIFS('REC_Sales'!$G:$G,'REC_Sales'!$J:$J,REC_SALES_FCST!$B32,'REC_Sales'!$E:$E,REC_SALES_FCST!AV$4)/8 -> 2500 | AX32: =SUMIFS('REC_Sales'!$G:$G,'REC_Sales'!$J:$J,REC_SALES_FCST!$B32,'REC_Sales'!$E:$E,REC_SALES_FCST!AX$4)/8 -> 2500 | AY32: =SUMIFS('REC_Sales'!$G:$G,'REC_Sales'!$J:$J,REC_SALES_FCST!$B32,'REC_Sales'!$E:$E,REC_SALES_FCST!AY$4)/8 -> 2500 | BA32: =SUMIFS('REC_Sales'!$G:$G,'REC_Sales'!$J:$J,REC_SALES_FCST!$B32,'REC_Sales'!$E:$E,REC_SALES_FCST!BA$4)/8 -> 0 | BB32: =SUMIFS('REC_Sales'!$G:$G,'REC_Sales'!$J:$J,REC_SALES_FCST!$B32,'REC_Sales'!$E:$E,REC_SALES_FCST!BB$4)/8 -> 0 | BD32: =SUMIFS('REC_Sales'!$G:$G,'REC_Sales'!$J:$J,REC_SALES_FCST!$B32,'REC_Sales'!$E:$E,REC_SALES_FCST!BD$4)/8 -> 0 | BE32: =SUMIFS('REC_Sales'!$G:$G,'REC_Sales'!$J:$J,REC_SALES_FCST!$B32,'REC_Sales'!$E:$E,REC_SALES_FCST!BE$4)/8 -> 0 | BG32: =SUMIFS('REC_Sales'!$G:$G,'REC_Sales'!$J:$J,REC_SALES_FCST!$B32,'REC_Sales'!$E:$E,REC_SALES_FCST!BG$4)/8 -> 0 | BH32: =SUMIFS('REC_Sales'!$G:$G,'REC_Sales'!$J:$J,REC_SALES_FCST!$B32,'REC_Sales'!$E:$E,REC_SALES_FCST!BH$4)/8 -> 0 | BJ32: =SUMIFS('REC_Sales'!$G:$G,'REC_Sales'!$J:$J,REC_SALES_FCST!$B32,'REC_Sales'!$E:$E,REC_SALES_FCST!BJ$4)/8 -> 0 | BK32: =SUMIFS('REC_Sales'!$G:$G,'REC_Sales'!$J:$J,REC_SALES_FCST!$B32,'REC_Sales'!$E:$E,REC_SALES_FCST!BK$4)/8 -> 0 | BM32: =SUMIFS('REC_Sales'!$G:$G,'REC_Sales'!$J:$J,REC_SALES_FCST!$B32,'REC_Sales'!$E:$E,REC_SALES_FCST!BM$4)/8 -> 0 | BN32: =SUMIFS('REC_Sales'!$G:$G,'REC_Sales'!$J:$J,REC_SALES_FCST!$B32,'REC_Sales'!$E:$E,REC_SALES_FCST!BN$4)/8 -> 0 | BP32: =SUMIFS('REC_Sales'!$G:$G,'REC_Sales'!$J:$J,REC_SALES_FCST!$B32,'REC_Sales'!$E:$E,REC_SALES_FCST!BP$4)/8 -> 0 | BQ32: =SUMIFS('REC_Sales'!$G:$G,'REC_Sales'!$J:$J,REC_SALES_FCST!$B32,'REC_Sales'!$E:$E,REC_SALES_FCST!BQ$4)/8 -> 0 | BS32: =SUMIFS('REC_Sales'!$G:$G,'REC_Sales'!$J:$J,REC_SALES_FCST!$B32,'REC_Sales'!$E:$E,REC_SALES_FCST!BS$4)/8 -> 0 | BT32: =SUMIFS('REC_Sales'!$G:$G,'REC_Sales'!$J:$J,REC_SALES_FCST!$B32,'REC_Sales'!$E:$E,REC_SALES_FCST!BT$4)/8 -> 0 | BV32: =SUMIFS('REC_Sales'!$G:$G,'REC_Sales'!$J:$J,REC_SALES_FCST!$B32,'REC_Sales'!$E:$E,REC_SALES_FCST!BV$4)/8 -> 0 | BW32: =SUMIFS('REC_Sales'!$G:$G,'REC_Sales'!$J:$J,REC_SALES_FCST!$B32,'REC_Sales'!$E:$E,REC_SALES_FCST!BW$4)/8 -> 0 | BY32: =SUMIFS('REC_Sales'!$G:$G,'REC_Sales'!$J:$J,REC_SALES_FCST!$B32,'REC_Sales'!$E:$E,REC_SALES_FCST!BY$4)/8 -> 0 | BZ32: =SUMIFS('REC_Sales'!$G:$G,'REC_Sales'!$J:$J,REC_SALES_FCST!$B32,'REC_Sales'!$E:$E,REC_SALES_FCST!BZ$4)/8 -> 0 | CB32: =SUMIFS('REC_Sales'!$G:$G,'REC_Sales'!$J:$J,REC_SALES_FCST!$B32,'REC_Sales'!$E:$E,REC_SALES_FCST!CB$4)/8 -> 0 | CC32: =SUMIFS('REC_Sales'!$G:$G,'REC_Sales'!$J:$J,REC_SALES_FCST!$B32,'REC_Sales'!$E:$E,REC_SALES_FCST!CC$4)/8 -> 0 | CE32: =SUMIFS('REC_Sales'!$G:$G,'REC_Sales'!$J:$J,REC_SALES_FCST!$B32,'REC_Sales'!$E:$E,REC_SALES_FCST!CE$4)/8 -> 0 | CF32: =SUMIFS('REC_Sales'!$G:$G,'REC_Sales'!$J:$J,REC_SALES_FCST!$B32,'REC_Sales'!$E:$E,REC_SALES_FCST!CF$4)/8 -> 0 | CH32: =SUMIFS('REC_Sales'!$G:$G,'REC_Sales'!$J:$J,REC_SALES_FCST!$B32,'REC_Sales'!$E:$E,REC_SALES_FCST!CH$4)/8 -> 0 | CI32: =SUMIFS('REC_Sales'!$G:$G,'REC_Sales'!$J:$J,REC_SALES_FCST!$B32,'REC_Sales'!$E:$E,REC_SALES_FCST!CI$4)/8 -> 0 | CK32: =SUMIFS('REC_Sales'!$G:$G,'REC_Sales'!$J:$J,REC_SALES_FCST!$B32,'REC_Sales'!$E:$E,REC_SALES_FCST!CK$4)/8 -> 0 | CL32: =SUMIFS('REC_Sales'!$G:$G,'REC_Sales'!$J:$J,REC_SALES_FCST!$B32,'REC_Sales'!$E:$E,REC_SALES_FCST!CL$4)/8 -> 0 | CN32: =SUMIFS('REC_Sales'!$G:$G,'REC_Sales'!$J:$J,REC_SALES_FCST!$B32,'REC_Sales'!$E:$E,REC_SALES_FCST!CN$4)/8 -> 0 | CO32: =SUMIFS('REC_Sales'!$G:$G,'REC_Sales'!$J:$J,REC_SALES_FCST!$B32,'REC_Sales'!$E:$E,REC_SALES_FCST!CO$4)/8 -> 0 | CQ32: =SUMIFS('REC_Sales'!$G:$G,'REC_Sales'!$J:$J,REC_SALES_FCST!$B32,'REC_Sales'!$E:$E,REC_SALES_FCST!CQ$4)/8 -> 0 | CR32: =SUMIFS('REC_Sales'!$G:$G,'REC_Sales'!$J:$J,REC_SALES_FCST!$B32,'REC_Sales'!$E:$E,REC_SALES_FCST!CR$4)/8 -> 0 | CT32: =SUMIFS('REC_Sales'!$G:$G,'REC_Sales'!$J:$J,REC_SALES_FCST!$B32,'REC_Sales'!$E:$E,REC_SALES_FCST!CT$4)/8 -> 0 | CU32: =SUMIFS('REC_Sales'!$G:$G,'REC_Sales'!$J:$J,REC_SALES_FCST!$B32,'REC_Sales'!$E:$E,REC_SALES_FCST!CU$4)/8 -> 0 | CW32: =SUMIFS('REC_Sales'!$G:$G,'REC_Sales'!$J:$J,REC_SALES_FCST!$B32,'REC_Sales'!$E:$E,REC_SALES_FCST!CW$4)/8 -> 0 | CX32: =SUMIFS('REC_Sales'!$G:$G,'REC_Sales'!$J:$J,REC_SALES_FCST!$B32,'REC_Sales'!$E:$E,REC_SALES_FCST!CX$4)/8 -> 0 | CZ32: =SUMIFS('REC_Sales'!$G:$G,'REC_Sales'!$J:$J,REC_SALES_FCST!$B32,'REC_Sales'!$E:$E,REC_SALES_FCST!CZ$4)/8 -> 0 | DA32: =SUMIFS('REC_Sales'!$G:$G,'REC_Sales'!$J:$J,REC_SALES_FCST!$B32,'REC_Sales'!$E:$E,REC_SALES_FCST!DA$4)/8 -> 0 | DC32: =SUMIFS('REC_Sales'!$G:$G,'REC_Sales'!$J:$J,REC_SALES_FCST!$B32,'REC_Sales'!$E:$E,REC_SALES_FCST!DC$4)/8 -> 0 | DD32: =SUMIFS('REC_Sales'!$G:$G,'REC_Sales'!$J:$J,REC_SALES_FCST!$B32,'REC_Sales'!$E:$E,REC_SALES_FCST!DD$4)/8 -> 0 | DF32: =SUMIFS('REC_Sales'!$G:$G,'REC_Sales'!$J:$J,REC_SALES_FCST!$B32,'REC_Sales'!$E:$E,REC_SALES_FCST!DF$4)/8 -> 0 | DG32: =SUMIFS('REC_Sales'!$G:$G,'REC_Sales'!$J:$J,REC_SALES_FCST!$B32,'REC_Sales'!$E:$E,REC_SALES_FCST!DG$4)/8 -> 0
B33: Great Falls | C33: =+C37 -> MA Class I | E33: =SUMIFS('REC_Sales'!$G:$G,'REC_Sales'!$J:$J,REC_SALES_FCST!$B33,'REC_Sales'!$E:$E,REC_SALES_FCST!E$4)/8 -> 0 | F33: =SUMIFS('REC_Sales'!$G:$G,'REC_Sales'!$J:$J,REC_SALES_FCST!$B33,'REC_Sales'!$E:$E,REC_SALES_FCST!F$4)/8 -> 0 | H33: =SUMIFS('REC_Sales'!$G:$G,'REC_Sales'!$J:$J,REC_SALES_FCST!$B33,'REC_Sales'!$E:$E,REC_SALES_FCST!H$4)/8 -> 0 | I33: =SUMIFS('REC_Sales'!$G:$G,'REC_Sales'!$J:$J,REC_SALES_FCST!$B33,'REC_Sales'!$E:$E,REC_SALES_FCST!I$4)/8 -> 0 | K33: =SUMIFS('REC_Sales'!$G:$G,'REC_Sales'!$J:$J,REC_SALES_FCST!$B33,'REC_Sales'!$E:$E,REC_SALES_FCST!K$4)/8 -> 0 | L33: =SUMIFS('REC_Sales'!$G:$G,'REC_Sales'!$J:$J,REC_SALES_FCST!$B33,'REC_Sales'!$E:$E,REC_SALES_FCST!L$4)/8 -> 0 | N33: =SUMIFS('REC_Sales'!$G:$G,'REC_Sales'!$J:$J,REC_SALES_FCST!$B33,'REC_Sales'!$E:$E,REC_SALES_FCST!N$4)/8 -> 0 | O33: =SUMIFS('REC_Sales'!$G:$G,'REC_Sales'!$J:$J,REC_SALES_FCST!$B33,'REC_Sales'!$E:$E,REC_SALES_FCST!O$4)/8 -> 0 | Q33: =SUMIFS('REC_Sales'!$G:$G,'REC_Sales'!$J:$J,REC_SALES_FCST!$B33,'REC_Sales'!$E:$E,REC_SALES_FCST!Q$4)/8 -> 0 | R33: =SUMIFS('REC_Sales'!$G:$G,'REC_Sales'!$J:$J,REC_SALES_FCST!$B33,'REC_Sales'!$E:$E,REC_SALES_FCST!R$4)/8 -> 0 | T33: =SUMIFS('REC_Sales'!$G:$G,'REC_Sales'!$J:$J,REC_SALES_FCST!$B33,'REC_Sales'!$E:$E,REC_SALES_FCST!T$4)/8 -> 0 | U33: =SUMIFS('REC_Sales'!$G:$G,'REC_Sales'!$J:$J,REC_SALES_FCST!$B33,'REC_Sales'!$E:$E,REC_SALES_FCST!U$4)/8 -> 0 | W33: =SUMIFS('REC_Sales'!$G:$G,'REC_Sales'!$J:$J,REC_SALES_FCST!$B33,'REC_Sales'!$E:$E,REC_SALES_FCST!W$4)/8 -> 0 | X33: =SUMIFS('REC_Sales'!$G:$G,'REC_Sales'!$J:$J,REC_SALES_FCST!$B33,'REC_Sales'!$E:$E,REC_SALES_FCST!X$4)/8 -> 0 | Z33: =SUMIFS('REC_Sales'!$G:$G,'REC_Sales'!$J:$J,REC_SALES_FCST!$B33,'REC_Sales'!$E:$E,REC_SALES_FCST!Z$4)/8 -> 0 | AA33: =SUMIFS('REC_Sales'!$G:$G,'REC_Sales'!$J:$J,REC_SALES_FCST!$B33,'REC_Sales'!$E:$E,REC_SALES_FCST!AA$4)/8 -> 0 | AC33: =SUMIFS('REC_Sales'!$G:$G,'REC_Sales'!$J:$J,REC_SALES_FCST!$B33,'REC_Sales'!$E:$E,REC_SALES_FCST!AC$4)/8 -> 0 | AD33: =SUMIFS('REC_Sales'!$G:$G,'REC_Sales'!$J:$J,REC_SALES_FCST!$B33,'REC_Sales'!$E:$E,REC_SALES_FCST!AD$4)/8 -> 0 | AF33: =SUMIFS('REC_Sales'!$G:$G,'REC_Sales'!$J:$J,REC_SALES_FCST!$B33,'REC_Sales'!$E:$E,REC_SALES_FCST!AF$4)/8 -> 0 | AG33: =SUMIFS('REC_Sales'!$G:$G,'REC_Sales'!$J:$J,REC_SALES_FCST!$B33,'REC_Sales'!$E:$E,REC_SALES_FCST!AG$4)/8 -> 0 | AI33: =SUMIFS('REC_Sales'!$G:$G,'REC_Sales'!$J:$J,REC_SALES_FCST!$B33,'REC_Sales'!$E:$E,REC_SALES_FCST!AI$4)/8 -> 0 | AJ33: =SUMIFS('REC_Sales'!$G:$G,'REC_Sales'!$J:$J,REC_SALES_FCST!$B33,'REC_Sales'!$E:$E,REC_SALES_FCST!AJ$4)/8 -> 0 | AL33: =SUMIFS('REC_Sales'!$G:$G,'REC_Sales'!$J:$J,REC_SALES_FCST!$B33,'REC_Sales'!$E:$E,REC_SALES_FCST!AL$4)/8 -> 0 | AM33: =SUMIFS('REC_Sales'!$G:$G,'REC_Sales'!$J:$J,REC_SALES_FCST!$B33,'REC_Sales'!$E:$E,REC_SALES_FCST!AM$4)/8 -> 0 | AO33: =SUMIFS('REC_Sales'!$G:$G,'REC_Sales'!$J:$J,REC_SALES_FCST!$B33,'REC_Sales'!$E:$E,REC_SALES_FCST!AO$4)/8 -> 0 | AP33: =SUMIFS('REC_Sales'!$G:$G,'REC_Sales'!$J:$J,REC_SALES_FCST!$B33,'REC_Sales'!$E:$E,REC_SALES_FCST!AP$4)/8 -> 0 | AR33: =SUMIFS('REC_Sales'!$G:$G,'REC_Sales'!$J:$J,REC_SALES_FCST!$B33,'REC_Sales'!$E:$E,REC_SALES_FCST!AR$4)/8 -> 0 | AS33: =SUMIFS('REC_Sales'!$G:$G,'REC_Sales'!$J:$J,REC_SALES_FCST!$B33,'REC_Sales'!$E:$E,REC_SALES_FCST!AS$4)/8 -> 0 | AU33: =SUMIFS('REC_Sales'!$G:$G,'REC_Sales'!$J:$J,REC_SALES_FCST!$B33,'REC_Sales'!$E:$E,REC_SALES_FCST!AU$4)/8 -> 0 | AV33: =SUMIFS('REC_Sales'!$G:$G,'REC_Sales'!$J:$J,REC_SALES_FCST!$B33,'REC_Sales'!$E:$E,REC_SALES_FCST!AV$4)/8 -> 0 | AX33: =SUMIFS('REC_Sales'!$G:$G,'REC_Sales'!$J:$J,REC_SALES_FCST!$B33,'REC_Sales'!$E:$E,REC_SALES_FCST!AX$4)/8 -> 0 | AY33: =SUMIFS('REC_Sales'!$G:$G,'REC_Sales'!$J:$J,REC_SALES_FCST!$B33,'REC_Sales'!$E:$E,REC_SALES_FCST!AY$4)/8 -> 0 | BA33: =SUMIFS('REC_Sales'!$G:$G,'REC_Sales'!$J:$J,REC_SALES_FCST!$B33,'REC_Sales'!$E:$E,REC_SALES_FCST!BA$4)/8 -> 0 | BB33: =SUMIFS('REC_Sales'!$G:$G,'REC_Sales'!$J:$J,REC_SALES_FCST!$B33,'REC_Sales'!$E:$E,REC_SALES_FCST!BB$4)/8 -> 0 | BD33: =SUMIFS('REC_Sales'!$G:$G,'REC_Sales'!$J:$J,REC_SALES_FCST!$B33,'REC_Sales'!$E:$E,REC_SALES_FCST!BD$4)/8 -> 0 | BE33: =SUMIFS('REC_Sales'!$G:$G,'REC_Sales'!$J:$J,REC_SALES_FCST!$B33,'REC_Sales'!$E:$E,REC_SALES_FCST!BE$4)/8 -> 0 | BG33: =SUMIFS('REC_Sales'!$G:$G,'REC_Sales'!$J:$J,REC_SALES_FCST!$B33,'REC_Sales'!$E:$E,REC_SALES_FCST!BG$4)/8 -> 0 | BH33: =SUMIFS('REC_Sales'!$G:$G,'REC_Sales'!$J:$J,REC_SALES_FCST!$B33,'REC_Sales'!$E:$E,REC_SALES_FCST!BH$4)/8 -> 0 | BJ33: =SUMIFS('REC_Sales'!$G:$G,'REC_Sales'!$J:$J,REC_SALES_FCST!$B33,'REC_Sales'!$E:$E,REC_SALES_FCST!BJ$4)/8 -> 0 | BK33: =SUMIFS('REC_Sales'!$G:$G,'REC_Sales'!$J:$J,REC_SALES_FCST!$B33,'REC_Sales'!$E:$E,REC_SALES_FCST!BK$4)/8 -> 0 | BM33: =SUMIFS('REC_Sales'!$G:$G,'REC_Sales'!$J:$J,REC_SALES_FCST!$B33,'REC_Sales'!$E:$E,REC_SALES_FCST!BM$4)/8 -> 0 | BN33: =SUMIFS('REC_Sales'!$G:$G,'REC_Sales'!$J:$J,REC_SALES_FCST!$B33,'REC_Sales'!$E:$E,REC_SALES_FCST!BN$4)/8 -> 0 | BP33: =SUMIFS('REC_Sales'!$G:$G,'REC_Sales'!$J:$J,REC_SALES_FCST!$B33,'REC_Sales'!$E:$E,REC_SALES_FCST!BP$4)/8 -> 0 | BQ33: =SUMIFS('REC_Sales'!$G:$G,'REC_Sales'!$J:$J,REC_SALES_FCST!$B33,'REC_Sales'!$E:$E,REC_SALES_FCST!BQ$4)/8 -> 0 | BS33: =SUMIFS('REC_Sales'!$G:$G,'REC_Sales'!$J:$J,REC_SALES_FCST!$B33,'REC_Sales'!$E:$E,REC_SALES_FCST!BS$4)/8 -> 0 | BT33: =SUMIFS('REC_Sales'!$G:$G,'REC_Sales'!$J:$J,REC_SALES_FCST!$B33,'REC_Sales'!$E:$E,REC_SALES_FCST!BT$4)/8 -> 0 | BV33: =SUMIFS('REC_Sales'!$G:$G,'REC_Sales'!$J:$J,REC_SALES_FCST!$B33,'REC_Sales'!$E:$E,REC_SALES_FCST!BV$4)/8 -> 0 | BW33: =SUMIFS('REC_Sales'!$G:$G,'REC_Sales'!$J:$J,REC_SALES_FCST!$B33,'REC_Sales'!$E:$E,REC_SALES_FCST!BW$4)/8 -> 0 | BY33: =SUMIFS('REC_Sales'!$G:$G,'REC_Sales'!$J:$J,REC_SALES_FCST!$B33,'REC_Sales'!$E:$E,REC_SALES_FCST!BY$4)/8 -> 0 | BZ33: =SUMIFS('REC_Sales'!$G:$G,'REC_Sales'!$J:$J,REC_SALES_FCST!$B33,'REC_Sales'!$E:$E,REC_SALES_FCST!BZ$4)/8 -> 0 | CB33: =SUMIFS('REC_Sales'!$G:$G,'REC_Sales'!$J:$J,REC_SALES_FCST!$B33,'REC_Sales'!$E:$E,REC_SALES_FCST!CB$4)/8 -> 0 | CC33: =SUMIFS('REC_Sales'!$G:$G,'REC_Sales'!$J:$J,REC_SALES_FCST!$B33,'REC_Sales'!$E:$E,REC_SALES_FCST!CC$4)/8 -> 0 | CE33: =SUMIFS('REC_Sales'!$G:$G,'REC_Sales'!$J:$J,REC_SALES_FCST!$B33,'REC_Sales'!$E:$E,REC_SALES_FCST!CE$4)/8 -> 0 | CF33: =SUMIFS('REC_Sales'!$G:$G,'REC_Sales'!$J:$J,REC_SALES_FCST!$B33,'REC_Sales'!$E:$E,REC_SALES_FCST!CF$4)/8 -> 0 | CH33: =SUMIFS('REC_Sales'!$G:$G,'REC_Sales'!$J:$J,REC_SALES_FCST!$B33,'REC_Sales'!$E:$E,REC_SALES_FCST!CH$4)/8 -> 0 | CI33: =SUMIFS('REC_Sales'!$G:$G,'REC_Sales'!$J:$J,REC_SALES_FCST!$B33,'REC_Sales'!$E:$E,REC_SALES_FCST!CI$4)/8 -> 0 | CK33: =SUMIFS('REC_Sales'!$G:$G,'REC_Sales'!$J:$J,REC_SALES_FCST!$B33,'REC_Sales'!$E:$E,REC_SALES_FCST!CK$4)/8 -> 0 | CL33: =SUMIFS('REC_Sales'!$G:$G,'REC_Sales'!$J:$J,REC_SALES_FCST!$B33,'REC_Sales'!$E:$E,REC_SALES_FCST!CL$4)/8 -> 0 | CN33: =SUMIFS('REC_Sales'!$G:$G,'REC_Sales'!$J:$J,REC_SALES_FCST!$B33,'REC_Sales'!$E:$E,REC_SALES_FCST!CN$4)/8 -> 0 | CO33: =SUMIFS('REC_Sales'!$G:$G,'REC_Sales'!$J:$J,REC_SALES_FCST!$B33,'REC_Sales'!$E:$E,REC_SALES_FCST!CO$4)/8 -> 0 | CQ33: =SUMIFS('REC_Sales'!$G:$G,'REC_Sales'!$J:$J,REC_SALES_FCST!$B33,'REC_Sales'!$E:$E,REC_SALES_FCST!CQ$4)/8 -> 0 | CR33: =SUMIFS('REC_Sales'!$G:$G,'REC_Sales'!$J:$J,REC_SALES_FCST!$B33,'REC_Sales'!$E:$E,REC_SALES_FCST!CR$4)/8 -> 0 | CT33: =SUMIFS('REC_Sales'!$G:$G,'REC_Sales'!$J:$J,REC_SALES_FCST!$B33,'REC_Sales'!$E:$E,REC_SALES_FCST!CT$4)/8 -> 0 | CU33: =SUMIFS('REC_Sales'!$G:$G,'REC_Sales'!$J:$J,REC_SALES_FCST!$B33,'REC_Sales'!$E:$E,REC_SALES_FCST!CU$4)/8 -> 0 | CW33: =SUMIFS('REC_Sales'!$G:$G,'REC_Sales'!$J:$J,REC_SALES_FCST!$B33,'REC_Sales'!$E:$E,REC_SALES_FCST!CW$4)/8 -> 0 | CX33: =SUMIFS('REC_Sales'!$G:$G,'REC_Sales'!$J:$J,REC_SALES_FCST!$B33,'REC_Sales'!$E:$E,REC_SALES_FCST!CX$4)/8 -> 0 | CZ33: =SUMIFS('REC_Sales'!$G:$G,'REC_Sales'!$J:$J,REC_SALES_FCST!$B33,'REC_Sales'!$E:$E,REC_SALES_FCST!CZ$4)/8 -> 0 | DA33: =SUMIFS('REC_Sales'!$G:$G,'REC_Sales'!$J:$J,REC_SALES_FCST!$B33,'REC_Sales'!$E:$E,REC_SALES_FCST!DA$4)/8 -> 0 | DC33: =SUMIFS('REC_Sales'!$G:$G,'REC_Sales'!$J:$J,REC_SALES_FCST!$B33,'REC_Sales'!$E:$E,REC_SALES_FCST!DC$4)/8 -> 0 | DD33: =SUMIFS('REC_Sales'!$G:$G,'REC_Sales'!$J:$J,REC_SALES_FCST!$B33,'REC_Sales'!$E:$E,REC_SALES_FCST!DD$4)/8 -> 0 | DF33: =SUMIFS('REC_Sales'!$G:$G,'REC_Sales'!$J:$J,REC_SALES_FCST!$B33,'REC_Sales'!$E:$E,REC_SALES_FCST!DF$4)/8 -> 0 | DG33: =SUMIFS('REC_Sales'!$G:$G,'REC_Sales'!$J:$J,REC_SALES_FCST!$B33,'REC_Sales'!$E:$E,REC_SALES_FCST!DG$4)/8 -> 0
B34: Highgate Hydro #5 | C34: NH Class I | E34: =SUMIFS('REC_Sales'!$G:$G,'REC_Sales'!$J:$J,REC_SALES_FCST!$B34,'REC_Sales'!$E:$E,REC_SALES_FCST!E$4)/8 -> 289.875 | F34: =SUMIFS('REC_Sales'!$G:$G,'REC_Sales'!$J:$J,REC_SALES_FCST!$B34,'REC_Sales'!$E:$E,REC_SALES_FCST!F$4)/8 -> 289.875 | H34: =SUMIFS('REC_Sales'!$G:$G,'REC_Sales'!$J:$J,REC_SALES_FCST!$B34,'REC_Sales'!$E:$E,REC_SALES_FCST!H$4)/8 -> 289.875 | I34: =SUMIFS('REC_Sales'!$G:$G,'REC_Sales'!$J:$J,REC_SALES_FCST!$B34,'REC_Sales'!$E:$E,REC_SALES_FCST!I$4)/8 -> 289.875 | K34: =SUMIFS('REC_Sales'!$G:$G,'REC_Sales'!$J:$J,REC_SALES_FCST!$B34,'REC_Sales'!$E:$E,REC_SALES_FCST!K$4)/8 -> 289.875 | L34: =SUMIFS('REC_Sales'!$G:$G,'REC_Sales'!$J:$J,REC_SALES_FCST!$B34,'REC_Sales'!$E:$E,REC_SALES_FCST!L$4)/8 -> 289.875 | N34: =SUMIFS('REC_Sales'!$G:$G,'REC_Sales'!$J:$J,REC_SALES_FCST!$B34,'REC_Sales'!$E:$E,REC_SALES_FCST!N$4)/8 -> 289.875 | O34: =SUMIFS('REC_Sales'!$G:$G,'REC_Sales'!$J:$J,REC_SALES_FCST!$B34,'REC_Sales'!$E:$E,REC_SALES_FCST!O$4)/8 -> 289.875 | Q34: =SUMIFS('REC_Sales'!$G:$G,'REC_Sales'!$J:$J,REC_SALES_FCST!$B34,'REC_Sales'!$E:$E,REC_SALES_FCST!Q$4)/8 -> 0 | R34: =SUMIFS('REC_Sales'!$G:$G,'REC_Sales'!$J:$J,REC_SALES_FCST!$B34,'REC_Sales'!$E:$E,REC_SALES_FCST!R$4)/8 -> 0 | T34: =SUMIFS('REC_Sales'!$G:$G,'REC_Sales'!$J:$J,REC_SALES_FCST!$B34,'REC_Sales'!$E:$E,REC_SALES_FCST!T$4)/8 -> 0 | U34: =SUMIFS('REC_Sales'!$G:$G,'REC_Sales'!$J:$J,REC_SALES_FCST!$B34,'REC_Sales'!$E:$E,REC_SALES_FCST!U$4)/8 -> 0 | W34: =SUMIFS('REC_Sales'!$G:$G,'REC_Sales'!$J:$J,REC_SALES_FCST!$B34,'REC_Sales'!$E:$E,REC_SALES_FCST!W$4)/8 -> 0 | X34: =SUMIFS('REC_Sales'!$G:$G,'REC_Sales'!$J:$J,REC_SALES_FCST!$B34,'REC_Sales'!$E:$E,REC_SALES_FCST!X$4)/8 -> 0 | Z34: =SUMIFS('REC_Sales'!$G:$G,'REC_Sales'!$J:$J,REC_SALES_FCST!$B34,'REC_Sales'!$E:$E,REC_SALES_FCST!Z$4)/8 -> 0 | AA34: =SUMIFS('REC_Sales'!$G:$G,'REC_Sales'!$J:$J,REC_SALES_FCST!$B34,'REC_Sales'!$E:$E,REC_SALES_FCST!AA$4)/8 -> 0 | AC34: =SUMIFS('REC_Sales'!$G:$G,'REC_Sales'!$J:$J,REC_SALES_FCST!$B34,'REC_Sales'!$E:$E,REC_SALES_FCST!AC$4)/8 -> 0 | AD34: =SUMIFS('REC_Sales'!$G:$G,'REC_Sales'!$J:$J,REC_SALES_FCST!$B34,'REC_Sales'!$E:$E,REC_SALES_FCST!AD$4)/8 -> 0 | AF34: =SUMIFS('REC_Sales'!$G:$G,'REC_Sales'!$J:$J,REC_SALES_FCST!$B34,'REC_Sales'!$E:$E,REC_SALES_FCST!AF$4)/8 -> 0 | AG34: =SUMIFS('REC_Sales'!$G:$G,'REC_Sales'!$J:$J,REC_SALES_FCST!$B34,'REC_Sales'!$E:$E,REC_SALES_FCST!AG$4)/8 -> 0 | AI34: =SUMIFS('REC_Sales'!$G:$G,'REC_Sales'!$J:$J,REC_SALES_FCST!$B34,'REC_Sales'!$E:$E,REC_SALES_FCST!AI$4)/8 -> 0 | AJ34: =SUMIFS('REC_Sales'!$G:$G,'REC_Sales'!$J:$J,REC_SALES_FCST!$B34,'REC_Sales'!$E:$E,REC_SALES_FCST!AJ$4)/8 -> 0 | AL34: =SUMIFS('REC_Sales'!$G:$G,'REC_Sales'!$J:$J,REC_SALES_FCST!$B34,'REC_Sales'!$E:$E,REC_SALES_FCST!AL$4)/8 -> 0 | AM34: =SUMIFS('REC_Sales'!$G:$G,'REC_Sales'!$J:$J,REC_SALES_FCST!$B34,'REC_Sales'!$E:$E,REC_SALES_FCST!AM$4)/8 -> 0 | AO34: =SUMIFS('REC_Sales'!$G:$G,'REC_Sales'!$J:$J,REC_SALES_FCST!$B34,'REC_Sales'!$E:$E,REC_SALES_FCST!AO$4)/8 -> 0 | AP34: =SUMIFS('REC_Sales'!$G:$G,'REC_Sales'!$J:$J,REC_SALES_FCST!$B34,'REC_Sales'!$E:$E,REC_SALES_FCST!AP$4)/8 -> 0 | AR34: =SUMIFS('REC_Sales'!$G:$G,'REC_Sales'!$J:$J,REC_SALES_FCST!$B34,'REC_Sales'!$E:$E,REC_SALES_FCST!AR$4)/8 -> 0 | AS34: =SUMIFS('REC_Sales'!$G:$G,'REC_Sales'!$J:$J,REC_SALES_FCST!$B34,'REC_Sales'!$E:$E,REC_SALES_FCST!AS$4)/8 -> 0 | AU34: =SUMIFS('REC_Sales'!$G:$G,'REC_Sales'!$J:$J,REC_SALES_FCST!$B34,'REC_Sales'!$E:$E,REC_SALES_FCST!AU$4)/8 -> 0 | AV34: =SUMIFS('REC_Sales'!$G:$G,'REC_Sales'!$J:$J,REC_SALES_FCST!$B34,'REC_Sales'!$E:$E,REC_SALES_FCST!AV$4)/8 -> 0 | AX34: =SUMIFS('REC_Sales'!$G:$G,'REC_Sales'!$J:$J,REC_SALES_FCST!$B34,'REC_Sales'!$E:$E,REC_SALES_FCST!AX$4)/8 -> 0 | AY34: =SUMIFS('REC_Sales'!$G:$G,'REC_Sales'!$J:$J,REC_SALES_FCST!$B34,'REC_Sales'!$E:$E,REC_SALES_FCST!AY$4)/8 -> 0 | BA34: =SUMIFS('REC_Sales'!$G:$G,'REC_Sales'!$J:$J,REC_SALES_FCST!$B34,'REC_Sales'!$E:$E,REC_SALES_FCST!BA$4)/8 -> 0 | BB34: =SUMIFS('REC_Sales'!$G:$G,'REC_Sales'!$J:$J,REC_SALES_FCST!$B34,'REC_Sales'!$E:$E,REC_SALES_FCST!BB$4)/8 -> 0 | BD34: =SUMIFS('REC_Sales'!$G:$G,'REC_Sales'!$J:$J,REC_SALES_FCST!$B34,'REC_Sales'!$E:$E,REC_SALES_FCST!BD$4)/8 -> 0 | BE34: =SUMIFS('REC_Sales'!$G:$G,'REC_Sales'!$J:$J,REC_SALES_FCST!$B34,'REC_Sales'!$E:$E,REC_SALES_FCST!BE$4)/8 -> 0 | BG34: =SUMIFS('REC_Sales'!$G:$G,'REC_Sales'!$J:$J,REC_SALES_FCST!$B34,'REC_Sales'!$E:$E,REC_SALES_FCST!BG$4)/8 -> 0 | BH34: =SUMIFS('REC_Sales'!$G:$G,'REC_Sales'!$J:$J,REC_SALES_FCST!$B34,'REC_Sales'!$E:$E,REC_SALES_FCST!BH$4)/8 -> 0 | BJ34: =SUMIFS('REC_Sales'!$G:$G,'REC_Sales'!$J:$J,REC_SALES_FCST!$B34,'REC_Sales'!$E:$E,REC_SALES_FCST!BJ$4)/8 -> 0 | BK34: =SUMIFS('REC_Sales'!$G:$G,'REC_Sales'!$J:$J,REC_SALES_FCST!$B34,'REC_Sales'!$E:$E,REC_SALES_FCST!BK$4)/8 -> 0 | BM34: =SUMIFS('REC_Sales'!$G:$G,'REC_Sales'!$J:$J,REC_SALES_FCST!$B34,'REC_Sales'!$E:$E,REC_SALES_FCST!BM$4)/8 -> 0 | BN34: =SUMIFS('REC_Sales'!$G:$G,'REC_Sales'!$J:$J,REC_SALES_FCST!$B34,'REC_Sales'!$E:$E,REC_SALES_FCST!BN$4)/8 -> 0 | BP34: =SUMIFS('REC_Sales'!$G:$G,'REC_Sales'!$J:$J,REC_SALES_FCST!$B34,'REC_Sales'!$E:$E,REC_SALES_FCST!BP$4)/8 -> 0 | BQ34: =SUMIFS('REC_Sales'!$G:$G,'REC_Sales'!$J:$J,REC_SALES_FCST!$B34,'REC_Sales'!$E:$E,REC_SALES_FCST!BQ$4)/8 -> 0 | BS34: =SUMIFS('REC_Sales'!$G:$G,'REC_Sales'!$J:$J,REC_SALES_FCST!$B34,'REC_Sales'!$E:$E,REC_SALES_FCST!BS$4)/8 -> 0 | BT34: =SUMIFS('REC_Sales'!$G:$G,'REC_Sales'!$J:$J,REC_SALES_FCST!$B34,'REC_Sales'!$E:$E,REC_SALES_FCST!BT$4)/8 -> 0 | BV34: =SUMIFS('REC_Sales'!$G:$G,'REC_Sales'!$J:$J,REC_SALES_FCST!$B34,'REC_Sales'!$E:$E,REC_SALES_FCST!BV$4)/8 -> 0 | BW34: =SUMIFS('REC_Sales'!$G:$G,'REC_Sales'!$J:$J,REC_SALES_FCST!$B34,'REC_Sales'!$E:$E,REC_SALES_FCST!BW$4)/8 -> 0 | BY34: =SUMIFS('REC_Sales'!$G:$G,'REC_Sales'!$J:$J,REC_SALES_FCST!$B34,'REC_Sales'!$E:$E,REC_SALES_FCST!BY$4)/8 -> 0 | BZ34: =SUMIFS('REC_Sales'!$G:$G,'REC_Sales'!$J:$J,REC_SALES_FCST!$B34,'REC_Sales'!$E:$E,REC_SALES_FCST!BZ$4)/8 -> 0 | CB34: =SUMIFS('REC_Sales'!$G:$G,'REC_Sales'!$J:$J,REC_SALES_FCST!$B34,'REC_Sales'!$E:$E,REC_SALES_FCST!CB$4)/8 -> 0 | CC34: =SUMIFS('REC_Sales'!$G:$G,'REC_Sales'!$J:$J,REC_SALES_FCST!$B34,'REC_Sales'!$E:$E,REC_SALES_FCST!CC$4)/8 -> 0 | CE34: =SUMIFS('REC_Sales'!$G:$G,'REC_Sales'!$J:$J,REC_SALES_FCST!$B34,'REC_Sales'!$E:$E,REC_SALES_FCST!CE$4)/8 -> 0 | CF34: =SUMIFS('REC_Sales'!$G:$G,'REC_Sales'!$J:$J,REC_SALES_FCST!$B34,'REC_Sales'!$E:$E,REC_SALES_FCST!CF$4)/8 -> 0 | CH34: =SUMIFS('REC_Sales'!$G:$G,'REC_Sales'!$J:$J,REC_SALES_FCST!$B34,'REC_Sales'!$E:$E,REC_SALES_FCST!CH$4)/8 -> 0 | CI34: =SUMIFS('REC_Sales'!$G:$G,'REC_Sales'!$J:$J,REC_SALES_FCST!$B34,'REC_Sales'!$E:$E,REC_SALES_FCST!CI$4)/8 -> 0 | CK34: =SUMIFS('REC_Sales'!$G:$G,'REC_Sales'!$J:$J,REC_SALES_FCST!$B34,'REC_Sales'!$E:$E,REC_SALES_FCST!CK$4)/8 -> 0 | CL34: =SUMIFS('REC_Sales'!$G:$G,'REC_Sales'!$J:$J,REC_SALES_FCST!$B34,'REC_Sales'!$E:$E,REC_SALES_FCST!CL$4)/8 -> 0 | CN34: =SUMIFS('REC_Sales'!$G:$G,'REC_Sales'!$J:$J,REC_SALES_FCST!$B34,'REC_Sales'!$E:$E,REC_SALES_FCST!CN$4)/8 -> 0 | CO34: =SUMIFS('REC_Sales'!$G:$G,'REC_Sales'!$J:$J,REC_SALES_FCST!$B34,'REC_Sales'!$E:$E,REC_SALES_FCST!CO$4)/8 -> 0 | CQ34: =SUMIFS('REC_Sales'!$G:$G,'REC_Sales'!$J:$J,REC_SALES_FCST!$B34,'REC_Sales'!$E:$E,REC_SALES_FCST!CQ$4)/8 -> 0 | CR34: =SUMIFS('REC_Sales'!$G:$G,'REC_Sales'!$J:$J,REC_SALES_FCST!$B34,'REC_Sales'!$E:$E,REC_SALES_FCST!CR$4)/8 -> 0 | CT34: =SUMIFS('REC_Sales'!$G:$G,'REC_Sales'!$J:$J,REC_SALES_FCST!$B34,'REC_Sales'!$E:$E,REC_SALES_FCST!CT$4)/8 -> 0 | CU34: =SUMIFS('REC_Sales'!$G:$G,'REC_Sales'!$J:$J,REC_SALES_FCST!$B34,'REC_Sales'!$E:$E,REC_SALES_FCST!CU$4)/8 -> 0 | CW34: =SUMIFS('REC_Sales'!$G:$G,'REC_Sales'!$J:$J,REC_SALES_FCST!$B34,'REC_Sales'!$E:$E,REC_SALES_FCST!CW$4)/8 -> 0 | CX34: =SUMIFS('REC_Sales'!$G:$G,'REC_Sales'!$J:$J,REC_SALES_FCST!$B34,'REC_Sales'!$E:$E,REC_SALES_FCST!CX$4)/8 -> 0 | CZ34: =SUMIFS('REC_Sales'!$G:$G,'REC_Sales'!$J:$J,REC_SALES_FCST!$B34,'REC_Sales'!$E:$E,REC_SALES_FCST!CZ$4)/8 -> 0 | DA34: =SUMIFS('REC_Sales'!$G:$G,'REC_Sales'!$J:$J,REC_SALES_FCST!$B34,'REC_Sales'!$E:$E,REC_SALES_FCST!DA$4)/8 -> 0 | DC34: =SUMIFS('REC_Sales'!$G:$G,'REC_Sales'!$J:$J,REC_SALES_FCST!$B34,'REC_Sales'!$E:$E,REC_SALES_FCST!DC$4)/8 -> 0 | DD34: =SUMIFS('REC_Sales'!$G:$G,'REC_Sales'!$J:$J,REC_SALES_FCST!$B34,'REC_Sales'!$E:$E,REC_SALES_FCST!DD$4)/8 -> 0 | DF34: =SUMIFS('REC_Sales'!$G:$G,'REC_Sales'!$J:$J,REC_SALES_FCST!$B34,'REC_Sales'!$E:$E,REC_SALES_FCST!DF$4)/8 -> 0 | DG34: =SUMIFS('REC_Sales'!$G:$G,'REC_Sales'!$J:$J,REC_SALES_FCST!$B34,'REC_Sales'!$E:$E,REC_SALES_FCST!DG$4)/8 -> 0
B35: Lawrence Brook | C35: MA Class I | E35: =SUMIFS('REC_Sales'!$G:$G,'REC_Sales'!$J:$J,REC_SALES_FCST!$B35,'REC_Sales'!$E:$E,REC_SALES_FCST!E$4)/8 -> 0 | F35: =SUMIFS('REC_Sales'!$G:$G,'REC_Sales'!$J:$J,REC_SALES_FCST!$B35,'REC_Sales'!$E:$E,REC_SALES_FCST!F$4)/8 -> 0 | H35: =SUMIFS('REC_Sales'!$G:$G,'REC_Sales'!$J:$J,REC_SALES_FCST!$B35,'REC_Sales'!$E:$E,REC_SALES_FCST!H$4)/8 -> 0 | I35: =SUMIFS('REC_Sales'!$G:$G,'REC_Sales'!$J:$J,REC_SALES_FCST!$B35,'REC_Sales'!$E:$E,REC_SALES_FCST!I$4)/8 -> 0 | K35: =SUMIFS('REC_Sales'!$G:$G,'REC_Sales'!$J:$J,REC_SALES_FCST!$B35,'REC_Sales'!$E:$E,REC_SALES_FCST!K$4)/8 -> 0 | L35: =SUMIFS('REC_Sales'!$G:$G,'REC_Sales'!$J:$J,REC_SALES_FCST!$B35,'REC_Sales'!$E:$E,REC_SALES_FCST!L$4)/8 -> 0 | N35: =SUMIFS('REC_Sales'!$G:$G,'REC_Sales'!$J:$J,REC_SALES_FCST!$B35,'REC_Sales'!$E:$E,REC_SALES_FCST!N$4)/8 -> 0 | O35: =SUMIFS('REC_Sales'!$G:$G,'REC_Sales'!$J:$J,REC_SALES_FCST!$B35,'REC_Sales'!$E:$E,REC_SALES_FCST!O$4)/8 -> 0 | Q35: =SUMIFS('REC_Sales'!$G:$G,'REC_Sales'!$J:$J,REC_SALES_FCST!$B35,'REC_Sales'!$E:$E,REC_SALES_FCST!Q$4)/8 -> 0 | R35: =SUMIFS('REC_Sales'!$G:$G,'REC_Sales'!$J:$J,REC_SALES_FCST!$B35,'REC_Sales'!$E:$E,REC_SALES_FCST!R$4)/8 -> 0 | T35: =SUMIFS('REC_Sales'!$G:$G,'REC_Sales'!$J:$J,REC_SALES_FCST!$B35,'REC_Sales'!$E:$E,REC_SALES_FCST!T$4)/8 -> 0 | U35: =SUMIFS('REC_Sales'!$G:$G,'REC_Sales'!$J:$J,REC_SALES_FCST!$B35,'REC_Sales'!$E:$E,REC_SALES_FCST!U$4)/8 -> 0 | W35: =SUMIFS('REC_Sales'!$G:$G,'REC_Sales'!$J:$J,REC_SALES_FCST!$B35,'REC_Sales'!$E:$E,REC_SALES_FCST!W$4)/8 -> 0 | X35: =SUMIFS('REC_Sales'!$G:$G,'REC_Sales'!$J:$J,REC_SALES_FCST!$B35,'REC_Sales'!$E:$E,REC_SALES_FCST!X$4)/8 -> 0 | Z35: =SUMIFS('REC_Sales'!$G:$G,'REC_Sales'!$J:$J,REC_SALES_FCST!$B35,'REC_Sales'!$E:$E,REC_SALES_FCST!Z$4)/8 -> 0 | AA35: =SUMIFS('REC_Sales'!$G:$G,'REC_Sales'!$J:$J,REC_SALES_FCST!$B35,'REC_Sales'!$E:$E,REC_SALES_FCST!AA$4)/8 -> 0 | AC35: =SUMIFS('REC_Sales'!$G:$G,'REC_Sales'!$J:$J,REC_SALES_FCST!$B35,'REC_Sales'!$E:$E,REC_SALES_FCST!AC$4)/8 -> 0 | AD35: =SUMIFS('REC_Sales'!$G:$G,'REC_Sales'!$J:$J,REC_SALES_FCST!$B35,'REC_Sales'!$E:$E,REC_SALES_FCST!AD$4)/8 -> 0 | AF35: =SUMIFS('REC_Sales'!$G:$G,'REC_Sales'!$J:$J,REC_SALES_FCST!$B35,'REC_Sales'!$E:$E,REC_SALES_FCST!AF$4)/8 -> 0 | AG35: =SUMIFS('REC_Sales'!$G:$G,'REC_Sales'!$J:$J,REC_SALES_FCST!$B35,'REC_Sales'!$E:$E,REC_SALES_FCST!AG$4)/8 -> 0 | AI35: =SUMIFS('REC_Sales'!$G:$G,'REC_Sales'!$J:$J,REC_SALES_FCST!$B35,'REC_Sales'!$E:$E,REC_SALES_FCST!AI$4)/8 -> 0 | AJ35: =SUMIFS('REC_Sales'!$G:$G,'REC_Sales'!$J:$J,REC_SALES_FCST!$B35,'REC_Sales'!$E:$E,REC_SALES_FCST!AJ$4)/8 -> 0 | AL35: =SUMIFS('REC_Sales'!$G:$G,'REC_Sales'!$J:$J,REC_SALES_FCST!$B35,'REC_Sales'!$E:$E,REC_SALES_FCST!AL$4)/8 -> 0 | AM35: =SUMIFS('REC_Sales'!$G:$G,'REC_Sales'!$J:$J,REC_SALES_FCST!$B35,'REC_Sales'!$E:$E,REC_SALES_FCST!AM$4)/8 -> 0 | AO35: =SUMIFS('REC_Sales'!$G:$G,'REC_Sales'!$J:$J,REC_SALES_FCST!$B35,'REC_Sales'!$E:$E,REC_SALES_FCST!AO$4)/8 -> 0 | AP35: =SUMIFS('REC_Sales'!$G:$G,'REC_Sales'!$J:$J,REC_SALES_FCST!$B35,'REC_Sales'!$E:$E,REC_SALES_FCST!AP$4)/8 -> 0 | AR35: =SUMIFS('REC_Sales'!$G:$G,'REC_Sales'!$J:$J,REC_SALES_FCST!$B35,'REC_Sales'!$E:$E,REC_SALES_FCST!AR$4)/8 -> 0 | AS35: =SUMIFS('REC_Sales'!$G:$G,'REC_Sales'!$J:$J,REC_SALES_FCST!$B35,'REC_Sales'!$E:$E,REC_SALES_FCST!AS$4)/8 -> 0 | AU35: =SUMIFS('REC_Sales'!$G:$G,'REC_Sales'!$J:$J,REC_SALES_FCST!$B35,'REC_Sales'!$E:$E,REC_SALES_FCST!AU$4)/8 -> 0 | AV35: =SUMIFS('REC_Sales'!$G:$G,'REC_Sales'!$J:$J,REC_SALES_FCST!$B35,'REC_Sales'!$E:$E,REC_SALES_FCST!AV$4)/8 -> 0 | AX35: =SUMIFS('REC_Sales'!$G:$G,'REC_Sales'!$J:$J,REC_SALES_FCST!$B35,'REC_Sales'!$E:$E,REC_SALES_FCST!AX$4)/8 -> 0 | AY35: =SUMIFS('REC_Sales'!$G:$G,'REC_Sales'!$J:$J,REC_SALES_FCST!$B35,'REC_Sales'!$E:$E,REC_SALES_FCST!AY$4)/8 -> 0 | BA35: =SUMIFS('REC_Sales'!$G:$G,'REC_Sales'!$J:$J,REC_SALES_FCST!$B35,'REC_Sales'!$E:$E,REC_SALES_FCST!BA$4)/8 -> 0 | BB35: =SUMIFS('REC_Sales'!$G:$G,'REC_Sales'!$J:$J,REC_SALES_FCST!$B35,'REC_Sales'!$E:$E,REC_SALES_FCST!BB$4)/8 -> 0 | BD35: =SUMIFS('REC_Sales'!$G:$G,'REC_Sales'!$J:$J,REC_SALES_FCST!$B35,'REC_Sales'!$E:$E,REC_SALES_FCST!BD$4)/8 -> 0 | BE35: =SUMIFS('REC_Sales'!$G:$G,'REC_Sales'!$J:$J,REC_SALES_FCST!$B35,'REC_Sales'!$E:$E,REC_SALES_FCST!BE$4)/8 -> 0 | BG35: =SUMIFS('REC_Sales'!$G:$G,'REC_Sales'!$J:$J,REC_SALES_FCST!$B35,'REC_Sales'!$E:$E,REC_SALES_FCST!BG$4)/8 -> 0 | BH35: =SUMIFS('REC_Sales'!$G:$G,'REC_Sales'!$J:$J,REC_SALES_FCST!$B35,'REC_Sales'!$E:$E,REC_SALES_FCST!BH$4)/8 -> 0 | BJ35: =SUMIFS('REC_Sales'!$G:$G,'REC_Sales'!$J:$J,REC_SALES_FCST!$B35,'REC_Sales'!$E:$E,REC_SALES_FCST!BJ$4)/8 -> 0 | BK35: =SUMIFS('REC_Sales'!$G:$G,'REC_Sales'!$J:$J,REC_SALES_FCST!$B35,'REC_Sales'!$E:$E,REC_SALES_FCST!BK$4)/8 -> 0 | BM35: =SUMIFS('REC_Sales'!$G:$G,'REC_Sales'!$J:$J,REC_SALES_FCST!$B35,'REC_Sales'!$E:$E,REC_SALES_FCST!BM$4)/8 -> 0 | BN35: =SUMIFS('REC_Sales'!$G:$G,'REC_Sales'!$J:$J,REC_SALES_FCST!$B35,'REC_Sales'!$E:$E,REC_SALES_FCST!BN$4)/8 -> 0 | BP35: =SUMIFS('REC_Sales'!$G:$G,'REC_Sales'!$J:$J,REC_SALES_FCST!$B35,'REC_Sales'!$E:$E,REC_SALES_FCST!BP$4)/8 -> 0 | BQ35: =SUMIFS('REC_Sales'!$G:$G,'REC_Sales'!$J:$J,REC_SALES_FCST!$B35,'REC_Sales'!$E:$E,REC_SALES_FCST!BQ$4)/8 -> 0 | BS35: =SUMIFS('REC_Sales'!$G:$G,'REC_Sales'!$J:$J,REC_SALES_FCST!$B35,'REC_Sales'!$E:$E,REC_SALES_FCST!BS$4)/8 -> 0 | BT35: =SUMIFS('REC_Sales'!$G:$G,'REC_Sales'!$J:$J,REC_SALES_FCST!$B35,'REC_Sales'!$E:$E,REC_SALES_FCST!BT$4)/8 -> 0 | BV35: =SUMIFS('REC_Sales'!$G:$G,'REC_Sales'!$J:$J,REC_SALES_FCST!$B35,'REC_Sales'!$E:$E,REC_SALES_FCST!BV$4)/8 -> 0 | BW35: =SUMIFS('REC_Sales'!$G:$G,'REC_Sales'!$J:$J,REC_SALES_FCST!$B35,'REC_Sales'!$E:$E,REC_SALES_FCST!BW$4)/8 -> 0 | BY35: =SUMIFS('REC_Sales'!$G:$G,'REC_Sales'!$J:$J,REC_SALES_FCST!$B35,'REC_Sales'!$E:$E,REC_SALES_FCST!BY$4)/8 -> 0 | BZ35: =SUMIFS('REC_Sales'!$G:$G,'REC_Sales'!$J:$J,REC_SALES_FCST!$B35,'REC_Sales'!$E:$E,REC_SALES_FCST!BZ$4)/8 -> 0 | CB35: =SUMIFS('REC_Sales'!$G:$G,'REC_Sales'!$J:$J,REC_SALES_FCST!$B35,'REC_Sales'!$E:$E,REC_SALES_FCST!CB$4)/8 -> 0 | CC35: =SUMIFS('REC_Sales'!$G:$G,'REC_Sales'!$J:$J,REC_SALES_FCST!$B35,'REC_Sales'!$E:$E,REC_SALES_FCST!CC$4)/8 -> 0 | CE35: =SUMIFS('REC_Sales'!$G:$G,'REC_Sales'!$J:$J,REC_SALES_FCST!$B35,'REC_Sales'!$E:$E,REC_SALES_FCST!CE$4)/8 -> 0 | CF35: =SUMIFS('REC_Sales'!$G:$G,'REC_Sales'!$J:$J,REC_SALES_FCST!$B35,'REC_Sales'!$E:$E,REC_SALES_FCST!CF$4)/8 -> 0 | CH35: =SUMIFS('REC_Sales'!$G:$G,'REC_Sales'!$J:$J,REC_SALES_FCST!$B35,'REC_Sales'!$E:$E,REC_SALES_FCST!CH$4)/8 -> 0 | CI35: =SUMIFS('REC_Sales'!$G:$G,'REC_Sales'!$J:$J,REC_SALES_FCST!$B35,'REC_Sales'!$E:$E,REC_SALES_FCST!CI$4)/8 -> 0 | CK35: =SUMIFS('REC_Sales'!$G:$G,'REC_Sales'!$J:$J,REC_SALES_FCST!$B35,'REC_Sales'!$E:$E,REC_SALES_FCST!CK$4)/8 -> 0 | CL35: =SUMIFS('REC_Sales'!$G:$G,'REC_Sales'!$J:$J,REC_SALES_FCST!$B35,'REC_Sales'!$E:$E,REC_SALES_FCST!CL$4)/8 -> 0 | CN35: =SUMIFS('REC_Sales'!$G:$G,'REC_Sales'!$J:$J,REC_SALES_FCST!$B35,'REC_Sales'!$E:$E,REC_SALES_FCST!CN$4)/8 -> 0 | CO35: =SUMIFS('REC_Sales'!$G:$G,'REC_Sales'!$J:$J,REC_SALES_FCST!$B35,'REC_Sales'!$E:$E,REC_SALES_FCST!CO$4)/8 -> 0 | CQ35: =SUMIFS('REC_Sales'!$G:$G,'REC_Sales'!$J:$J,REC_SALES_FCST!$B35,'REC_Sales'!$E:$E,REC_SALES_FCST!CQ$4)/8 -> 0 | CR35: =SUMIFS('REC_Sales'!$G:$G,'REC_Sales'!$J:$J,REC_SALES_FCST!$B35,'REC_Sales'!$E:$E,REC_SALES_FCST!CR$4)/8 -> 0 | CT35: =SUMIFS('REC_Sales'!$G:$G,'REC_Sales'!$J:$J,REC_SALES_FCST!$B35,'REC_Sales'!$E:$E,REC_SALES_FCST!CT$4)/8 -> 0 | CU35: =SUMIFS('REC_Sales'!$G:$G,'REC_Sales'!$J:$J,REC_SALES_FCST!$B35,'REC_Sales'!$E:$E,REC_SALES_FCST!CU$4)/8 -> 0 | CW35: =SUMIFS('REC_Sales'!$G:$G,'REC_Sales'!$J:$J,REC_SALES_FCST!$B35,'REC_Sales'!$E:$E,REC_SALES_FCST!CW$4)/8 -> 0 | CX35: =SUMIFS('REC_Sales'!$G:$G,'REC_Sales'!$J:$J,REC_SALES_FCST!$B35,'REC_Sales'!$E:$E,REC_SALES_FCST!CX$4)/8 -> 0 | CZ35: =SUMIFS('REC_Sales'!$G:$G,'REC_Sales'!$J:$J,REC_SALES_FCST!$B35,'REC_Sales'!$E:$E,REC_SALES_FCST!CZ$4)/8 -> 0 | DA35: =SUMIFS('REC_Sales'!$G:$G,'REC_Sales'!$J:$J,REC_SALES_FCST!$B35,'REC_Sales'!$E:$E,REC_SALES_FCST!DA$4)/8 -> 0 | DC35: =SUMIFS('REC_Sales'!$G:$G,'REC_Sales'!$J:$J,REC_SALES_FCST!$B35,'REC_Sales'!$E:$E,REC_SALES_FCST!DC$4)/8 -> 0 | DD35: =SUMIFS('REC_Sales'!$G:$G,'REC_Sales'!$J:$J,REC_SALES_FCST!$B35,'REC_Sales'!$E:$E,REC_SALES_FCST!DD$4)/8 -> 0 | DF35: =SUMIFS('REC_Sales'!$G:$G,'REC_Sales'!$J:$J,REC_SALES_FCST!$B35,'REC_Sales'!$E:$E,REC_SALES_FCST!DF$4)/8 -> 0 | DG35: =SUMIFS('REC_Sales'!$G:$G,'REC_Sales'!$J:$J,REC_SALES_FCST!$B35,'REC_Sales'!$E:$E,REC_SALES_FCST!DG$4)/8 -> 0
B36: McNeil Wood | C36: CT Class I | E36: =SUMIFS('REC_Sales'!$G:$G,'REC_Sales'!$J:$J,REC_SALES_FCST!$B36,'REC_Sales'!$E:$E,REC_SALES_FCST!E$4)/8 -> 5466.5 | F36: =SUMIFS('REC_Sales'!$G:$G,'REC_Sales'!$J:$J,REC_SALES_FCST!$B36,'REC_Sales'!$E:$E,REC_SALES_FCST!F$4)/8 -> 5466.5 | H36: =SUMIFS('REC_Sales'!$G:$G,'REC_Sales'!$J:$J,REC_SALES_FCST!$B36,'REC_Sales'!$E:$E,REC_SALES_FCST!H$4)/8 -> 5466.5 | I36: =SUMIFS('REC_Sales'!$G:$G,'REC_Sales'!$J:$J,REC_SALES_FCST!$B36,'REC_Sales'!$E:$E,REC_SALES_FCST!I$4)/8 -> 5466.5 | K36: =SUMIFS('REC_Sales'!$G:$G,'REC_Sales'!$J:$J,REC_SALES_FCST!$B36,'REC_Sales'!$E:$E,REC_SALES_FCST!K$4)/8 -> 5466.5 | L36: =SUMIFS('REC_Sales'!$G:$G,'REC_Sales'!$J:$J,REC_SALES_FCST!$B36,'REC_Sales'!$E:$E,REC_SALES_FCST!L$4)/8 -> 5466.5 | N36: =SUMIFS('REC_Sales'!$G:$G,'REC_Sales'!$J:$J,REC_SALES_FCST!$B36,'REC_Sales'!$E:$E,REC_SALES_FCST!N$4)/8 -> 5466.5 | O36: =SUMIFS('REC_Sales'!$G:$G,'REC_Sales'!$J:$J,REC_SALES_FCST!$B36,'REC_Sales'!$E:$E,REC_SALES_FCST!O$4)/8 -> 5466.5 | Q36: =SUMIFS('REC_Sales'!$G:$G,'REC_Sales'!$J:$J,REC_SALES_FCST!$B36,'REC_Sales'!$E:$E,REC_SALES_FCST!Q$4)/8 -> 2500 | R36: =SUMIFS('REC_Sales'!$G:$G,'REC_Sales'!$J:$J,REC_SALES_FCST!$B36,'REC_Sales'!$E:$E,REC_SALES_FCST!R$4)/8 -> 2500 | T36: =SUMIFS('REC_Sales'!$G:$G,'REC_Sales'!$J:$J,REC_SALES_FCST!$B36,'REC_Sales'!$E:$E,REC_SALES_FCST!T$4)/8 -> 2500 | U36: =SUMIFS('REC_Sales'!$G:$G,'REC_Sales'!$J:$J,REC_SALES_FCST!$B36,'REC_Sales'!$E:$E,REC_SALES_FCST!U$4)/8 -> 2500 | W36: =SUMIFS('REC_Sales'!$G:$G,'REC_Sales'!$J:$J,REC_SALES_FCST!$B36,'REC_Sales'!$E:$E,REC_SALES_FCST!W$4)/8 -> 2500 | X36: =SUMIFS('REC_Sales'!$G:$G,'REC_Sales'!$J:$J,REC_SALES_FCST!$B36,'REC_Sales'!$E:$E,REC_SALES_FCST!X$4)/8 -> 2500 | Z36: =SUMIFS('REC_Sales'!$G:$G,'REC_Sales'!$J:$J,REC_SALES_FCST!$B36,'REC_Sales'!$E:$E,REC_SALES_FCST!Z$4)/8 -> 2500 | AA36: =SUMIFS('REC_Sales'!$G:$G,'REC_Sales'!$J:$J,REC_SALES_FCST!$B36,'REC_Sales'!$E:$E,REC_SALES_FCST!AA$4)/8 -> 2500 | AC36: =SUMIFS('REC_Sales'!$G:$G,'REC_Sales'!$J:$J,REC_SALES_FCST!$B36,'REC_Sales'!$E:$E,REC_SALES_FCST!AC$4)/8 -> 2500 | AD36: =SUMIFS('REC_Sales'!$G:$G,'REC_Sales'!$J:$J,REC_SALES_FCST!$B36,'REC_Sales'!$E:$E,REC_SALES_FCST!AD$4)/8 -> 2500 | AF36: =SUMIFS('REC_Sales'!$G:$G,'REC_Sales'!$J:$J,REC_SALES_FCST!$B36,'REC_Sales'!$E:$E,REC_SALES_FCST!AF$4)/8 -> 2500 | AG36: =SUMIFS('REC_Sales'!$G:$G,'REC_Sales'!$J:$J,REC_SALES_FCST!$B36,'REC_Sales'!$E:$E,REC_SALES_FCST!AG$4)/8 -> 2500 | AI36: =SUMIFS('REC_Sales'!$G:$G,'REC_Sales'!$J:$J,REC_SALES_FCST!$B36,'REC_Sales'!$E:$E,REC_SALES_FCST!AI$4)/8 -> 2500 | AJ36: =SUMIFS('REC_Sales'!$G:$G,'REC_Sales'!$J:$J,REC_SALES_FCST!$B36,'REC_Sales'!$E:$E,REC_SALES_FCST!AJ$4)/8 -> 2500 | AL36: =SUMIFS('REC_Sales'!$G:$G,'REC_Sales'!$J:$J,REC_SALES_FCST!$B36,'REC_Sales'!$E:$E,REC_SALES_FCST!AL$4)/8 -> 2500 | AM36: =SUMIFS('REC_Sales'!$G:$G,'REC_Sales'!$J:$J,REC_SALES_FCST!$B36,'REC_Sales'!$E:$E,REC_SALES_FCST!AM$4)/8 -> 2500 | AO36: =SUMIFS('REC_Sales'!$G:$G,'REC_Sales'!$J:$J,REC_SALES_FCST!$B36,'REC_Sales'!$E:$E,REC_SALES_FCST!AO$4)/8 -> 2500 | AP36: =SUMIFS('REC_Sales'!$G:$G,'REC_Sales'!$J:$J,REC_SALES_FCST!$B36,'REC_Sales'!$E:$E,REC_SALES_FCST!AP$4)/8 -> 2500 | AR36: =SUMIFS('REC_Sales'!$G:$G,'REC_Sales'!$J:$J,REC_SALES_FCST!$B36,'REC_Sales'!$E:$E,REC_SALES_FCST!AR$4)/8 -> 2500 | AS36: =SUMIFS('REC_Sales'!$G:$G,'REC_Sales'!$J:$J,REC_SALES_FCST!$B36,'REC_Sales'!$E:$E,REC_SALES_FCST!AS$4)/8 -> 2500 | AU36: =SUMIFS('REC_Sales'!$G:$G,'REC_Sales'!$J:$J,REC_SALES_FCST!$B36,'REC_Sales'!$E:$E,REC_SALES_FCST!AU$4)/8 -> 2500 | AV36: =SUMIFS('REC_Sales'!$G:$G,'REC_Sales'!$J:$J,REC_SALES_FCST!$B36,'REC_Sales'!$E:$E,REC_SALES_FCST!AV$4)/8 -> 2500 | AX36: =SUMIFS('REC_Sales'!$G:$G,'REC_Sales'!$J:$J,REC_SALES_FCST!$B36,'REC_Sales'!$E:$E,REC_SALES_FCST!AX$4)/8 -> 2500 | AY36: =SUMIFS('REC_Sales'!$G:$G,'REC_Sales'!$J:$J,REC_SALES_FCST!$B36,'REC_Sales'!$E:$E,REC_SALES_FCST!AY$4)/8 -> 2500 | BA36: =SUMIFS('REC_Sales'!$G:$G,'REC_Sales'!$J:$J,REC_SALES_FCST!$B36,'REC_Sales'!$E:$E,REC_SALES_FCST!BA$4)/8 -> 0 | BB36: =SUMIFS('REC_Sales'!$G:$G,'REC_Sales'!$J:$J,REC_SALES_FCST!$B36,'REC_Sales'!$E:$E,REC_SALES_FCST!BB$4)/8 -> 0 | BD36: =SUMIFS('REC_Sales'!$G:$G,'REC_Sales'!$J:$J,REC_SALES_FCST!$B36,'REC_Sales'!$E:$E,REC_SALES_FCST!BD$4)/8 -> 0 | BE36: =SUMIFS('REC_Sales'!$G:$G,'REC_Sales'!$J:$J,REC_SALES_FCST!$B36,'REC_Sales'!$E:$E,REC_SALES_FCST!BE$4)/8 -> 0 | BG36: =SUMIFS('REC_Sales'!$G:$G,'REC_Sales'!$J:$J,REC_SALES_FCST!$B36,'REC_Sales'!$E:$E,REC_SALES_FCST!BG$4)/8 -> 0 | BH36: =SUMIFS('REC_Sales'!$G:$G,'REC_Sales'!$J:$J,REC_SALES_FCST!$B36,'REC_Sales'!$E:$E,REC_SALES_FCST!BH$4)/8 -> 0 | BJ36: =SUMIFS('REC_Sales'!$G:$G,'REC_Sales'!$J:$J,REC_SALES_FCST!$B36,'REC_Sales'!$E:$E,REC_SALES_FCST!BJ$4)/8 -> 0 | BK36: =SUMIFS('REC_Sales'!$G:$G,'REC_Sales'!$J:$J,REC_SALES_FCST!$B36,'REC_Sales'!$E:$E,REC_SALES_FCST!BK$4)/8 -> 0 | BM36: =SUMIFS('REC_Sales'!$G:$G,'REC_Sales'!$J:$J,REC_SALES_FCST!$B36,'REC_Sales'!$E:$E,REC_SALES_FCST!BM$4)/8 -> 0 | BN36: =SUMIFS('REC_Sales'!$G:$G,'REC_Sales'!$J:$J,REC_SALES_FCST!$B36,'REC_Sales'!$E:$E,REC_SALES_FCST!BN$4)/8 -> 0 | BP36: =SUMIFS('REC_Sales'!$G:$G,'REC_Sales'!$J:$J,REC_SALES_FCST!$B36,'REC_Sales'!$E:$E,REC_SALES_FCST!BP$4)/8 -> 0 | BQ36: =SUMIFS('REC_Sales'!$G:$G,'REC_Sales'!$J:$J,REC_SALES_FCST!$B36,'REC_Sales'!$E:$E,REC_SALES_FCST!BQ$4)/8 -> 0 | BS36: =SUMIFS('REC_Sales'!$G:$G,'REC_Sales'!$J:$J,REC_SALES_FCST!$B36,'REC_Sales'!$E:$E,REC_SALES_FCST!BS$4)/8 -> 0 | BT36: =SUMIFS('REC_Sales'!$G:$G,'REC_Sales'!$J:$J,REC_SALES_FCST!$B36,'REC_Sales'!$E:$E,REC_SALES_FCST!BT$4)/8 -> 0 | BV36: =SUMIFS('REC_Sales'!$G:$G,'REC_Sales'!$J:$J,REC_SALES_FCST!$B36,'REC_Sales'!$E:$E,REC_SALES_FCST!BV$4)/8 -> 0 | BW36: =SUMIFS('REC_Sales'!$G:$G,'REC_Sales'!$J:$J,REC_SALES_FCST!$B36,'REC_Sales'!$E:$E,REC_SALES_FCST!BW$4)/8 -> 0 | BY36: =SUMIFS('REC_Sales'!$G:$G,'REC_Sales'!$J:$J,REC_SALES_FCST!$B36,'REC_Sales'!$E:$E,REC_SALES_FCST!BY$4)/8 -> 0 | BZ36: =SUMIFS('REC_Sales'!$G:$G,'REC_Sales'!$J:$J,REC_SALES_FCST!$B36,'REC_Sales'!$E:$E,REC_SALES_FCST!BZ$4)/8 -> 0 | CB36: =SUMIFS('REC_Sales'!$G:$G,'REC_Sales'!$J:$J,REC_SALES_FCST!$B36,'REC_Sales'!$E:$E,REC_SALES_FCST!CB$4)/8 -> 0 | CC36: =SUMIFS('REC_Sales'!$G:$G,'REC_Sales'!$J:$J,REC_SALES_FCST!$B36,'REC_Sales'!$E:$E,REC_SALES_FCST!CC$4)/8 -> 0 | CE36: =SUMIFS('REC_Sales'!$G:$G,'REC_Sales'!$J:$J,REC_SALES_FCST!$B36,'REC_Sales'!$E:$E,REC_SALES_FCST!CE$4)/8 -> 0 | CF36: =SUMIFS('REC_Sales'!$G:$G,'REC_Sales'!$J:$J,REC_SALES_FCST!$B36,'REC_Sales'!$E:$E,REC_SALES_FCST!CF$4)/8 -> 0 | CH36: =SUMIFS('REC_Sales'!$G:$G,'REC_Sales'!$J:$J,REC_SALES_FCST!$B36,'REC_Sales'!$E:$E,REC_SALES_FCST!CH$4)/8 -> 0 | CI36: =SUMIFS('REC_Sales'!$G:$G,'REC_Sales'!$J:$J,REC_SALES_FCST!$B36,'REC_Sales'!$E:$E,REC_SALES_FCST!CI$4)/8 -> 0 | CK36: =SUMIFS('REC_Sales'!$G:$G,'REC_Sales'!$J:$J,REC_SALES_FCST!$B36,'REC_Sales'!$E:$E,REC_SALES_FCST!CK$4)/8 -> 0 | CL36: =SUMIFS('REC_Sales'!$G:$G,'REC_Sales'!$J:$J,REC_SALES_FCST!$B36,'REC_Sales'!$E:$E,REC_SALES_FCST!CL$4)/8 -> 0 | CN36: =SUMIFS('REC_Sales'!$G:$G,'REC_Sales'!$J:$J,REC_SALES_FCST!$B36,'REC_Sales'!$E:$E,REC_SALES_FCST!CN$4)/8 -> 0 | CO36: =SUMIFS('REC_Sales'!$G:$G,'REC_Sales'!$J:$J,REC_SALES_FCST!$B36,'REC_Sales'!$E:$E,REC_SALES_FCST!CO$4)/8 -> 0 | CQ36: =SUMIFS('REC_Sales'!$G:$G,'REC_Sales'!$J:$J,REC_SALES_FCST!$B36,'REC_Sales'!$E:$E,REC_SALES_FCST!CQ$4)/8 -> 0 | CR36: =SUMIFS('REC_Sales'!$G:$G,'REC_Sales'!$J:$J,REC_SALES_FCST!$B36,'REC_Sales'!$E:$E,REC_SALES_FCST!CR$4)/8 -> 0 | CT36: =SUMIFS('REC_Sales'!$G:$G,'REC_Sales'!$J:$J,REC_SALES_FCST!$B36,'REC_Sales'!$E:$E,REC_SALES_FCST!CT$4)/8 -> 0 | CU36: =SUMIFS('REC_Sales'!$G:$G,'REC_Sales'!$J:$J,REC_SALES_FCST!$B36,'REC_Sales'!$E:$E,REC_SALES_FCST!CU$4)/8 -> 0 | CW36: =SUMIFS('REC_Sales'!$G:$G,'REC_Sales'!$J:$J,REC_SALES_FCST!$B36,'REC_Sales'!$E:$E,REC_SALES_FCST!CW$4)/8 -> 0 | CX36: =SUMIFS('REC_Sales'!$G:$G,'REC_Sales'!$J:$J,REC_SALES_FCST!$B36,'REC_Sales'!$E:$E,REC_SALES_FCST!CX$4)/8 -> 0 | CZ36: =SUMIFS('REC_Sales'!$G:$G,'REC_Sales'!$J:$J,REC_SALES_FCST!$B36,'REC_Sales'!$E:$E,REC_SALES_FCST!CZ$4)/8 -> 0 | DA36: =SUMIFS('REC_Sales'!$G:$G,'REC_Sales'!$J:$J,REC_SALES_FCST!$B36,'REC_Sales'!$E:$E,REC_SALES_FCST!DA$4)/8 -> 0 | DC36: =SUMIFS('REC_Sales'!$G:$G,'REC_Sales'!$J:$J,REC_SALES_FCST!$B36,'REC_Sales'!$E:$E,REC_SALES_FCST!DC$4)/8 -> 0 | DD36: =SUMIFS('REC_Sales'!$G:$G,'REC_Sales'!$J:$J,REC_SALES_FCST!$B36,'REC_Sales'!$E:$E,REC_SALES_FCST!DD$4)/8 -> 0 | DF36: =SUMIFS('REC_Sales'!$G:$G,'REC_Sales'!$J:$J,REC_SALES_FCST!$B36,'REC_Sales'!$E:$E,REC_SALES_FCST!DF$4)/8 -> 0 | DG36: =SUMIFS('REC_Sales'!$G:$G,'REC_Sales'!$J:$J,REC_SALES_FCST!$B36,'REC_Sales'!$E:$E,REC_SALES_FCST!DG$4)/8 -> 0
B37: Off Shore Wind | C37: MA Class I | E37: =SUMIFS('REC_Sales'!$G:$G,'REC_Sales'!$J:$J,REC_SALES_FCST!$B37,'REC_Sales'!$E:$E,REC_SALES_FCST!E$4)/8 -> 0 | F37: =SUMIFS('REC_Sales'!$G:$G,'REC_Sales'!$J:$J,REC_SALES_FCST!$B37,'REC_Sales'!$E:$E,REC_SALES_FCST!F$4)/8 -> 0 | H37: =SUMIFS('REC_Sales'!$G:$G,'REC_Sales'!$J:$J,REC_SALES_FCST!$B37,'REC_Sales'!$E:$E,REC_SALES_FCST!H$4)/8 -> 0 | I37: =SUMIFS('REC_Sales'!$G:$G,'REC_Sales'!$J:$J,REC_SALES_FCST!$B37,'REC_Sales'!$E:$E,REC_SALES_FCST!I$4)/8 -> 0 | K37: =SUMIFS('REC_Sales'!$G:$G,'REC_Sales'!$J:$J,REC_SALES_FCST!$B37,'REC_Sales'!$E:$E,REC_SALES_FCST!K$4)/8 -> 0 | L37: =SUMIFS('REC_Sales'!$G:$G,'REC_Sales'!$J:$J,REC_SALES_FCST!$B37,'REC_Sales'!$E:$E,REC_SALES_FCST!L$4)/8 -> 0 | N37: =SUMIFS('REC_Sales'!$G:$G,'REC_Sales'!$J:$J,REC_SALES_FCST!$B37,'REC_Sales'!$E:$E,REC_SALES_FCST!N$4)/8 -> 0 | O37: =SUMIFS('REC_Sales'!$G:$G,'REC_Sales'!$J:$J,REC_SALES_FCST!$B37,'REC_Sales'!$E:$E,REC_SALES_FCST!O$4)/8 -> 0 | Q37: =SUMIFS('REC_Sales'!$G:$G,'REC_Sales'!$J:$J,REC_SALES_FCST!$B37,'REC_Sales'!$E:$E,REC_SALES_FCST!Q$4)/8 -> 0 | R37: =SUMIFS('REC_Sales'!$G:$G,'REC_Sales'!$J:$J,REC_SALES_FCST!$B37,'REC_Sales'!$E:$E,REC_SALES_FCST!R$4)/8 -> 0 | T37: =SUMIFS('REC_Sales'!$G:$G,'REC_Sales'!$J:$J,REC_SALES_FCST!$B37,'REC_Sales'!$E:$E,REC_SALES_FCST!T$4)/8 -> 0 | U37: =SUMIFS('REC_Sales'!$G:$G,'REC_Sales'!$J:$J,REC_SALES_FCST!$B37,'REC_Sales'!$E:$E,REC_SALES_FCST!U$4)/8 -> 0 | W37: =SUMIFS('REC_Sales'!$G:$G,'REC_Sales'!$J:$J,REC_SALES_FCST!$B37,'REC_Sales'!$E:$E,REC_SALES_FCST!W$4)/8 -> 0 | X37: =SUMIFS('REC_Sales'!$G:$G,'REC_Sales'!$J:$J,REC_SALES_FCST!$B37,'REC_Sales'!$E:$E,REC_SALES_FCST!X$4)/8 -> 0 | Z37: =SUMIFS('REC_Sales'!$G:$G,'REC_Sales'!$J:$J,REC_SALES_FCST!$B37,'REC_Sales'!$E:$E,REC_SALES_FCST!Z$4)/8 -> 0 | AA37: =SUMIFS('REC_Sales'!$G:$G,'REC_Sales'!$J:$J,REC_SALES_FCST!$B37,'REC_Sales'!$E:$E,REC_SALES_FCST!AA$4)/8 -> 0 | AC37: =SUMIFS('REC_Sales'!$G:$G,'REC_Sales'!$J:$J,REC_SALES_FCST!$B37,'REC_Sales'!$E:$E,REC_SALES_FCST!AC$4)/8 -> 0 | AD37: =SUMIFS('REC_Sales'!$G:$G,'REC_Sales'!$J:$J,REC_SALES_FCST!$B37,'REC_Sales'!$E:$E,REC_SALES_FCST!AD$4)/8 -> 0 | AF37: =SUMIFS('REC_Sales'!$G:$G,'REC_Sales'!$J:$J,REC_SALES_FCST!$B37,'REC_Sales'!$E:$E,REC_SALES_FCST!AF$4)/8 -> 0 | AG37: =SUMIFS('REC_Sales'!$G:$G,'REC_Sales'!$J:$J,REC_SALES_FCST!$B37,'REC_Sales'!$E:$E,REC_SALES_FCST!AG$4)/8 -> 0 | AI37: =SUMIFS('REC_Sales'!$G:$G,'REC_Sales'!$J:$J,REC_SALES_FCST!$B37,'REC_Sales'!$E:$E,REC_SALES_FCST!AI$4)/8 -> 0 | AJ37: =SUMIFS('REC_Sales'!$G:$G,'REC_Sales'!$J:$J,REC_SALES_FCST!$B37,'REC_Sales'!$E:$E,REC_SALES_FCST!AJ$4)/8 -> 0 | AL37: =SUMIFS('REC_Sales'!$G:$G,'REC_Sales'!$J:$J,REC_SALES_FCST!$B37,'REC_Sales'!$E:$E,REC_SALES_FCST!AL$4)/8 -> 0 | AM37: =SUMIFS('REC_Sales'!$G:$G,'REC_Sales'!$J:$J,REC_SALES_FCST!$B37,'REC_Sales'!$E:$E,REC_SALES_FCST!AM$4)/8 -> 0 | AO37: =SUMIFS('REC_Sales'!$G:$G,'REC_Sales'!$J:$J,REC_SALES_FCST!$B37,'REC_Sales'!$E:$E,REC_SALES_FCST!AO$4)/8 -> 0 | AP37: =SUMIFS('REC_Sales'!$G:$G,'REC_Sales'!$J:$J,REC_SALES_FCST!$B37,'REC_Sales'!$E:$E,REC_SALES_FCST!AP$4)/8 -> 0 | AR37: =SUMIFS('REC_Sales'!$G:$G,'REC_Sales'!$J:$J,REC_SALES_FCST!$B37,'REC_Sales'!$E:$E,REC_SALES_FCST!AR$4)/8 -> 0 | AS37: =SUMIFS('REC_Sales'!$G:$G,'REC_Sales'!$J:$J,REC_SALES_FCST!$B37,'REC_Sales'!$E:$E,REC_SALES_FCST!AS$4)/8 -> 0 | AU37: =SUMIFS('REC_Sales'!$G:$G,'REC_Sales'!$J:$J,REC_SALES_FCST!$B37,'REC_Sales'!$E:$E,REC_SALES_FCST!AU$4)/8 -> 0 | AV37: =SUMIFS('REC_Sales'!$G:$G,'REC_Sales'!$J:$J,REC_SALES_FCST!$B37,'REC_Sales'!$E:$E,REC_SALES_FCST!AV$4)/8 -> 0 | AX37: =SUMIFS('REC_Sales'!$G:$G,'REC_Sales'!$J:$J,REC_SALES_FCST!$B37,'REC_Sales'!$E:$E,REC_SALES_FCST!AX$4)/8 -> 0 | AY37: =SUMIFS('REC_Sales'!$G:$G,'REC_Sales'!$J:$J,REC_SALES_FCST!$B37,'REC_Sales'!$E:$E,REC_SALES_FCST!AY$4)/8 -> 0 | BA37: =SUMIFS('REC_Sales'!$G:$G,'REC_Sales'!$J:$J,REC_SALES_FCST!$B37,'REC_Sales'!$E:$E,REC_SALES_FCST!BA$4)/8 -> 0 | BB37: =SUMIFS('REC_Sales'!$G:$G,'REC_Sales'!$J:$J,REC_SALES_FCST!$B37,'REC_Sales'!$E:$E,REC_SALES_FCST!BB$4)/8 -> 0 | BD37: =SUMIFS('REC_Sales'!$G:$G,'REC_Sales'!$J:$J,REC_SALES_FCST!$B37,'REC_Sales'!$E:$E,REC_SALES_FCST!BD$4)/8 -> 0 | BE37: =SUMIFS('REC_Sales'!$G:$G,'REC_Sales'!$J:$J,REC_SALES_FCST!$B37,'REC_Sales'!$E:$E,REC_SALES_FCST!BE$4)/8 -> 0 | BG37: =SUMIFS('REC_Sales'!$G:$G,'REC_Sales'!$J:$J,REC_SALES_FCST!$B37,'REC_Sales'!$E:$E,REC_SALES_FCST!BG$4)/8 -> 0 | BH37: =SUMIFS('REC_Sales'!$G:$G,'REC_Sales'!$J:$J,REC_SALES_FCST!$B37,'REC_Sales'!$E:$E,REC_SALES_FCST!BH$4)/8 -> 0 | BJ37: =SUMIFS('REC_Sales'!$G:$G,'REC_Sales'!$J:$J,REC_SALES_FCST!$B37,'REC_Sales'!$E:$E,REC_SALES_FCST!BJ$4)/8 -> 0 | BK37: =SUMIFS('REC_Sales'!$G:$G,'REC_Sales'!$J:$J,REC_SALES_FCST!$B37,'REC_Sales'!$E:$E,REC_SALES_FCST!BK$4)/8 -> 0 | BM37: =SUMIFS('REC_Sales'!$G:$G,'REC_Sales'!$J:$J,REC_SALES_FCST!$B37,'REC_Sales'!$E:$E,REC_SALES_FCST!BM$4)/8 -> 0 | BN37: =SUMIFS('REC_Sales'!$G:$G,'REC_Sales'!$J:$J,REC_SALES_FCST!$B37,'REC_Sales'!$E:$E,REC_SALES_FCST!BN$4)/8 -> 0 | BP37: =SUMIFS('REC_Sales'!$G:$G,'REC_Sales'!$J:$J,REC_SALES_FCST!$B37,'REC_Sales'!$E:$E,REC_SALES_FCST!BP$4)/8 -> 0 | BQ37: =SUMIFS('REC_Sales'!$G:$G,'REC_Sales'!$J:$J,REC_SALES_FCST!$B37,'REC_Sales'!$E:$E,REC_SALES_FCST!BQ$4)/8 -> 0 | BS37: =SUMIFS('REC_Sales'!$G:$G,'REC_Sales'!$J:$J,REC_SALES_FCST!$B37,'REC_Sales'!$E:$E,REC_SALES_FCST!BS$4)/8 -> 0 | BT37: =SUMIFS('REC_Sales'!$G:$G,'REC_Sales'!$J:$J,REC_SALES_FCST!$B37,'REC_Sales'!$E:$E,REC_SALES_FCST!BT$4)/8 -> 0 | BV37: =SUMIFS('REC_Sales'!$G:$G,'REC_Sales'!$J:$J,REC_SALES_FCST!$B37,'REC_Sales'!$E:$E,REC_SALES_FCST!BV$4)/8 -> 0 | BW37: =SUMIFS('REC_Sales'!$G:$G,'REC_Sales'!$J:$J,REC_SALES_FCST!$B37,'REC_Sales'!$E:$E,REC_SALES_FCST!BW$4)/8 -> 0 | BY37: =SUMIFS('REC_Sales'!$G:$G,'REC_Sales'!$J:$J,REC_SALES_FCST!$B37,'REC_Sales'!$E:$E,REC_SALES_FCST!BY$4)/8 -> 0 | BZ37: =SUMIFS('REC_Sales'!$G:$G,'REC_Sales'!$J:$J,REC_SALES_FCST!$B37,'REC_Sales'!$E:$E,REC_SALES_FCST!BZ$4)/8 -> 0 | CB37: =SUMIFS('REC_Sales'!$G:$G,'REC_Sales'!$J:$J,REC_SALES_FCST!$B37,'REC_Sales'!$E:$E,REC_SALES_FCST!CB$4)/8 -> 0 | CC37: =SUMIFS('REC_Sales'!$G:$G,'REC_Sales'!$J:$J,REC_SALES_FCST!$B37,'REC_Sales'!$E:$E,REC_SALES_FCST!CC$4)/8 -> 0 | CE37: =SUMIFS('REC_Sales'!$G:$G,'REC_Sales'!$J:$J,REC_SALES_FCST!$B37,'REC_Sales'!$E:$E,REC_SALES_FCST!CE$4)/8 -> 0 | CF37: =SUMIFS('REC_Sales'!$G:$G,'REC_Sales'!$J:$J,REC_SALES_FCST!$B37,'REC_Sales'!$E:$E,REC_SALES_FCST!CF$4)/8 -> 0 | CH37: =SUMIFS('REC_Sales'!$G:$G,'REC_Sales'!$J:$J,REC_SALES_FCST!$B37,'REC_Sales'!$E:$E,REC_SALES_FCST!CH$4)/8 -> 0 | CI37: =SUMIFS('REC_Sales'!$G:$G,'REC_Sales'!$J:$J,REC_SALES_FCST!$B37,'REC_Sales'!$E:$E,REC_SALES_FCST!CI$4)/8 -> 0 | CK37: =SUMIFS('REC_Sales'!$G:$G,'REC_Sales'!$J:$J,REC_SALES_FCST!$B37,'REC_Sales'!$E:$E,REC_SALES_FCST!CK$4)/8 -> 0 | CL37: =SUMIFS('REC_Sales'!$G:$G,'REC_Sales'!$J:$J,REC_SALES_FCST!$B37,'REC_Sales'!$E:$E,REC_SALES_FCST!CL$4)/8 -> 0 | CN37: =SUMIFS('REC_Sales'!$G:$G,'REC_Sales'!$J:$J,REC_SALES_FCST!$B37,'REC_Sales'!$E:$E,REC_SALES_FCST!CN$4)/8 -> 0 | CO37: =SUMIFS('REC_Sales'!$G:$G,'REC_Sales'!$J:$J,REC_SALES_FCST!$B37,'REC_Sales'!$E:$E,REC_SALES_FCST!CO$4)/8 -> 0 | CQ37: =SUMIFS('REC_Sales'!$G:$G,'REC_Sales'!$J:$J,REC_SALES_FCST!$B37,'REC_Sales'!$E:$E,REC_SALES_FCST!CQ$4)/8 -> 0 | CR37: =SUMIFS('REC_Sales'!$G:$G,'REC_Sales'!$J:$J,REC_SALES_FCST!$B37,'REC_Sales'!$E:$E,REC_SALES_FCST!CR$4)/8 -> 0 | CT37: =SUMIFS('REC_Sales'!$G:$G,'REC_Sales'!$J:$J,REC_SALES_FCST!$B37,'REC_Sales'!$E:$E,REC_SALES_FCST!CT$4)/8 -> 0 | CU37: =SUMIFS('REC_Sales'!$G:$G,'REC_Sales'!$J:$J,REC_SALES_FCST!$B37,'REC_Sales'!$E:$E,REC_SALES_FCST!CU$4)/8 -> 0 | CW37: =SUMIFS('REC_Sales'!$G:$G,'REC_Sales'!$J:$J,REC_SALES_FCST!$B37,'REC_Sales'!$E:$E,REC_SALES_FCST!CW$4)/8 -> 0 | CX37: =SUMIFS('REC_Sales'!$G:$G,'REC_Sales'!$J:$J,REC_SALES_FCST!$B37,'REC_Sales'!$E:$E,REC_SALES_FCST!CX$4)/8 -> 0 | CZ37: =SUMIFS('REC_Sales'!$G:$G,'REC_Sales'!$J:$J,REC_SALES_FCST!$B37,'REC_Sales'!$E:$E,REC_SALES_FCST!CZ$4)/8 -> 0 | DA37: =SUMIFS('REC_Sales'!$G:$G,'REC_Sales'!$J:$J,REC_SALES_FCST!$B37,'REC_Sales'!$E:$E,REC_SALES_FCST!DA$4)/8 -> 0 | DC37: =SUMIFS('REC_Sales'!$G:$G,'REC_Sales'!$J:$J,REC_SALES_FCST!$B37,'REC_Sales'!$E:$E,REC_SALES_FCST!DC$4)/8 -> 0 | DD37: =SUMIFS('REC_Sales'!$G:$G,'REC_Sales'!$J:$J,REC_SALES_FCST!$B37,'REC_Sales'!$E:$E,REC_SALES_FCST!DD$4)/8 -> 0 | DF37: =SUMIFS('REC_Sales'!$G:$G,'REC_Sales'!$J:$J,REC_SALES_FCST!$B37,'REC_Sales'!$E:$E,REC_SALES_FCST!DF$4)/8 -> 0 | DG37: =SUMIFS('REC_Sales'!$G:$G,'REC_Sales'!$J:$J,REC_SALES_FCST!$B37,'REC_Sales'!$E:$E,REC_SALES_FCST!DG$4)/8 -> 0
B38: Ryegate Wood | C38: CT Class I | E38: =SUMIFS('REC_Sales'!$G:$G,'REC_Sales'!$J:$J,REC_SALES_FCST!$B38,'REC_Sales'!$E:$E,REC_SALES_FCST!E$4)/8 -> 834.25 | F38: =SUMIFS('REC_Sales'!$G:$G,'REC_Sales'!$J:$J,REC_SALES_FCST!$B38,'REC_Sales'!$E:$E,REC_SALES_FCST!F$4)/8 -> 834.25 | H38: =SUMIFS('REC_Sales'!$G:$G,'REC_Sales'!$J:$J,REC_SALES_FCST!$B38,'REC_Sales'!$E:$E,REC_SALES_FCST!H$4)/8 -> 834.25 | I38: =SUMIFS('REC_Sales'!$G:$G,'REC_Sales'!$J:$J,REC_SALES_FCST!$B38,'REC_Sales'!$E:$E,REC_SALES_FCST!I$4)/8 -> 834.25 | K38: =SUMIFS('REC_Sales'!$G:$G,'REC_Sales'!$J:$J,REC_SALES_FCST!$B38,'REC_Sales'!$E:$E,REC_SALES_FCST!K$4)/8 -> 834.25 | L38: =SUMIFS('REC_Sales'!$G:$G,'REC_Sales'!$J:$J,REC_SALES_FCST!$B38,'REC_Sales'!$E:$E,REC_SALES_FCST!L$4)/8 -> 834.25 | N38: =SUMIFS('REC_Sales'!$G:$G,'REC_Sales'!$J:$J,REC_SALES_FCST!$B38,'REC_Sales'!$E:$E,REC_SALES_FCST!N$4)/8 -> 834.25 | O38: =SUMIFS('REC_Sales'!$G:$G,'REC_Sales'!$J:$J,REC_SALES_FCST!$B38,'REC_Sales'!$E:$E,REC_SALES_FCST!O$4)/8 -> 834.25 | Q38: =SUMIFS('REC_Sales'!$G:$G,'REC_Sales'!$J:$J,REC_SALES_FCST!$B38,'REC_Sales'!$E:$E,REC_SALES_FCST!Q$4)/8 -> 0 | R38: =SUMIFS('REC_Sales'!$G:$G,'REC_Sales'!$J:$J,REC_SALES_FCST!$B38,'REC_Sales'!$E:$E,REC_SALES_FCST!R$4)/8 -> 0 | T38: =SUMIFS('REC_Sales'!$G:$G,'REC_Sales'!$J:$J,REC_SALES_FCST!$B38,'REC_Sales'!$E:$E,REC_SALES_FCST!T$4)/8 -> 0 | U38: =SUMIFS('REC_Sales'!$G:$G,'REC_Sales'!$J:$J,REC_SALES_FCST!$B38,'REC_Sales'!$E:$E,REC_SALES_FCST!U$4)/8 -> 0 | W38: =SUMIFS('REC_Sales'!$G:$G,'REC_Sales'!$J:$J,REC_SALES_FCST!$B38,'REC_Sales'!$E:$E,REC_SALES_FCST!W$4)/8 -> 0 | X38: =SUMIFS('REC_Sales'!$G:$G,'REC_Sales'!$J:$J,REC_SALES_FCST!$B38,'REC_Sales'!$E:$E,REC_SALES_FCST!X$4)/8 -> 0 | Z38: =SUMIFS('REC_Sales'!$G:$G,'REC_Sales'!$J:$J,REC_SALES_FCST!$B38,'REC_Sales'!$E:$E,REC_SALES_FCST!Z$4)/8 -> 0 | AA38: =SUMIFS('REC_Sales'!$G:$G,'REC_Sales'!$J:$J,REC_SALES_FCST!$B38,'REC_Sales'!$E:$E,REC_SALES_FCST!AA$4)/8 -> 0 | AC38: =SUMIFS('REC_Sales'!$G:$G,'REC_Sales'!$J:$J,REC_SALES_FCST!$B38,'REC_Sales'!$E:$E,REC_SALES_FCST!AC$4)/8 -> 0 | AD38: =SUMIFS('REC_Sales'!$G:$G,'REC_Sales'!$J:$J,REC_SALES_FCST!$B38,'REC_Sales'!$E:$E,REC_SALES_FCST!AD$4)/8 -> 0 | AF38: =SUMIFS('REC_Sales'!$G:$G,'REC_Sales'!$J:$J,REC_SALES_FCST!$B38,'REC_Sales'!$E:$E,REC_SALES_FCST!AF$4)/8 -> 0 | AG38: =SUMIFS('REC_Sales'!$G:$G,'REC_Sales'!$J:$J,REC_SALES_FCST!$B38,'REC_Sales'!$E:$E,REC_SALES_FCST!AG$4)/8 -> 0 | AI38: =SUMIFS('REC_Sales'!$G:$G,'REC_Sales'!$J:$J,REC_SALES_FCST!$B38,'REC_Sales'!$E:$E,REC_SALES_FCST!AI$4)/8 -> 0 | AJ38: =SUMIFS('REC_Sales'!$G:$G,'REC_Sales'!$J:$J,REC_SALES_FCST!$B38,'REC_Sales'!$E:$E,REC_SALES_FCST!AJ$4)/8 -> 0 | AL38: =SUMIFS('REC_Sales'!$G:$G,'REC_Sales'!$J:$J,REC_SALES_FCST!$B38,'REC_Sales'!$E:$E,REC_SALES_FCST!AL$4)/8 -> 0 | AM38: =SUMIFS('REC_Sales'!$G:$G,'REC_Sales'!$J:$J,REC_SALES_FCST!$B38,'REC_Sales'!$E:$E,REC_SALES_FCST!AM$4)/8 -> 0 | AO38: =SUMIFS('REC_Sales'!$G:$G,'REC_Sales'!$J:$J,REC_SALES_FCST!$B38,'REC_Sales'!$E:$E,REC_SALES_FCST!AO$4)/8 -> 0 | AP38: =SUMIFS('REC_Sales'!$G:$G,'REC_Sales'!$J:$J,REC_SALES_FCST!$B38,'REC_Sales'!$E:$E,REC_SALES_FCST!AP$4)/8 -> 0 | AR38: =SUMIFS('REC_Sales'!$G:$G,'REC_Sales'!$J:$J,REC_SALES_FCST!$B38,'REC_Sales'!$E:$E,REC_SALES_FCST!AR$4)/8 -> 0 | AS38: =SUMIFS('REC_Sales'!$G:$G,'REC_Sales'!$J:$J,REC_SALES_FCST!$B38,'REC_Sales'!$E:$E,REC_SALES_FCST!AS$4)/8 -> 0 | AU38: =SUMIFS('REC_Sales'!$G:$G,'REC_Sales'!$J:$J,REC_SALES_FCST!$B38,'REC_Sales'!$E:$E,REC_SALES_FCST!AU$4)/8 -> 0 | AV38: =SUMIFS('REC_Sales'!$G:$G,'REC_Sales'!$J:$J,REC_SALES_FCST!$B38,'REC_Sales'!$E:$E,REC_SALES_FCST!AV$4)/8 -> 0 | AX38: =SUMIFS('REC_Sales'!$G:$G,'REC_Sales'!$J:$J,REC_SALES_FCST!$B38,'REC_Sales'!$E:$E,REC_SALES_FCST!AX$4)/8 -> 0 | AY38: =SUMIFS('REC_Sales'!$G:$G,'REC_Sales'!$J:$J,REC_SALES_FCST!$B38,'REC_Sales'!$E:$E,REC_SALES_FCST!AY$4)/8 -> 0 | BA38: =SUMIFS('REC_Sales'!$G:$G,'REC_Sales'!$J:$J,REC_SALES_FCST!$B38,'REC_Sales'!$E:$E,REC_SALES_FCST!BA$4)/8 -> 0 | BB38: =SUMIFS('REC_Sales'!$G:$G,'REC_Sales'!$J:$J,REC_SALES_FCST!$B38,'REC_Sales'!$E:$E,REC_SALES_FCST!BB$4)/8 -> 0 | BD38: =SUMIFS('REC_Sales'!$G:$G,'REC_Sales'!$J:$J,REC_SALES_FCST!$B38,'REC_Sales'!$E:$E,REC_SALES_FCST!BD$4)/8 -> 0 | BE38: =SUMIFS('REC_Sales'!$G:$G,'REC_Sales'!$J:$J,REC_SALES_FCST!$B38,'REC_Sales'!$E:$E,REC_SALES_FCST!BE$4)/8 -> 0 | BG38: =SUMIFS('REC_Sales'!$G:$G,'REC_Sales'!$J:$J,REC_SALES_FCST!$B38,'REC_Sales'!$E:$E,REC_SALES_FCST!BG$4)/8 -> 0 | BH38: =SUMIFS('REC_Sales'!$G:$G,'REC_Sales'!$J:$J,REC_SALES_FCST!$B38,'REC_Sales'!$E:$E,REC_SALES_FCST!BH$4)/8 -> 0 | BJ38: =SUMIFS('REC_Sales'!$G:$G,'REC_Sales'!$J:$J,REC_SALES_FCST!$B38,'REC_Sales'!$E:$E,REC_SALES_FCST!BJ$4)/8 -> 0 | BK38: =SUMIFS('REC_Sales'!$G:$G,'REC_Sales'!$J:$J,REC_SALES_FCST!$B38,'REC_Sales'!$E:$E,REC_SALES_FCST!BK$4)/8 -> 0 | BM38: =SUMIFS('REC_Sales'!$G:$G,'REC_Sales'!$J:$J,REC_SALES_FCST!$B38,'REC_Sales'!$E:$E,REC_SALES_FCST!BM$4)/8 -> 0 | BN38: =SUMIFS('REC_Sales'!$G:$G,'REC_Sales'!$J:$J,REC_SALES_FCST!$B38,'REC_Sales'!$E:$E,REC_SALES_FCST!BN$4)/8 -> 0 | BP38: =SUMIFS('REC_Sales'!$G:$G,'REC_Sales'!$J:$J,REC_SALES_FCST!$B38,'REC_Sales'!$E:$E,REC_SALES_FCST!BP$4)/8 -> 0 | BQ38: =SUMIFS('REC_Sales'!$G:$G,'REC_Sales'!$J:$J,REC_SALES_FCST!$B38,'REC_Sales'!$E:$E,REC_SALES_FCST!BQ$4)/8 -> 0 | BS38: =SUMIFS('REC_Sales'!$G:$G,'REC_Sales'!$J:$J,REC_SALES_FCST!$B38,'REC_Sales'!$E:$E,REC_SALES_FCST!BS$4)/8 -> 0 | BT38: =SUMIFS('REC_Sales'!$G:$G,'REC_Sales'!$J:$J,REC_SALES_FCST!$B38,'REC_Sales'!$E:$E,REC_SALES_FCST!BT$4)/8 -> 0 | BV38: =SUMIFS('REC_Sales'!$G:$G,'REC_Sales'!$J:$J,REC_SALES_FCST!$B38,'REC_Sales'!$E:$E,REC_SALES_FCST!BV$4)/8 -> 0 | BW38: =SUMIFS('REC_Sales'!$G:$G,'REC_Sales'!$J:$J,REC_SALES_FCST!$B38,'REC_Sales'!$E:$E,REC_SALES_FCST!BW$4)/8 -> 0 | BY38: =SUMIFS('REC_Sales'!$G:$G,'REC_Sales'!$J:$J,REC_SALES_FCST!$B38,'REC_Sales'!$E:$E,REC_SALES_FCST!BY$4)/8 -> 0 | BZ38: =SUMIFS('REC_Sales'!$G:$G,'REC_Sales'!$J:$J,REC_SALES_FCST!$B38,'REC_Sales'!$E:$E,REC_SALES_FCST!BZ$4)/8 -> 0 | CB38: =SUMIFS('REC_Sales'!$G:$G,'REC_Sales'!$J:$J,REC_SALES_FCST!$B38,'REC_Sales'!$E:$E,REC_SALES_FCST!CB$4)/8 -> 0 | CC38: =SUMIFS('REC_Sales'!$G:$G,'REC_Sales'!$J:$J,REC_SALES_FCST!$B38,'REC_Sales'!$E:$E,REC_SALES_FCST!CC$4)/8 -> 0 | CE38: =SUMIFS('REC_Sales'!$G:$G,'REC_Sales'!$J:$J,REC_SALES_FCST!$B38,'REC_Sales'!$E:$E,REC_SALES_FCST!CE$4)/8 -> 0 | CF38: =SUMIFS('REC_Sales'!$G:$G,'REC_Sales'!$J:$J,REC_SALES_FCST!$B38,'REC_Sales'!$E:$E,REC_SALES_FCST!CF$4)/8 -> 0 | CH38: =SUMIFS('REC_Sales'!$G:$G,'REC_Sales'!$J:$J,REC_SALES_FCST!$B38,'REC_Sales'!$E:$E,REC_SALES_FCST!CH$4)/8 -> 0 | CI38: =SUMIFS('REC_Sales'!$G:$G,'REC_Sales'!$J:$J,REC_SALES_FCST!$B38,'REC_Sales'!$E:$E,REC_SALES_FCST!CI$4)/8 -> 0 | CK38: =SUMIFS('REC_Sales'!$G:$G,'REC_Sales'!$J:$J,REC_SALES_FCST!$B38,'REC_Sales'!$E:$E,REC_SALES_FCST!CK$4)/8 -> 0 | CL38: =SUMIFS('REC_Sales'!$G:$G,'REC_Sales'!$J:$J,REC_SALES_FCST!$B38,'REC_Sales'!$E:$E,REC_SALES_FCST!CL$4)/8 -> 0 | CN38: =SUMIFS('REC_Sales'!$G:$G,'REC_Sales'!$J:$J,REC_SALES_FCST!$B38,'REC_Sales'!$E:$E,REC_SALES_FCST!CN$4)/8 -> 0 | CO38: =SUMIFS('REC_Sales'!$G:$G,'REC_Sales'!$J:$J,REC_SALES_FCST!$B38,'REC_Sales'!$E:$E,REC_SALES_FCST!CO$4)/8 -> 0 | CQ38: =SUMIFS('REC_Sales'!$G:$G,'REC_Sales'!$J:$J,REC_SALES_FCST!$B38,'REC_Sales'!$E:$E,REC_SALES_FCST!CQ$4)/8 -> 0 | CR38: =SUMIFS('REC_Sales'!$G:$G,'REC_Sales'!$J:$J,REC_SALES_FCST!$B38,'REC_Sales'!$E:$E,REC_SALES_FCST!CR$4)/8 -> 0 | CT38: =SUMIFS('REC_Sales'!$G:$G,'REC_Sales'!$J:$J,REC_SALES_FCST!$B38,'REC_Sales'!$E:$E,REC_SALES_FCST!CT$4)/8 -> 0 | CU38: =SUMIFS('REC_Sales'!$G:$G,'REC_Sales'!$J:$J,REC_SALES_FCST!$B38,'REC_Sales'!$E:$E,REC_SALES_FCST!CU$4)/8 -> 0 | CW38: =SUMIFS('REC_Sales'!$G:$G,'REC_Sales'!$J:$J,REC_SALES_FCST!$B38,'REC_Sales'!$E:$E,REC_SALES_FCST!CW$4)/8 -> 0 | CX38: =SUMIFS('REC_Sales'!$G:$G,'REC_Sales'!$J:$J,REC_SALES_FCST!$B38,'REC_Sales'!$E:$E,REC_SALES_FCST!CX$4)/8 -> 0 | CZ38: =SUMIFS('REC_Sales'!$G:$G,'REC_Sales'!$J:$J,REC_SALES_FCST!$B38,'REC_Sales'!$E:$E,REC_SALES_FCST!CZ$4)/8 -> 0 | DA38: =SUMIFS('REC_Sales'!$G:$G,'REC_Sales'!$J:$J,REC_SALES_FCST!$B38,'REC_Sales'!$E:$E,REC_SALES_FCST!DA$4)/8 -> 0 | DC38: =SUMIFS('REC_Sales'!$G:$G,'REC_Sales'!$J:$J,REC_SALES_FCST!$B38,'REC_Sales'!$E:$E,REC_SALES_FCST!DC$4)/8 -> 0 | DD38: =SUMIFS('REC_Sales'!$G:$G,'REC_Sales'!$J:$J,REC_SALES_FCST!$B38,'REC_Sales'!$E:$E,REC_SALES_FCST!DD$4)/8 -> 0 | DF38: =SUMIFS('REC_Sales'!$G:$G,'REC_Sales'!$J:$J,REC_SALES_FCST!$B38,'REC_Sales'!$E:$E,REC_SALES_FCST!DF$4)/8 -> 0 | DG38: =SUMIFS('REC_Sales'!$G:$G,'REC_Sales'!$J:$J,REC_SALES_FCST!$B38,'REC_Sales'!$E:$E,REC_SALES_FCST!DG$4)/8 -> 0
B39: S.O. Load Reducers | C39: MA Class I | E39: =SUMIFS('REC_Sales'!$G:$G,'REC_Sales'!$J:$J,REC_SALES_FCST!$B39,'REC_Sales'!$E:$E,REC_SALES_FCST!E$4)/8 -> 410 | F39: =SUMIFS('REC_Sales'!$G:$G,'REC_Sales'!$J:$J,REC_SALES_FCST!$B39,'REC_Sales'!$E:$E,REC_SALES_FCST!F$4)/8 -> 410 | H39: =SUMIFS('REC_Sales'!$G:$G,'REC_Sales'!$J:$J,REC_SALES_FCST!$B39,'REC_Sales'!$E:$E,REC_SALES_FCST!H$4)/8 -> 410 | I39: =SUMIFS('REC_Sales'!$G:$G,'REC_Sales'!$J:$J,REC_SALES_FCST!$B39,'REC_Sales'!$E:$E,REC_SALES_FCST!I$4)/8 -> 410 | K39: =SUMIFS('REC_Sales'!$G:$G,'REC_Sales'!$J:$J,REC_SALES_FCST!$B39,'REC_Sales'!$E:$E,REC_SALES_FCST!K$4)/8 -> 410 | L39: =SUMIFS('REC_Sales'!$G:$G,'REC_Sales'!$J:$J,REC_SALES_FCST!$B39,'REC_Sales'!$E:$E,REC_SALES_FCST!L$4)/8 -> 410 | N39: =SUMIFS('REC_Sales'!$G:$G,'REC_Sales'!$J:$J,REC_SALES_FCST!$B39,'REC_Sales'!$E:$E,REC_SALES_FCST!N$4)/8 -> 410 | O39: =SUMIFS('REC_Sales'!$G:$G,'REC_Sales'!$J:$J,REC_SALES_FCST!$B39,'REC_Sales'!$E:$E,REC_SALES_FCST!O$4)/8 -> 410 | Q39: =SUMIFS('REC_Sales'!$G:$G,'REC_Sales'!$J:$J,REC_SALES_FCST!$B39,'REC_Sales'!$E:$E,REC_SALES_FCST!Q$4)/8 -> 0 | R39: =SUMIFS('REC_Sales'!$G:$G,'REC_Sales'!$J:$J,REC_SALES_FCST!$B39,'REC_Sales'!$E:$E,REC_SALES_FCST!R$4)/8 -> 0 | T39: =SUMIFS('REC_Sales'!$G:$G,'REC_Sales'!$J:$J,REC_SALES_FCST!$B39,'REC_Sales'!$E:$E,REC_SALES_FCST!T$4)/8 -> 0 | U39: =SUMIFS('REC_Sales'!$G:$G,'REC_Sales'!$J:$J,REC_SALES_FCST!$B39,'REC_Sales'!$E:$E,REC_SALES_FCST!U$4)/8 -> 0 | W39: =SUMIFS('REC_Sales'!$G:$G,'REC_Sales'!$J:$J,REC_SALES_FCST!$B39,'REC_Sales'!$E:$E,REC_SALES_FCST!W$4)/8 -> 0 | X39: =SUMIFS('REC_Sales'!$G:$G,'REC_Sales'!$J:$J,REC_SALES_FCST!$B39,'REC_Sales'!$E:$E,REC_SALES_FCST!X$4)/8 -> 0 | Z39: =SUMIFS('REC_Sales'!$G:$G,'REC_Sales'!$J:$J,REC_SALES_FCST!$B39,'REC_Sales'!$E:$E,REC_SALES_FCST!Z$4)/8 -> 0 | AA39: =SUMIFS('REC_Sales'!$G:$G,'REC_Sales'!$J:$J,REC_SALES_FCST!$B39,'REC_Sales'!$E:$E,REC_SALES_FCST!AA$4)/8 -> 0 | AC39: =SUMIFS('REC_Sales'!$G:$G,'REC_Sales'!$J:$J,REC_SALES_FCST!$B39,'REC_Sales'!$E:$E,REC_SALES_FCST!AC$4)/8 -> 0 | AD39: =SUMIFS('REC_Sales'!$G:$G,'REC_Sales'!$J:$J,REC_SALES_FCST!$B39,'REC_Sales'!$E:$E,REC_SALES_FCST!AD$4)/8 -> 0 | AF39: =SUMIFS('REC_Sales'!$G:$G,'REC_Sales'!$J:$J,REC_SALES_FCST!$B39,'REC_Sales'!$E:$E,REC_SALES_FCST!AF$4)/8 -> 0 | AG39: =SUMIFS('REC_Sales'!$G:$G,'REC_Sales'!$J:$J,REC_SALES_FCST!$B39,'REC_Sales'!$E:$E,REC_SALES_FCST!AG$4)/8 -> 0 | AI39: =SUMIFS('REC_Sales'!$G:$G,'REC_Sales'!$J:$J,REC_SALES_FCST!$B39,'REC_Sales'!$E:$E,REC_SALES_FCST!AI$4)/8 -> 0 | AJ39: =SUMIFS('REC_Sales'!$G:$G,'REC_Sales'!$J:$J,REC_SALES_FCST!$B39,'REC_Sales'!$E:$E,REC_SALES_FCST!AJ$4)/8 -> 0 | AL39: =SUMIFS('REC_Sales'!$G:$G,'REC_Sales'!$J:$J,REC_SALES_FCST!$B39,'REC_Sales'!$E:$E,REC_SALES_FCST!AL$4)/8 -> 0 | AM39: =SUMIFS('REC_Sales'!$G:$G,'REC_Sales'!$J:$J,REC_SALES_FCST!$B39,'REC_Sales'!$E:$E,REC_SALES_FCST!AM$4)/8 -> 0 | AO39: =SUMIFS('REC_Sales'!$G:$G,'REC_Sales'!$J:$J,REC_SALES_FCST!$B39,'REC_Sales'!$E:$E,REC_SALES_FCST!AO$4)/8 -> 0 | AP39: =SUMIFS('REC_Sales'!$G:$G,'REC_Sales'!$J:$J,REC_SALES_FCST!$B39,'REC_Sales'!$E:$E,REC_SALES_FCST!AP$4)/8 -> 0 | AR39: =SUMIFS('REC_Sales'!$G:$G,'REC_Sales'!$J:$J,REC_SALES_FCST!$B39,'REC_Sales'!$E:$E,REC_SALES_FCST!AR$4)/8 -> 0 | AS39: =SUMIFS('REC_Sales'!$G:$G,'REC_Sales'!$J:$J,REC_SALES_FCST!$B39,'REC_Sales'!$E:$E,REC_SALES_FCST!AS$4)/8 -> 0 | AU39: =SUMIFS('REC_Sales'!$G:$G,'REC_Sales'!$J:$J,REC_SALES_FCST!$B39,'REC_Sales'!$E:$E,REC_SALES_FCST!AU$4)/8 -> 0 | AV39: =SUMIFS('REC_Sales'!$G:$G,'REC_Sales'!$J:$J,REC_SALES_FCST!$B39,'REC_Sales'!$E:$E,REC_SALES_FCST!AV$4)/8 -> 0 | AX39: =SUMIFS('REC_Sales'!$G:$G,'REC_Sales'!$J:$J,REC_SALES_FCST!$B39,'REC_Sales'!$E:$E,REC_SALES_FCST!AX$4)/8 -> 0 | AY39: =SUMIFS('REC_Sales'!$G:$G,'REC_Sales'!$J:$J,REC_SALES_FCST!$B39,'REC_Sales'!$E:$E,REC_SALES_FCST!AY$4)/8 -> 0 | BA39: =SUMIFS('REC_Sales'!$G:$G,'REC_Sales'!$J:$J,REC_SALES_FCST!$B39,'REC_Sales'!$E:$E,REC_SALES_FCST!BA$4)/8 -> 0 | BB39: =SUMIFS('REC_Sales'!$G:$G,'REC_Sales'!$J:$J,REC_SALES_FCST!$B39,'REC_Sales'!$E:$E,REC_SALES_FCST!BB$4)/8 -> 0 | BD39: =SUMIFS('REC_Sales'!$G:$G,'REC_Sales'!$J:$J,REC_SALES_FCST!$B39,'REC_Sales'!$E:$E,REC_SALES_FCST!BD$4)/8 -> 0 | BE39: =SUMIFS('REC_Sales'!$G:$G,'REC_Sales'!$J:$J,REC_SALES_FCST!$B39,'REC_Sales'!$E:$E,REC_SALES_FCST!BE$4)/8 -> 0 | BG39: =SUMIFS('REC_Sales'!$G:$G,'REC_Sales'!$J:$J,REC_SALES_FCST!$B39,'REC_Sales'!$E:$E,REC_SALES_FCST!BG$4)/8 -> 0 | BH39: =SUMIFS('REC_Sales'!$G:$G,'REC_Sales'!$J:$J,REC_SALES_FCST!$B39,'REC_Sales'!$E:$E,REC_SALES_FCST!BH$4)/8 -> 0 | BJ39: =SUMIFS('REC_Sales'!$G:$G,'REC_Sales'!$J:$J,REC_SALES_FCST!$B39,'REC_Sales'!$E:$E,REC_SALES_FCST!BJ$4)/8 -> 0 | BK39: =SUMIFS('REC_Sales'!$G:$G,'REC_Sales'!$J:$J,REC_SALES_FCST!$B39,'REC_Sales'!$E:$E,REC_SALES_FCST!BK$4)/8 -> 0 | BM39: =SUMIFS('REC_Sales'!$G:$G,'REC_Sales'!$J:$J,REC_SALES_FCST!$B39,'REC_Sales'!$E:$E,REC_SALES_FCST!BM$4)/8 -> 0 | BN39: =SUMIFS('REC_Sales'!$G:$G,'REC_Sales'!$J:$J,REC_SALES_FCST!$B39,'REC_Sales'!$E:$E,REC_SALES_FCST!BN$4)/8 -> 0 | BP39: =SUMIFS('REC_Sales'!$G:$G,'REC_Sales'!$J:$J,REC_SALES_FCST!$B39,'REC_Sales'!$E:$E,REC_SALES_FCST!BP$4)/8 -> 0 | BQ39: =SUMIFS('REC_Sales'!$G:$G,'REC_Sales'!$J:$J,REC_SALES_FCST!$B39,'REC_Sales'!$E:$E,REC_SALES_FCST!BQ$4)/8 -> 0 | BS39: =SUMIFS('REC_Sales'!$G:$G,'REC_Sales'!$J:$J,REC_SALES_FCST!$B39,'REC_Sales'!$E:$E,REC_SALES_FCST!BS$4)/8 -> 0 | BT39: =SUMIFS('REC_Sales'!$G:$G,'REC_Sales'!$J:$J,REC_SALES_FCST!$B39,'REC_Sales'!$E:$E,REC_SALES_FCST!BT$4)/8 -> 0 | BV39: =SUMIFS('REC_Sales'!$G:$G,'REC_Sales'!$J:$J,REC_SALES_FCST!$B39,'REC_Sales'!$E:$E,REC_SALES_FCST!BV$4)/8 -> 0 | BW39: =SUMIFS('REC_Sales'!$G:$G,'REC_Sales'!$J:$J,REC_SALES_FCST!$B39,'REC_Sales'!$E:$E,REC_SALES_FCST!BW$4)/8 -> 0 | BY39: =SUMIFS('REC_Sales'!$G:$G,'REC_Sales'!$J:$J,REC_SALES_FCST!$B39,'REC_Sales'!$E:$E,REC_SALES_FCST!BY$4)/8 -> 0 | BZ39: =SUMIFS('REC_Sales'!$G:$G,'REC_Sales'!$J:$J,REC_SALES_FCST!$B39,'REC_Sales'!$E:$E,REC_SALES_FCST!BZ$4)/8 -> 0 | CB39: =SUMIFS('REC_Sales'!$G:$G,'REC_Sales'!$J:$J,REC_SALES_FCST!$B39,'REC_Sales'!$E:$E,REC_SALES_FCST!CB$4)/8 -> 0 | CC39: =SUMIFS('REC_Sales'!$G:$G,'REC_Sales'!$J:$J,REC_SALES_FCST!$B39,'REC_Sales'!$E:$E,REC_SALES_FCST!CC$4)/8 -> 0 | CE39: =SUMIFS('REC_Sales'!$G:$G,'REC_Sales'!$J:$J,REC_SALES_FCST!$B39,'REC_Sales'!$E:$E,REC_SALES_FCST!CE$4)/8 -> 0 | CF39: =SUMIFS('REC_Sales'!$G:$G,'REC_Sales'!$J:$J,REC_SALES_FCST!$B39,'REC_Sales'!$E:$E,REC_SALES_FCST!CF$4)/8 -> 0 | CH39: =SUMIFS('REC_Sales'!$G:$G,'REC_Sales'!$J:$J,REC_SALES_FCST!$B39,'REC_Sales'!$E:$E,REC_SALES_FCST!CH$4)/8 -> 0 | CI39: =SUMIFS('REC_Sales'!$G:$G,'REC_Sales'!$J:$J,REC_SALES_FCST!$B39,'REC_Sales'!$E:$E,REC_SALES_FCST!CI$4)/8 -> 0 | CK39: =SUMIFS('REC_Sales'!$G:$G,'REC_Sales'!$J:$J,REC_SALES_FCST!$B39,'REC_Sales'!$E:$E,REC_SALES_FCST!CK$4)/8 -> 0 | CL39: =SUMIFS('REC_Sales'!$G:$G,'REC_Sales'!$J:$J,REC_SALES_FCST!$B39,'REC_Sales'!$E:$E,REC_SALES_FCST!CL$4)/8 -> 0 | CN39: =SUMIFS('REC_Sales'!$G:$G,'REC_Sales'!$J:$J,REC_SALES_FCST!$B39,'REC_Sales'!$E:$E,REC_SALES_FCST!CN$4)/8 -> 0 | CO39: =SUMIFS('REC_Sales'!$G:$G,'REC_Sales'!$J:$J,REC_SALES_FCST!$B39,'REC_Sales'!$E:$E,REC_SALES_FCST!CO$4)/8 -> 0 | CQ39: =SUMIFS('REC_Sales'!$G:$G,'REC_Sales'!$J:$J,REC_SALES_FCST!$B39,'REC_Sales'!$E:$E,REC_SALES_FCST!CQ$4)/8 -> 0 | CR39: =SUMIFS('REC_Sales'!$G:$G,'REC_Sales'!$J:$J,REC_SALES_FCST!$B39,'REC_Sales'!$E:$E,REC_SALES_FCST!CR$4)/8 -> 0 | CT39: =SUMIFS('REC_Sales'!$G:$G,'REC_Sales'!$J:$J,REC_SALES_FCST!$B39,'REC_Sales'!$E:$E,REC_SALES_FCST!CT$4)/8 -> 0 | CU39: =SUMIFS('REC_Sales'!$G:$G,'REC_Sales'!$J:$J,REC_SALES_FCST!$B39,'REC_Sales'!$E:$E,REC_SALES_FCST!CU$4)/8 -> 0 | CW39: =SUMIFS('REC_Sales'!$G:$G,'REC_Sales'!$J:$J,REC_SALES_FCST!$B39,'REC_Sales'!$E:$E,REC_SALES_FCST!CW$4)/8 -> 0 | CX39: =SUMIFS('REC_Sales'!$G:$G,'REC_Sales'!$J:$J,REC_SALES_FCST!$B39,'REC_Sales'!$E:$E,REC_SALES_FCST!CX$4)/8 -> 0 | CZ39: =SUMIFS('REC_Sales'!$G:$G,'REC_Sales'!$J:$J,REC_SALES_FCST!$B39,'REC_Sales'!$E:$E,REC_SALES_FCST!CZ$4)/8 -> 0 | DA39: =SUMIFS('REC_Sales'!$G:$G,'REC_Sales'!$J:$J,REC_SALES_FCST!$B39,'REC_Sales'!$E:$E,REC_SALES_FCST!DA$4)/8 -> 0 | DC39: =SUMIFS('REC_Sales'!$G:$G,'REC_Sales'!$J:$J,REC_SALES_FCST!$B39,'REC_Sales'!$E:$E,REC_SALES_FCST!DC$4)/8 -> 0 | DD39: =SUMIFS('REC_Sales'!$G:$G,'REC_Sales'!$J:$J,REC_SALES_FCST!$B39,'REC_Sales'!$E:$E,REC_SALES_FCST!DD$4)/8 -> 0 | DF39: =SUMIFS('REC_Sales'!$G:$G,'REC_Sales'!$J:$J,REC_SALES_FCST!$B39,'REC_Sales'!$E:$E,REC_SALES_FCST!DF$4)/8 -> 0 | DG39: =SUMIFS('REC_Sales'!$G:$G,'REC_Sales'!$J:$J,REC_SALES_FCST!$B39,'REC_Sales'!$E:$E,REC_SALES_FCST!DG$4)/8 -> 0
B40: Total | D40: =+SUM(D28:D39) -> 0 | E40: =+SUM(E28:E39) -> 12103.625 | F40: =+SUM(F28:F39) -> 12103.625 | G40: =+SUM(G28:G39) -> 0 | H40: =+SUM(H28:H39) -> 12103.625 | I40: =+SUM(I28:I39) -> 12103.625 | J40: =+SUM(J28:J39) -> 0 | K40: =+SUM(K28:K39) -> 12103.625 | ... MY40: =+SUM(MY28:MY39) -> 0
A43: Fwd Sales Alloc % | B43: Fwd Sales Alloc % | C43: REC Class
B44: Barton Hydro | C44: MA Class II | D44: =+[1]Generation_Budget!E9 -> 0 | E44: =+[1]Generation_Budget!F9 -> 0 | F44: =+[1]Generation_Budget!G9 -> 0 | G44: =+[1]Generation_Budget!H9 -> 0 | H44: =+[1]Generation_Budget!I9 -> 0 | I44: =+[1]Generation_Budget!J9 -> 0 | J44: =+[1]Generation_Budget!K9 -> 0 | K44: =+[1]Generation_Budget!L9 -> 0 | ... O44: =+[1]Generation_Budget!P9 -> 0 | P44: =+[1]Generation_Budget!E9 -> 0 | Q44: =+[1]Generation_Budget!F9 -> 0 | R44: =+[1]Generation_Budget!G9 -> 0 | S44: =+[1]Generation_Budget!H9 -> 0 | T44: =+[1]Generation_Budget!I9 -> 0 | U44: =+[1]Generation_Budget!J9 -> 0 | V44: =+[1]Generation_Budget!K9 -> 0 | W44: =+[1]Generation_Budget!L9 -> 0 | ... MY44: =+[1]Generation_Budget!MN9 -> 0
B45: Billings Road | C45: MA Class I | D45: =+[1]Generation_Budget!E25 -> 0 | E45: =+[1]Generation_Budget!F25 -> 0 | F45: =+[1]Generation_Budget!G25 -> 0 | G45: =+[1]Generation_Budget!H25 -> 0 | H45: =+[1]Generation_Budget!I25 -> 0 | I45: =+[1]Generation_Budget!J25 -> 0 | J45: =+[1]Generation_Budget!K25 -> 0 | K45: =+[1]Generation_Budget!L25 -> 0 | ... O45: =+[1]Generation_Budget!P25 -> 0 | P45: =+[1]Generation_Budget!E25 -> 0 | Q45: =+[1]Generation_Budget!F25 -> 0 | R45: =+[1]Generation_Budget!G25 -> 0 | S45: =+[1]Generation_Budget!H25 -> 0 | T45: =+[1]Generation_Budget!I25 -> 0 | U45: =+[1]Generation_Budget!J25 -> 0 | V45: =+[1]Generation_Budget!K25 -> 0 | W45: =+[1]Generation_Budget!L25 -> 0 | ... MY45: =+[1]Generation_Budget!MN25 -> 0
B46: Bone Hill | C46: MA Class I | D46: =+[1]Generation_Budget!E41 -> 0 | E46: =+[1]Generation_Budget!F41 -> 0 | F46: =+[1]Generation_Budget!G41 -> 0 | G46: =+[1]Generation_Budget!H41 -> 0 | H46: =+[1]Generation_Budget!I41 -> 0 | I46: =+[1]Generation_Budget!J41 -> 0 | J46: =+[1]Generation_Budget!K41 -> 0 | K46: =+[1]Generation_Budget!L41 -> 0 | ... O46: =+[1]Generation_Budget!P41 -> 0 | P46: =+[1]Generation_Budget!E41 -> 0 | Q46: =+[1]Generation_Budget!F41 -> 0 | R46: =+[1]Generation_Budget!G41 -> 0 | S46: =+[1]Generation_Budget!H41 -> 0 | T46: =+[1]Generation_Budget!I41 -> 0 | U46: =+[1]Generation_Budget!J41 -> 0 | V46: =+[1]Generation_Budget!K41 -> 0 | W46: =+[1]Generation_Budget!L41 -> 0 | ... MY46: =+[1]Generation_Budget!MN41 -> 0
B47: Cady's Falls | C47: MA Class II
B48: Fitchburg | C48: MA Class I | D48: =+[1]Generation_Budget!E121 -> 0 | E48: =+[1]Generation_Budget!F121 -> 0 | F48: =+[1]Generation_Budget!G121 -> 0 | G48: =+[1]Generation_Budget!H121 -> 0 | H48: =+[1]Generation_Budget!I121 -> 0 | I48: =+[1]Generation_Budget!J121 -> 0 | J48: =+[1]Generation_Budget!K121 -> 0 | K48: =+[1]Generation_Budget!L121 -> 0 | ... O48: =+[1]Generation_Budget!P121 -> 0 | P48: =+[1]Generation_Budget!E121 -> 0 | Q48: =+[1]Generation_Budget!F121 -> 0 | R48: =+[1]Generation_Budget!G121 -> 0 | S48: =+[1]Generation_Budget!H121 -> 0 | T48: =+[1]Generation_Budget!I121 -> 0 | U48: =+[1]Generation_Budget!J121 -> 0 | V48: =+[1]Generation_Budget!K121 -> 0 | W48: =+[1]Generation_Budget!L121 -> 0 | ... MY48: =+[1]Generation_Budget!MN121 -> 0
B49: Great Falls | C49: =+C53 -> MA Class I
B50: Highgate Falls Unit #5 | C50: NH Class I | D50: =+[1]Generation_Budget!E185 -> 0 | E50: =+[1]Generation_Budget!F185 -> 0 | F50: =+[1]Generation_Budget!G185 -> 0 | G50: =+[1]Generation_Budget!H185 -> 0 | H50: =+[1]Generation_Budget!I185 -> 0 | I50: =+[1]Generation_Budget!J185 -> 0 | J50: =+[1]Generation_Budget!K185 -> 0 | K50: =+[1]Generation_Budget!L185 -> 0 | ... O50: =+[1]Generation_Budget!P185 -> 0 | P50: =+[1]Generation_Budget!E185 -> 0 | Q50: =+[1]Generation_Budget!F185 -> 0 | R50: =+[1]Generation_Budget!G185 -> 0 | S50: =+[1]Generation_Budget!H185 -> 0 | T50: =+[1]Generation_Budget!I185 -> 0 | U50: =+[1]Generation_Budget!J185 -> 0 | V50: =+[1]Generation_Budget!K185 -> 0 | W50: =+[1]Generation_Budget!L185 -> 0 | ... MY50: =+[1]Generation_Budget!MN185 -> 0
B51: Lawrence Brook | C51: MA Class I
B52: McNeil | C52: CT Class I | D52: =+[1]Generation_Budget!E233/0.16 -> 0 | E52: =+[1]Generation_Budget!F233/0.16 -> 0 | F52: =+[1]Generation_Budget!G233/0.16 -> 0 | G52: =+[1]Generation_Budget!H233/0.16 -> 0 | H52: =+[1]Generation_Budget!I233/0.16 -> 0 | I52: =+[1]Generation_Budget!J233/0.16 -> 0 | J52: =+[1]Generation_Budget!K233/0.16 -> 0 | K52: =+[1]Generation_Budget!L233/0.16 -> 0 | ... O52: =+[1]Generation_Budget!P233/0.16 -> 0 | P52: =+[1]Generation_Budget!E233/0.16 -> 0 | Q52: =+[1]Generation_Budget!F233/0.16 -> 0 | R52: =+[1]Generation_Budget!G233/0.16 -> 0 | S52: =+[1]Generation_Budget!H233/0.16 -> 0 | T52: =+[1]Generation_Budget!I233/0.16 -> 0 | U52: =+[1]Generation_Budget!J233/0.16 -> 0 | V52: =+[1]Generation_Budget!K233/0.16 -> 0 | W52: =+[1]Generation_Budget!L233/0.16 -> 0 | ... MY52: =+[1]Generation_Budget!MN233/0.16 -> 0
B53: Off Shore Wind | C53: MA Class I
B54: Ryegate | C54: CT Class I | D54: =[1]Generation_Budget!$E$281 -> 0.014661 | E54: =[1]Generation_Budget!$E$281 -> 0.014661 | F54: =[1]Generation_Budget!$E$281 -> 0.014661 | G54: =[1]Generation_Budget!$E$281 -> 0.014661 | H54: =[1]Generation_Budget!$E$281 -> 0.014661 | I54: =[1]Generation_Budget!$E$281 -> 0.014661 | J54: =[1]Generation_Budget!$E$281 -> 0.014661 | K54: =[1]Generation_Budget!$E$281 -> 0.014661 | ... MY54: =[1]Generation_Budget!$E$281 -> 0.014661
B55: Standard Offer | C55: MA Class I
A58: Allocated Fwd Sales | B58: Forward Sales (MWH) | C58: REC Class
B59: Barton Hydro | C59: MA Class II | D59: =+D28*D44 -> 0 | E59: =+E28*E44 -> 0 | F59: =+F28*F44 -> 0 | G59: =+G28*G44 -> 0 | H59: =+H28*H44 -> 0 | I59: =+I28*I44 -> 0 | J59: =+J28*J44 -> 0 | K59: =+K28*K44 -> 0 | ... MY59: =+MY28*MY44 -> 0
B60: Billings Road | C60: MA Class I | D60: =+D29*D45 -> 0 | E60: =+E29*E45 -> 0 | F60: =+F29*F45 -> 0 | G60: =+G29*G45 -> 0 | H60: =+H29*H45 -> 0 | I60: =+I29*I45 -> 0 | J60: =+J29*J45 -> 0 | K60: =+K29*K45 -> 0 | ... MY60: =+MY29*MY45 -> 0
B61: Bone Hill | C61: MA Class I | D61: =+D30*D46 -> 0 | E61: =+E30*E46 -> 0 | F61: =+F30*F46 -> 0 | G61: =+G30*G46 -> 0 | H61: =+H30*H46 -> 0 | I61: =+I30*I46 -> 0 | J61: =+J30*J46 -> 0 | K61: =+K30*K46 -> 0 | ... MY61: =+MY30*MY46 -> 0
B62: Cady's Falls | C62: MA Class II | D62: =+D31*D47 -> 0 | E62: =+E31*E47 -> 0 | F62: =+F31*F47 -> 0 | G62: =+G31*G47 -> 0 | H62: =+H31*H47 -> 0 | I62: =+I31*I47 -> 0 | J62: =+J31*J47 -> 0 | K62: =+K31*K47 -> 0 | ... MY62: =+MY31*MY47 -> 0
B63: Fitchburg | C63: MA Class I | D63: =+D32*D48 -> 0 | E63: =+E32*E48 -> 0 | F63: =+F32*F48 -> 0 | G63: =+G32*G48 -> 0 | H63: =+H32*H48 -> 0 | I63: =+I32*I48 -> 0 | J63: =+J32*J48 -> 0 | K63: =+K32*K48 -> 0 | ... MY63: =+MY32*MY48 -> 0
B64: Great Falls | C64: =+C68 -> MA Class I | D64: =+D33*D49 -> 0 | E64: =+E33*E49 -> 0 | F64: =+F33*F49 -> 0 | G64: =+G33*G49 -> 0 | H64: =+H33*H49 -> 0 | I64: =+I33*I49 -> 0 | J64: =+J33*J49 -> 0 | K64: =+K33*K49 -> 0 | ... MY64: =+MY33*MY49 -> 0
B65: Highgate Falls Unit #5 | C65: NH Class I | D65: =+D34*D50 -> 0 | E65: =+E34*E50 -> 0 | F65: =+F34*F50 -> 0 | G65: =+G34*G50 -> 0 | H65: =+H34*H50 -> 0 | I65: =+I34*I50 -> 0 | J65: =+J34*J50 -> 0 | K65: =+K34*K50 -> 0 | ... MY65: =+MY34*MY50 -> 0
B66: Lawrence Brook | C66: MA Class I | D66: =+D35*D51 -> 0 | E66: =+E35*E51 -> 0 | F66: =+F35*F51 -> 0 | G66: =+G35*G51 -> 0 | H66: =+H35*H51 -> 0 | I66: =+I35*I51 -> 0 | J66: =+J35*J51 -> 0 | K66: =+K35*K51 -> 0 | ... MY66: =+MY35*MY51 -> 0
B67: McNeil | C67: CT Class I | D67: =+D36*D52 -> 0 | E67: =+E36*E52 -> 0 | F67: =+F36*F52 -> 0 | G67: =+G36*G52 -> 0 | H67: =+H36*H52 -> 0 | I67: =+I36*I52 -> 0 | J67: =+J36*J52 -> 0 | K67: =+K36*K52 -> 0 | ... MY67: =+MY36*MY52 -> 0
B68: Off Shore Wind | C68: MA Class I | D68: =+D37*D53 -> 0 | E68: =+E37*E53 -> 0 | F68: =+F37*F53 -> 0 | G68: =+G37*G53 -> 0 | H68: =+H37*H53 -> 0 | I68: =+I37*I53 -> 0 | J68: =+J37*J53 -> 0 | K68: =+K37*K53 -> 0 | ... MY68: =+MY37*MY53 -> 0
B69: Ryegate | C69: CT Class I | D69: =+D38*D54 -> 0 | E69: =+E38*E54 -> 12.230939 | F69: =+F38*F54 -> 12.230939 | G69: =+G38*G54 -> 0 | H69: =+H38*H54 -> 12.230939 | I69: =+I38*I54 -> 12.230939 | J69: =+J38*J54 -> 0 | K69: =+K38*K54 -> 12.230939 | ... MY69: =+MY38*MY54 -> 0
B70: Standard Offer | C70: MA Class I | D70: =+D39*D55 -> 0 | E70: =+E39*E55 -> 0 | F70: =+F39*F55 -> 0 | G70: =+G39*G55 -> 0 | H70: =+H39*H55 -> 0 | I70: =+I39*I55 -> 0 | J70: =+J39*J55 -> 0 | K70: =+K39*K55 -> 0 | ... MY70: =+MY39*MY55 -> 0
B71: Total | D71: =+SUM(D59:D70) -> 0 | E71: =+SUM(E59:E70) -> 12.230939 | F71: =+SUM(F59:F70) -> 12.230939 | G71: =+SUM(G59:G70) -> 0 | H71: =+SUM(H59:H70) -> 12.230939 | I71: =+SUM(I59:I70) -> 12.230939 | J71: =+SUM(J59:J70) -> 0 | K71: =+SUM(K59:K70) -> 12.230939 | ... MY71: =+SUM(MY59:MY70) -> 0
A74: Forward Prices | B74: Fwd Sales Prices (Ave $/MWH) | C74: REC Class | D74: Source: REC Sales tab.
B75: Barton Hydro | C75: MA Class II | J75: =IFERROR(AVERAGEIFS(REC_Sales[[#All],[v_price]],REC_Sales[[#All],[v_unitID]],"Barton Hydro",REC_Sales[[#All],[v_vintage]],REC_SALES_FCST!J4),0) -> 19 | K75: =IFERROR(AVERAGEIFS(REC_Sales[[#All],[v_price]],REC_Sales[[#All],[v_unitID]],"Barton Hydro",REC_Sales[[#All],[v_vintage]],REC_SALES_FCST!K4),0) -> 19 | L75: =IFERROR(AVERAGEIFS(REC_Sales[[#All],[v_price]],REC_Sales[[#All],[v_unitID]],"Barton Hydro",REC_Sales[[#All],[v_vintage]],REC_SALES_FCST!L4),0) -> 19 | M75: =IFERROR(AVERAGEIFS(REC_Sales[[#All],[v_price]],REC_Sales[[#All],[v_unitID]],"Barton Hydro",REC_Sales[[#All],[v_vintage]],REC_SALES_FCST!M4),0) -> 19 | N75: =IFERROR(AVERAGEIFS(REC_Sales[[#All],[v_price]],REC_Sales[[#All],[v_unitID]],"Barton Hydro",REC_Sales[[#All],[v_vintage]],REC_SALES_FCST!N4),0) -> 19 | O75: =IFERROR(AVERAGEIFS(REC_Sales[[#All],[v_price]],REC_Sales[[#All],[v_unitID]],"Barton Hydro",REC_Sales[[#All],[v_vintage]],REC_SALES_FCST!O4),0) -> 19 | P75: =IFERROR(AVERAGEIFS(REC_Sales[[#All],[v_price]],REC_Sales[[#All],[v_unitID]],"Barton Hydro",REC_Sales[[#All],[v_vintage]],REC_SALES_FCST!P4),0) -> 0 | Q75: =IFERROR(AVERAGEIFS(REC_Sales[[#All],[v_price]],REC_Sales[[#All],[v_unitID]],"Barton Hydro",REC_Sales[[#All],[v_vintage]],REC_SALES_FCST!Q4),0) -> 0 | ... MY75: =IFERROR(AVERAGEIFS(REC_Sales[[#All],[v_price]],REC_Sales[[#All],[v_unitID]],"Barton Hydro",REC_Sales[[#All],[v_vintage]],REC_SALES_FCST!MY4),0) -> 0 | MZ75: x
B76: Billings Road | C76: MA Class I | MZ76: x
B77: Bone Hill | C77: MA Class I | MZ77: x
B78: Cady's Falls | C78: MA Class II | MZ78: x
B79: Fitchburg | C79: MA Class I | J79: =IFERROR(AVERAGEIFS(REC_Sales[[#All],[v_price]],REC_Sales[[#All],[v_unitID]],"Fitchburg Methane",REC_Sales[[#All],[v_vintage]],REC_SALES_FCST!J4),0) -> 38.25 | K79: =IFERROR(AVERAGEIFS(REC_Sales[[#All],[v_price]],REC_Sales[[#All],[v_unitID]],"Fitchburg Methane",REC_Sales[[#All],[v_vintage]],REC_SALES_FCST!K4),0) -> 38.25 | L79: =IFERROR(AVERAGEIFS(REC_Sales[[#All],[v_price]],REC_Sales[[#All],[v_unitID]],"Fitchburg Methane",REC_Sales[[#All],[v_vintage]],REC_SALES_FCST!L4),0) -> 38.25 | M79: =IFERROR(AVERAGEIFS(REC_Sales[[#All],[v_price]],REC_Sales[[#All],[v_unitID]],"Fitchburg Methane",REC_Sales[[#All],[v_vintage]],REC_SALES_FCST!M4),0) -> 38.25 | N79: =IFERROR(AVERAGEIFS(REC_Sales[[#All],[v_price]],REC_Sales[[#All],[v_unitID]],"Fitchburg Methane",REC_Sales[[#All],[v_vintage]],REC_SALES_FCST!N4),0) -> 38.25 | O79: =IFERROR(AVERAGEIFS(REC_Sales[[#All],[v_price]],REC_Sales[[#All],[v_unitID]],"Fitchburg Methane",REC_Sales[[#All],[v_vintage]],REC_SALES_FCST!O4),0) -> 38.25 | P79: =IFERROR(AVERAGEIFS(REC_Sales[[#All],[v_price]],REC_Sales[[#All],[v_unitID]],"Fitchburg Methane",REC_Sales[[#All],[v_vintage]],REC_SALES_FCST!P4),0) -> 34.25 | Q79: =IFERROR(AVERAGEIFS(REC_Sales[[#All],[v_price]],REC_Sales[[#All],[v_unitID]],"Fitchburg Methane",REC_Sales[[#All],[v_vintage]],REC_SALES_FCST!Q4),0) -> 34.25 | ... MY79: =IFERROR(AVERAGEIFS(REC_Sales[[#All],[v_price]],REC_Sales[[#All],[v_unitID]],"Fitchburg Methane",REC_Sales[[#All],[v_vintage]],REC_SALES_FCST!MY4),0) -> 0 | MZ79: x
B80: Great Falls | C80: =+C84 -> MA Class I | MZ80: x
B81: Highgate Falls Unit #5 | C81: NH Class I | J81: =IFERROR(AVERAGEIFS(REC_Sales[[#All],[v_price]],REC_Sales[[#All],[v_unitID]],"Highgate Hydro #5",REC_Sales[[#All],[v_vintage]],REC_SALES_FCST!J6),"") | K81: =IFERROR(AVERAGEIFS(REC_Sales[[#All],[v_price]],REC_Sales[[#All],[v_unitID]],"Highgate Hydro #5",REC_Sales[[#All],[v_vintage]],REC_SALES_FCST!K6),"") | L81: =IFERROR(AVERAGEIFS(REC_Sales[[#All],[v_price]],REC_Sales[[#All],[v_unitID]],"Highgate Hydro #5",REC_Sales[[#All],[v_vintage]],REC_SALES_FCST!L6),"") | M81: =IFERROR(AVERAGEIFS(REC_Sales[[#All],[v_price]],REC_Sales[[#All],[v_unitID]],"Highgate Hydro #5",REC_Sales[[#All],[v_vintage]],REC_SALES_FCST!M6),"") | N81: =IFERROR(AVERAGEIFS(REC_Sales[[#All],[v_price]],REC_Sales[[#All],[v_unitID]],"Highgate Hydro #5",REC_Sales[[#All],[v_vintage]],REC_SALES_FCST!N6),"") | O81: =IFERROR(AVERAGEIFS(REC_Sales[[#All],[v_price]],REC_Sales[[#All],[v_unitID]],"Highgate Hydro #5",REC_Sales[[#All],[v_vintage]],REC_SALES_FCST!O6),"") | P81: =IFERROR(AVERAGEIFS(REC_Sales[[#All],[v_price]],REC_Sales[[#All],[v_unitID]],"Highgate Hydro #5",REC_Sales[[#All],[v_vintage]],REC_SALES_FCST!P6),"") | Q81: =IFERROR(AVERAGEIFS(REC_Sales[[#All],[v_price]],REC_Sales[[#All],[v_unitID]],"Highgate Hydro #5",REC_Sales[[#All],[v_vintage]],REC_SALES_FCST!Q6),"") | ... MY81: =IFERROR(AVERAGEIFS(REC_Sales[[#All],[v_price]],REC_Sales[[#All],[v_unitID]],"Highgate Hydro #5",REC_Sales[[#All],[v_vintage]],REC_SALES_FCST!MY6),"") | MZ81: x
B82: Lawrence Brook | C82: MA Class I | MZ82: x
B83: McNeil | C83: CT Class I | J83: =IFERROR(AVERAGEIFS(REC_Sales[[#All],[v_price]],REC_Sales[[#All],[v_unitID]],"McNeil Wood",REC_Sales[[#All],[v_vintage]],REC_SALES_FCST!J4),0) -> 36.583333 | K83: =IFERROR(AVERAGEIFS(REC_Sales[[#All],[v_price]],REC_Sales[[#All],[v_unitID]],"McNeil Wood",REC_Sales[[#All],[v_vintage]],REC_SALES_FCST!K4),0) -> 36.583333 | L83: =IFERROR(AVERAGEIFS(REC_Sales[[#All],[v_price]],REC_Sales[[#All],[v_unitID]],"McNeil Wood",REC_Sales[[#All],[v_vintage]],REC_SALES_FCST!L4),0) -> 36.583333 | M83: =IFERROR(AVERAGEIFS(REC_Sales[[#All],[v_price]],REC_Sales[[#All],[v_unitID]],"McNeil Wood",REC_Sales[[#All],[v_vintage]],REC_SALES_FCST!M4),0) -> 36.583333 | N83: =IFERROR(AVERAGEIFS(REC_Sales[[#All],[v_price]],REC_Sales[[#All],[v_unitID]],"McNeil Wood",REC_Sales[[#All],[v_vintage]],REC_SALES_FCST!N4),0) -> 36.583333 | O83: =IFERROR(AVERAGEIFS(REC_Sales[[#All],[v_price]],REC_Sales[[#All],[v_unitID]],"McNeil Wood",REC_Sales[[#All],[v_vintage]],REC_SALES_FCST!O4),0) -> 36.583333 | P83: =IFERROR(AVERAGEIFS(REC_Sales[[#All],[v_price]],REC_Sales[[#All],[v_unitID]],"McNeil Wood",REC_Sales[[#All],[v_vintage]],REC_SALES_FCST!P4),0) -> 33.25 | Q83: =IFERROR(AVERAGEIFS(REC_Sales[[#All],[v_price]],REC_Sales[[#All],[v_unitID]],"McNeil Wood",REC_Sales[[#All],[v_vintage]],REC_SALES_FCST!Q4),0) -> 33.25 | ... MY83: =IFERROR(AVERAGEIFS(REC_Sales[[#All],[v_price]],REC_Sales[[#All],[v_unitID]],"McNeil Wood",REC_Sales[[#All],[v_vintage]],REC_SALES_FCST!MY4),0) -> 0 | MZ83: x
B84: Off Shore Wind | C84: MA Class I | MZ84: x
B85: Ryegate | C85: CT Class I | J85: =IFERROR(AVERAGEIFS(REC_Sales[[#All],[v_price]],REC_Sales[[#All],[v_unitID]],"Ryegate Wood",REC_Sales[[#All],[v_vintage]],REC_SALES_FCST!J4),0) -> 36.125 | K85: =IFERROR(AVERAGEIFS(REC_Sales[[#All],[v_price]],REC_Sales[[#All],[v_unitID]],"Ryegate Wood",REC_Sales[[#All],[v_vintage]],REC_SALES_FCST!K4),0) -> 36.125 | L85: =IFERROR(AVERAGEIFS(REC_Sales[[#All],[v_price]],REC_Sales[[#All],[v_unitID]],"Ryegate Wood",REC_Sales[[#All],[v_vintage]],REC_SALES_FCST!L4),0) -> 36.125 | M85: =IFERROR(AVERAGEIFS(REC_Sales[[#All],[v_price]],REC_Sales[[#All],[v_unitID]],"Ryegate Wood",REC_Sales[[#All],[v_vintage]],REC_SALES_FCST!M4),0) -> 36.125 | N85: =IFERROR(AVERAGEIFS(REC_Sales[[#All],[v_price]],REC_Sales[[#All],[v_unitID]],"Ryegate Wood",REC_Sales[[#All],[v_vintage]],REC_SALES_FCST!N4),0) -> 36.125 | O85: =IFERROR(AVERAGEIFS(REC_Sales[[#All],[v_price]],REC_Sales[[#All],[v_unitID]],"Ryegate Wood",REC_Sales[[#All],[v_vintage]],REC_SALES_FCST!O4),0) -> 36.125 | P85: =IFERROR(AVERAGEIFS(REC_Sales[[#All],[v_price]],REC_Sales[[#All],[v_unitID]],"Ryegate Wood",REC_Sales[[#All],[v_vintage]],REC_SALES_FCST!P4),0) -> 0 | Q85: =IFERROR(AVERAGEIFS(REC_Sales[[#All],[v_price]],REC_Sales[[#All],[v_unitID]],"Ryegate Wood",REC_Sales[[#All],[v_vintage]],REC_SALES_FCST!Q4),0) -> 0 | ... MY85: =IFERROR(AVERAGEIFS(REC_Sales[[#All],[v_price]],REC_Sales[[#All],[v_unitID]],"Ryegate Wood",REC_Sales[[#All],[v_vintage]],REC_SALES_FCST!MY4),0) -> 0 | MZ85: x
B86: Standard Offer | C86: MA Class I | MZ86: x
A89: Forward Prices from GT Environmental | B89: Fcst Sales (Spot) Prices ($/MWH) | C89: REC Class | D89: Source: Index Match
